Workbook

Sheet Listagem de Serviços
A1: ANEXO V – PLANILHA DE SERVIÇOS E PREÇOS UNITÁRIOS
A2: Processo nº AGSUS.024557/2026-83. Serviços e unidades do Quadro VI; regras de medição, peso taxado e cubagem no item 8 do TR.
A3: Proponente / CNPJ
A4: Data e validade da proposta
A5: Armazenagem – altura máxima de carga por posição-palete em metros (m), base 1,00 m × 1,20 m
A6: Armazenagem – peso máximo por posição-palete (kg)
A7: Destinos com rota atendida (mínimo de 70% – item 9.5 do TR) | D7: =(COUNTIF('Tipos de Entrega'!$C$4:$C$594,"ROTA REGULAR")+COUNTIF('Tipos de Entrega'!$C$4:$C$594,"ROTA ESPECIAL"))&" de "&COUNTA('Tipos de Entrega'!$A$4:$A$594)&" destinos ("&ROUND(100*(COUNTIF('Tipos de Entrega'!$C$4:$C$594,"ROTA REGULAR")+COUNTIF('Tipos de Entrega'!$C$4:$C$594,"ROTA ESPECIAL"))/COUNTA('Tipos de Entrega'!$A$4:$A$594),1)&"%)"&IF((COUNTIF('Tipos de Entrega'!$C$4:$C$594,"ROTA REGULAR")+COUNTIF('Tipos de Entrega'!$C$4:$C$594,"ROTA ESPECIAL"))/COUNTA('Tipos de Entrega'!$A$4:$A$594)>=0.7," – atende ao mínimo"," – abaixo do mínimo de 70%") -> 0 de 591 destinos (0%) – abaixo do mínimo de 70%
A8: Quantidade de destinos com rotas Não Atendidas | D8: =COUNTIF('Tipos de Entrega'!$C$4:$C$594,"NÃO POSSUI ROTA") -> 0
A9: Amarelo: preenchimento pela proponente
A10: Item | B10: Código | C10: Serviço | D10: Unidade de medida | E10: Origem → destino | F10: Quantidade estimada (por ciclo de 6 meses) | G10: Preço unitário (R$) | H10: Preço estimado (por ciclo de 6 meses) | I10: Preço total estimado (24 meses)
A11: 1 | B11: 01.01 | C11: Armazenagem | D11: posição-palete × dia | E11: Centros de distribuição | F11: =ROUNDUP(1017960/(1*1.2*$D$5*1000),0) -> #DIV/0! | H11: =F11*G11*180 -> #DIV/0! | I11: =H11*4 -> #DIV/0!
A12: 2 | B12: 02.01 | C12: Movimentação de entrada (recebimento e endereçamento) | D12: unidade de material recebida | E12: — | F12: 524250 | H12: =F12*G12 -> 0 | I12: =H12*4 -> 0
A13: 3 | B13: 03.01 | C13: Separação e expedição | D13: remessa expedida | E13: — | F13: 18129 | H13: =F13*G13 -> 0 | I13: =H13*4 -> 0
A14: 4 | B14: 04.01 | C14: Montagem de kits | D14: kit montado | E14: — | F14: 18129 | H14: =F14*G14 -> 0 | I14: =H14*4 -> 0
A15: 5 | B15: 05.01 | C15: Transferência entre centros de distribuição | D15: kg de peso taxado | E15: CD 1 – Manaus/AM ↔ CD 2 – Recife/PE | F15: =SUM('Tipos de Entrega'!$I$4:$I$594)*5%/6 -> 2536.9874 | H15: =F15*G15 -> 0 | I15: =H15*4 -> 0
A16: 5 | B16: 05.02 | C16: Transferência entre centros de distribuição | D16: kg de peso taxado | E16: CD 1 – Manaus/AM ↔ CD 3 – Campo Grande/MS | F16: =SUM('Tipos de Entrega'!$I$4:$I$594)*5%/6 -> 2536.9874 | H16: =F16*G16 -> 0 | I16: =H16*4 -> 0
A17: 5 | B17: 05.03 | C17: Transferência entre centros de distribuição | D17: kg de peso taxado | E17: CD 1 – Manaus/AM ↔ CD 4 – Curitiba/PR | F17: =SUM('Tipos de Entrega'!$I$4:$I$594)*5%/6 -> 2536.9874 | H17: =F17*G17 -> 0 | I17: =H17*4 -> 0
A18: 5 | B18: 05.04 | C18: Transferência entre centros de distribuição | D18: kg de peso taxado | E18: CD 2 – Recife/PE ↔ CD 3 – Campo Grande/MS | F18: =SUM('Tipos de Entrega'!$I$4:$I$594)*5%/6 -> 2536.9874 | H18: =F18*G18 -> 0 | I18: =H18*4 -> 0
A19: 5 | B19: 05.05 | C19: Transferência entre centros de distribuição | D19: kg de peso taxado | E19: CD 2 – Recife/PE ↔ CD 4 – Curitiba/PR | F19: =SUM('Tipos de Entrega'!$I$4:$I$594)*5%/6 -> 2536.9874 | H19: =F19*G19 -> 0 | I19: =H19*4 -> 0
A20: 5 | B20: 05.06 | C20: Transferência entre centros de distribuição | D20: kg de peso taxado | E20: CD 3 – Campo Grande/MS ↔ CD 4 – Curitiba/PR | F20: =SUM('Tipos de Entrega'!$I$4:$I$594)*5%/6 -> 2536.9874 | H20: =F20*G20 -> 0 | I20: =H20*4 -> 0
A21: 6 | B21: 06.01 | C21: Distribuição e entrega – modal rodoviário | D21: kg de peso taxado | E21: CD 1 – Manaus/AM → destinos de acesso regular terrestre em AC | F21: =SUMIFS('Tipos de Entrega'!$I$4:$I$594,'Tipos de Entrega'!$A$4:$A$594,RIGHT(TRIM(E21),2),'Tipos de Entrega'!$C$4:$C$594,"ROTA REGULAR") -> 0 | H21: =F21*G21 -> 0 | I21: =H21*4 -> 0
A22: 6 | B22: 06.02 | C22: Distribuição e entrega – modal rodoviário | D22: kg de peso taxado | E22: CD 1 – Manaus/AM → destinos de acesso regular terrestre em AM | F22: =SUMIFS('Tipos de Entrega'!$I$4:$I$594,'Tipos de Entrega'!$A$4:$A$594,RIGHT(TRIM(E22),2),'Tipos de Entrega'!$C$4:$C$594,"ROTA REGULAR") -> 0 | H22: =F22*G22 -> 0 | I22: =H22*4 -> 0
A23: 6 | B23: 06.03 | C23: Distribuição e entrega – modal rodoviário | D23: kg de peso taxado | E23: CD 1 – Manaus/AM → destinos de acesso regular terrestre em AP | F23: =SUMIFS('Tipos de Entrega'!$I$4:$I$594,'Tipos de Entrega'!$A$4:$A$594,RIGHT(TRIM(E23),2),'Tipos de Entrega'!$C$4:$C$594,"ROTA REGULAR") -> 0 | H23: =F23*G23 -> 0 | I23: =H23*4 -> 0
A24: 6 | B24: 06.04 | C24: Distribuição e entrega – modal rodoviário | D24: kg de peso taxado | E24: CD 1 – Manaus/AM → destinos de acesso regular terrestre em PA | F24: =SUMIFS('Tipos de Entrega'!$I$4:$I$594,'Tipos de Entrega'!$A$4:$A$594,RIGHT(TRIM(E24),2),'Tipos de Entrega'!$C$4:$C$594,"ROTA REGULAR") -> 0 | H24: =F24*G24 -> 0 | I24: =H24*4 -> 0
A25: 6 | B25: 06.05 | C25: Distribuição e entrega – modal rodoviário | D25: kg de peso taxado | E25: CD 1 – Manaus/AM → destinos de acesso regular terrestre em RO | F25: =SUMIFS('Tipos de Entrega'!$I$4:$I$594,'Tipos de Entrega'!$A$4:$A$594,RIGHT(TRIM(E25),2),'Tipos de Entrega'!$C$4:$C$594,"ROTA REGULAR") -> 0 | H25: =F25*G25 -> 0 | I25: =H25*4 -> 0
A26: 6 | B26: 06.06 | C26: Distribuição e entrega – modal rodoviário | D26: kg de peso taxado | E26: CD 1 – Manaus/AM → destinos de acesso regular terrestre em RR | F26: =SUMIFS('Tipos de Entrega'!$I$4:$I$594,'Tipos de Entrega'!$A$4:$A$594,RIGHT(TRIM(E26),2),'Tipos de Entrega'!$C$4:$C$594,"ROTA REGULAR") -> 0 | H26: =F26*G26 -> 0 | I26: =H26*4 -> 0
A27: 6 | B27: 06.07 | C27: Distribuição e entrega – modal rodoviário | D27: kg de peso taxado | E27: CD 1 – Manaus/AM → destinos de acesso regular terrestre em TO | F27: =SUMIFS('Tipos de Entrega'!$I$4:$I$594,'Tipos de Entrega'!$A$4:$A$594,RIGHT(TRIM(E27),2),'Tipos de Entrega'!$C$4:$C$594,"ROTA REGULAR") -> 0 | H27: =F27*G27 -> 0 | I27: =H27*4 -> 0
A28: 6 | B28: 06.08 | C28: Distribuição e entrega – modal rodoviário | D28: kg de peso taxado | E28: CD 2 – Recife/PE → destinos de acesso regular terrestre em AL | F28: =SUMIFS('Tipos de Entrega'!$I$4:$I$594,'Tipos de Entrega'!$A$4:$A$594,RIGHT(TRIM(E28),2),'Tipos de Entrega'!$C$4:$C$594,"ROTA REGULAR") -> 0 | H28: =F28*G28 -> 0 | I28: =H28*4 -> 0
A29: 6 | B29: 06.09 | C29: Distribuição e entrega – modal rodoviário | D29: kg de peso taxado | E29: CD 2 – Recife/PE → destinos de acesso regular terrestre em BA | F29: =SUMIFS('Tipos de Entrega'!$I$4:$I$594,'Tipos de Entrega'!$A$4:$A$594,RIGHT(TRIM(E29),2),'Tipos de Entrega'!$C$4:$C$594,"ROTA REGULAR") -> 0 | H29: =F29*G29 -> 0 | I29: =H29*4 -> 0
A30: 6 | B30: 06.10 | C30: Distribuição e entrega – modal rodoviário | D30: kg de peso taxado | E30: CD 2 – Recife/PE → destinos de acesso regular terrestre em CE | F30: =SUMIFS('Tipos de Entrega'!$I$4:$I$594,'Tipos de Entrega'!$A$4:$A$594,RIGHT(TRIM(E30),2),'Tipos de Entrega'!$C$4:$C$594,"ROTA REGULAR") -> 0 | H30: =F30*G30 -> 0 | I30: =H30*4 -> 0
A31: 6 | B31: 06.11 | C31: Distribuição e entrega – modal rodoviário | D31: kg de peso taxado | E31: CD 2 – Recife/PE → destinos de acesso regular terrestre em MA | F31: =SUMIFS('Tipos de Entrega'!$I$4:$I$594,'Tipos de Entrega'!$A$4:$A$594,RIGHT(TRIM(E31),2),'Tipos de Entrega'!$C$4:$C$594,"ROTA REGULAR") -> 0 | H31: =F31*G31 -> 0 | I31: =H31*4 -> 0
A32: 6 | B32: 06.12 | C32: Distribuição e entrega – modal rodoviário | D32: kg de peso taxado | E32: CD 2 – Recife/PE → destinos de acesso regular terrestre em PB | F32: =SUMIFS('Tipos de Entrega'!$I$4:$I$594,'Tipos de Entrega'!$A$4:$A$594,RIGHT(TRIM(E32),2),'Tipos de Entrega'!$C$4:$C$594,"ROTA REGULAR") -> 0 | H32: =F32*G32 -> 0 | I32: =H32*4 -> 0
... A47: 6 | B47: 06.27 | C47: Distribuição e entrega – modal rodoviário | D47: kg de peso taxado | E47: CD 4 – Curitiba/PR → destinos de acesso regular terrestre em SP | F47: =SUMIFS('Tipos de Entrega'!$I$4:$I$594,'Tipos de Entrega'!$A$4:$A$594,RIGHT(TRIM(E47),2),'Tipos de Entrega'!$C$4:$C$594,"ROTA REGULAR") -> 0 | H47: =F47*G47 -> 0 | I47: =H47*4 -> 0
A48: 7 | B48: 07.01 | C48: Entrega em destino de acesso especial, sem rota terrestre regular (qualquer modal) | D48: entrega realizada por rota, por destino | E48: Destinos de acesso especial do Anexo III, um preço por destino – ver aba “Tipos de Entrega” – O total será baseado na soma dos preços dos destinos especiais alcançados pelo operador logístico. | F48: =COUNTIF('Tipos de Entrega'!$C:$C,"ROTA ESPECIAL") -> 0 | G48: =SUMIF('Tipos de Entrega'!$C:$C,"ROTA ESPECIAL",'Tipos de Entrega'!$D:$D) -> 0 | H48: =G48 -> 0 | I48: =H48*4 -> 0
A49: 8 | B49: 08.01 | C49: Logística reversa | D49: kg de peso taxado | E49: Origem e destino indicados na RTC | F49: =(SUMIFS('Tipos de Entrega'!$I$4:$I$594,'Tipos de Entrega'!$S$4:$S$594,"Terrestre")+SUMIFS('Tipos de Entrega'!$F$4:$F$594,'Tipos de Entrega'!$S$4:$S$594,"<>Terrestre")/1000)*5% -> 13339.462 | H49: =F49*G49 -> 0 | I49: =H49*4 -> 0
A50: 9 | B50: 09.01 | C50: Coleta em origem indicada pela AgSUS | D50: Coleta efetivamente realizada | E50: Endereço de coleta em rota de acesso regular | F50: - | H50: =F50 -> - | I50: -
A51: 10 | B51: 10.01 | C51: Remessa porta-a-porta – modal rodoviário | D51: quilômetro (VG = VQ × QE) | E51: Endereços de origem e destino indicados na RTC | F51: 20000 | H51: =F51*G51 -> 0 | I51: =H51*4 -> 0
A52: 11 | B52: 11.01 | C52: Remessa porta-a-porta – modais aéreo, fluvial ou combinado | D52: metro cúbico (VG = VM³ × ME) | E52: Endereços de origem e destino indicados na RTC | F52: 1000 | H52: =F52*G52 -> 0 | I52: =H52*4 -> 0
A53: VALOR GLOBAL DA PROPOSTA (24 MESES) | I53: =SUM(I11:I52) -> #DIV/0!
A54: 1. Os preços incluem todos os custos da execução, inclusive veículos, aeronaves e embarcações, vedada cobrança adicional por fretamento ou hora de voo (itens 8.1.9 e 15.4 do TR). Todas as linhas devem ser cotadas.
A55: 2. Item 7: o preço remunera todo o percurso do centro de distribuição ao destino, qualquer que seja o modal ou a combinação de modais;
A56: 3. Itens 10 e 11: VG = VQ × QE no modal rodoviário (VQ = preço do quilômetro; QE = distância rodoviária entre origem e destino) e VG = VM³ × ME nos modais aéreo, fluvial ou combinado (VM³ = preço do metro cúbico; ME = volume externo da remessa, aferido na forma do item 8.1.5 do TR).
A57: 4. Item 1: a altura máxima e o peso máximo por posição-palete devem ser informados no cabeçalho.

Sheet Tipos de Entrega
A1: TIPOS DE ENTREGA: REGULAR, ESPECIAL E SEM ROTA
A2: Amarelo: preenchimento pela proponente Origem no CD indicado, qualquer que seja o modal. Na coluna “TIPO DE ENTREGA” Marque “ROTA REGULAR” caso a entrega no endereço seja feita em rota padrão usual do operador logístico; Marque “ROTA ESPECIAL” se necessitar de rota customizada para realizar a entrega; Marque “NÃO POSSUI ROTA” se não houver meios para alcançar o localização de destino. A seguir, informe na coluna ”VALOR DA ROTA ESPECIAL” o valor proposto para entrega da quantidade apontada de kits para 1 ciclo de entrega de materiais. Preencher o tipo de entrega como ROTA REGULAR ou ROTA ESPECIAL somente para os destinos que se compromete a atender, caso contrário preencher “NÃO POSSUI ROTA”.
A3: UF | B3: CD DE ORIGEM | C3: TIPO DE ENTREGA | D3: PREÇO DA ENTREGA NA ROTA (R$) (PREENCHER SOMENTE PARA ROTA ESPECIAL) | E3: QUANTIDADE ESTIMADA POR CICLO (6 MESES) | F3: PESO ESTIMADO (KG) POR CICLO (6 MESES) | G3: MUNICIPIO_IBGE | H3: VOLUME ESTIMADO (L) POR CICLO (6 MESES) | I3: Peso Taxado Estimado (6 MESES) | J3: DSEI | K3: TIPO_DE_ESTABELECIMENTO | L3: SUBTIPO DE ESTABELECIMENTO | M3: NOME DO LOCAL | N3: NOME_DA_ESTRUTURA_CNES | O3: CNES | P3: GEOLOCALIZAÇÃO | Q3: LATITUDE | R3: LONGITUDE | S3: TIPO_DE_ACESSO | T3: ENDEREÇO | U3: CEP | V3: GOOGLE MAPS
A4: AC | B4: =IF(OR(A4="AC",A4="AM",A4="AP",A4="PA",A4="RO",A4="RR",A4="TO"),"Manaus/AM",IF(OR(A4="AL",A4="BA",A4="CE",A4="MA",A4="PB",A4="PE",A4="PI",A4="RN",A4="SE"),"Recife/PE",IF(OR(A4="MT",A4="MS",A4="GO",A4="DF"),"Campo Grande/MS",IF(OR(A4="SC",A4="PR",A4="RS",A4="MG",A4="ES",A4="SP",A4="RJ"),"Curitiba/PR","VERIFICAR UF")))) -> Manaus/AM | E4: =IFERROR(INDEX('ANEXO IV - Kits por Polo'!$F$2:$F$615,MATCH($M4&"|"&$K4&"|"&$A4&"|"&$J4,'ANEXO IV - Kits por Polo'!$I$2:$I$615,0)),0) -> 58 | F4: =IFERROR(INDEX('ANEXO IV - Kits por Polo'!$G$2:$G$615,MATCH($M4&"|"&$K4&"|"&$A4&"|"&$J4,'ANEXO IV - Kits por Polo'!$I$2:$I$615,0)),0) -> 528833 | G4: CRUZEIRO DO SUL | H4: =IFERROR(INDEX('ANEXO IV - Kits por Polo'!$H$2:$H$615,MATCH($M4&"|"&$K4&"|"&$A4&"|"&$J4,'ANEXO IV - Kits por Polo'!$I$2:$I$615,0)),0) -> 3010.8 | I4: =MAX(F4/1000,H4*0.3) -> 903.24 | J4: ALTO RIO JURUÁ | K4: DSEI | L4: SEDE | M4: CRUZEIRO DO SUL | N4: DISTRITO SANITARIO ESPECIAL INDIGENA ALTO RIO JURUA | O4: 7036302 | P4: -7.613041492721963, -72.6833008044458 | Q4: -7.6130415 | R4: -72.683301 | S4: Terrestre | T4: RUA DO FORMOSO, Nº 225, BAIRRO FORMOSO - CRUZEIRO DO SUL - AC | U4: 69980000 | V4: https://www.google.com/maps/place/DSEI+Alto+Rio+Juru%C3%A1/@-7.6133127,-72.6853822,17z/data=!4m14!1m7!3m6!1s0x9199cd6165e0bbf7:0x876a9f82997b719!2sDSEI+Alto+Rio+Juru%C3%A1!8m2!3d-7.6133171!4d-72.6832377!16s%2Fg%2F11n0kh24jh!3m5!1s0x9199cd6165e0bbf7:0x876a9f82997b719!8m2!3d-7.6133171!4d-72.6832377!16s%2Fg%2F11n0kh24jh?entry=ttu&g_ep=EgoyMDI2MDgwMy4wIKXMDSoASAFQAw%3D%3D
A5: AC | B5: =IF(OR(A5="AC",A5="AM",A5="AP",A5="PA",A5="RO",A5="RR",A5="TO"),"Manaus/AM",IF(OR(A5="AL",A5="BA",A5="CE",A5="MA",A5="PB",A5="PE",A5="PI",A5="RN",A5="SE"),"Recife/PE",IF(OR(A5="MT",A5="MS",A5="GO",A5="DF"),"Campo Grande/MS",IF(OR(A5="SC",A5="PR",A5="RS",A5="MG",A5="ES",A5="SP",A5="RJ"),"Curitiba/PR","VERIFICAR UF")))) -> Manaus/AM | E5: =IFERROR(INDEX('ANEXO IV - Kits por Polo'!$F$2:$F$615,MATCH($M5&"|"&$K5&"|"&$A5&"|"&$J5,'ANEXO IV - Kits por Polo'!$I$2:$I$615,0)),0) -> 37 | F5: =IFERROR(INDEX('ANEXO IV - Kits por Polo'!$G$2:$G$615,MATCH($M5&"|"&$K5&"|"&$A5&"|"&$J5,'ANEXO IV - Kits por Polo'!$I$2:$I$615,0)),0) -> 388100 | G5: CRUZEIRO DO SUL | H5: =IFERROR(INDEX('ANEXO IV - Kits por Polo'!$H$2:$H$615,MATCH($M5&"|"&$K5&"|"&$A5&"|"&$J5,'ANEXO IV - Kits por Polo'!$I$2:$I$615,0)),0) -> 2171.13 | I5: =MAX(F5/1000,H5*0.3) -> 651.339 | J5: ALTO RIO JURUÁ | K5: POLO BASE | L5: TIPO I | M5: CRUZEIRO DO SUL | N5: POLO BASE DE CRUZEIRO DO SUL | O5: 6917682 | P5: -7.772897261884028, -72.20119711623123 | Q5: -7.7728973 | R5: -72.201197 | S5: Terrestre | T5: BR 364 KM 74, TERRA INDIGENA CAMPINAS , ALDEIA KATUKINA - CRUZEIRO DO SUL - AC | U5: 69980000 | V5: https://www.google.com/maps/place/7%C2%B046'22.5%22S+72%C2%B012'04.2%22W/@-7.7729118,-72.2018094,255m/data=!3m2!1e3!4b1!4m4!3m3!8m2!3d-7.7729131!4d-72.2011657?hl=pt-BR&entry=ttu&g_ep=EgoyMDI2MDgxMC4wIKXMDSoASAFQAw%3D%3D
A6: AC | B6: =IF(OR(A6="AC",A6="AM",A6="AP",A6="PA",A6="RO",A6="RR",A6="TO"),"Manaus/AM",IF(OR(A6="AL",A6="BA",A6="CE",A6="MA",A6="PB",A6="PE",A6="PI",A6="RN",A6="SE"),"Recife/PE",IF(OR(A6="MT",A6="MS",A6="GO",A6="DF"),"Campo Grande/MS",IF(OR(A6="SC",A6="PR",A6="RS",A6="MG",A6="ES",A6="SP",A6="RJ"),"Curitiba/PR","VERIFICAR UF")))) -> Manaus/AM | E6: =IFERROR(INDEX('ANEXO IV - Kits por Polo'!$F$2:$F$615,MATCH($M6&"|"&$K6&"|"&$A6&"|"&$J6,'ANEXO IV - Kits por Polo'!$I$2:$I$615,0)),0) -> 87 | F6: =IFERROR(INDEX('ANEXO IV - Kits por Polo'!$G$2:$G$615,MATCH($M6&"|"&$K6&"|"&$A6&"|"&$J6,'ANEXO IV - Kits por Polo'!$I$2:$I$615,0)),0) -> 961652 | G6: FEIJÓ | H6: =IFERROR(INDEX('ANEXO IV - Kits por Polo'!$H$2:$H$615,MATCH($M6&"|"&$K6&"|"&$A6&"|"&$J6,'ANEXO IV - Kits por Polo'!$I$2:$I$615,0)),0) -> 5348.07 | I6: =MAX(F6/1000,H6*0.3) -> 1604.421 | J6: ALTO RIO JURUÁ | K6: POLO BASE | L6: TIPO II | M6: FEIJÓ | N6: POLO BASE DE FEIJO | O6: 6748759 | P6: -8.163549545631588, -70.35163036155558 | Q6: -8.1635495 | R6: -70.35163 | S6: Terrestre | T6: RUA 1º DE JANEIRO, Nº 71, BAIRRO SEGUNDO DISTRITO - FEIJÓ - AC | U6: 69960000 | V6: https://www.google.com/maps/place/8%C2%B009'48.8%22S+70%C2%B021'05.9%22W/@-8.1636288,-70.3518458,135m/data=!3m1!1e3!4m4!3m3!8m2!3d-8.1635572!4d-70.3516313?hl=pt-BR&entry=ttu&g_ep=EgoyMDI2MDgxNi4wIKXMDSoASAFQAw%3D%3D
A7: AC | B7: =IF(OR(A7="AC",A7="AM",A7="AP",A7="PA",A7="RO",A7="RR",A7="TO"),"Manaus/AM",IF(OR(A7="AL",A7="BA",A7="CE",A7="MA",A7="PB",A7="PE",A7="PI",A7="RN",A7="SE"),"Recife/PE",IF(OR(A7="MT",A7="MS",A7="GO",A7="DF"),"Campo Grande/MS",IF(OR(A7="SC",A7="PR",A7="RS",A7="MG",A7="ES",A7="SP",A7="RJ"),"Curitiba/PR","VERIFICAR UF")))) -> Manaus/AM | E7: =IFERROR(INDEX('ANEXO IV - Kits por Polo'!$F$2:$F$615,MATCH($M7&"|"&$K7&"|"&$A7&"|"&$J7,'ANEXO IV - Kits por Polo'!$I$2:$I$615,0)),0) -> 42 | F7: =IFERROR(INDEX('ANEXO IV - Kits por Polo'!$G$2:$G$615,MATCH($M7&"|"&$K7&"|"&$A7&"|"&$J7,'ANEXO IV - Kits por Polo'!$I$2:$I$615,0)),0) -> 458515 | G7: JORDÃO | H7: =IFERROR(INDEX('ANEXO IV - Kits por Polo'!$H$2:$H$615,MATCH($M7&"|"&$K7&"|"&$A7&"|"&$J7,'ANEXO IV - Kits por Polo'!$I$2:$I$615,0)),0) -> 2553.46 | I7: =MAX(F7/1000,H7*0.3) -> 766.038 | J7: ALTO RIO JURUÁ | K7: POLO BASE | L7: TIPO II | M7: JORDÃO | N7: POLO BASE INDIGENA JORDAO | O7: 6430201 | P7: -9.191054092164519, -71.94791629719262 | Q7: -9.1910541 | R7: -71.947916 | S7: Terrestre + Aéreo | T7: RUA HILMAR GALVÃO, Nº S/N, BAIRRO CENTRO - JORDÃO - AC | U7: 69975000 | V7: https://www.google.com/maps/place/9%C2%B011'27.8%22S+71%C2%B056'52.5%22W/@-9.1910614,-71.9479834,67m/data=!3m1!1e3!4m4!3m3!8m2!3d-9.191062!4d-71.947917!18m1!1e1?entry=ttu&g_ep=EgoyMDI2MDgxMS4wIKXMDSoASAFQAw%3D%3D
A8: AC | B8: =IF(OR(A8="AC",A8="AM",A8="AP",A8="PA",A8="RO",A8="RR",A8="TO"),"Manaus/AM",IF(OR(A8="AL",A8="BA",A8="CE",A8="MA",A8="PB",A8="PE",A8="PI",A8="RN",A8="SE"),"Recife/PE",IF(OR(A8="MT",A8="MS",A8="GO",A8="DF"),"Campo Grande/MS",IF(OR(A8="SC",A8="PR",A8="RS",A8="MG",A8="ES",A8="SP",A8="RJ"),"Curitiba/PR","VERIFICAR UF")))) -> Manaus/AM | E8: =IFERROR(INDEX('ANEXO IV - Kits por Polo'!$F$2:$F$615,MATCH($M8&"|"&$K8&"|"&$A8&"|"&$J8,'ANEXO IV - Kits por Polo'!$I$2:$I$615,0)),0) -> 48 | F8: =IFERROR(INDEX('ANEXO IV - Kits por Polo'!$G$2:$G$615,MATCH($M8&"|"&$K8&"|"&$A8&"|"&$J8,'ANEXO IV - Kits por Polo'!$I$2:$I$615,0)),0) -> 535889 | G8: MARECHAL THAUMATURGO | H8: =IFERROR(INDEX('ANEXO IV - Kits por Polo'!$H$2:$H$615,MATCH($M8&"|"&$K8&"|"&$A8&"|"&$J8,'ANEXO IV - Kits por Polo'!$I$2:$I$615,0)),0) -> 2977 | I8: =MAX(F8/1000,H8*0.3) -> 893.1 | J8: ALTO RIO JURUÁ | K8: POLO BASE | L8: TIPO II | M8: MARECHAL THAUMATURGO | N8: POLO BASE DE MARECHAL THAUMATURGO | O8: 7625855 | P8: -8.945972329745118, -72.78800023699553 | Q8: -8.9459723 | R8: -72.788 | S8: Terrestre + Fluvial ou Terrestre + Aéreo | T8: RUA RAIMUNDO BEZERRA, Nº 267, BAIRRO CENTRO, MARECHAL THAUMATURGO - AC | U8: 69983000 | V8: https://www.google.com/maps/place/8%C2%B056'45.5%22S+72%C2%B047'16.8%22W/@-8.9459862,-72.7881531,67m/data=!3m1!1e3!4m4!3m3!8m2!3d-8.9459763!4d-72.788002?hl=pt-BR&entry=ttu&g_ep=EgoyMDI2MDgxMS4wIKXMDSoASAFQAw%3D%3D
A9: AC | B9: =IF(OR(A9="AC",A9="AM",A9="AP",A9="PA",A9="RO",A9="RR",A9="TO"),"Manaus/AM",IF(OR(A9="AL",A9="BA",A9="CE",A9="MA",A9="PB",A9="PE",A9="PI",A9="RN",A9="SE"),"Recife/PE",IF(OR(A9="MT",A9="MS",A9="GO",A9="DF"),"Campo Grande/MS",IF(OR(A9="SC",A9="PR",A9="RS",A9="MG",A9="ES",A9="SP",A9="RJ"),"Curitiba/PR","VERIFICAR UF")))) -> Manaus/AM | E9: =IFERROR(INDEX('ANEXO IV - Kits por Polo'!$F$2:$F$615,MATCH($M9&"|"&$K9&"|"&$A9&"|"&$J9,'ANEXO IV - Kits por Polo'!$I$2:$I$615,0)),0) -> 46 | F9: =IFERROR(INDEX('ANEXO IV - Kits por Polo'!$G$2:$G$615,MATCH($M9&"|"&$K9&"|"&$A9&"|"&$J9,'ANEXO IV - Kits por Polo'!$I$2:$I$615,0)),0) -> 432929 | G9: MÂNCIO LIMA | H9: =IFERROR(INDEX('ANEXO IV - Kits por Polo'!$H$2:$H$615,MATCH($M9&"|"&$K9&"|"&$A9&"|"&$J9,'ANEXO IV - Kits por Polo'!$I$2:$I$615,0)),0) -> 2453.88 | I9: =MAX(F9/1000,H9*0.3) -> 736.164 | J9: ALTO RIO JURUÁ | K9: CASAI | L9: CASAI | M9: MÂNCIO LIMA | N9: CASAI MÂNCIO LIMA | O9: 7345224 | P9: -7.628801562582251, -72.88167891258509 | Q9: -7.6288016 | R9: -72.881679 | S9: Terrestre | T9: RUA 21 DE ABRIL, S/N, BAIRRO GUARANI, MÂNCIO LIMA - AC | U9: 69990000 | V9: https://www.google.com/maps/place/7%C2%B037'43.7%22S+72%C2%B052'54.0%22W/@-7.6288042,-72.8817969,68m/data=!3m1!1e3!4m4!3m3!8m2!3d-7.6288114!4d-72.8816757?hl=pt-BR&entry=ttu&g_ep=EgoyMDI2MDgxMS4wIKXMDSoASAFQAw%3D%3D
A10: AC | B10: =IF(OR(A10="AC",A10="AM",A10="AP",A10="PA",A10="RO",A10="RR",A10="TO"),"Manaus/AM",IF(OR(A10="AL",A10="BA",A10="CE",A10="MA",A10="PB",A10="PE",A10="PI",A10="RN",A10="SE"),"Recife/PE",IF(OR(A10="MT",A10="MS",A10="GO",A10="DF"),"Campo Grande/MS",IF(OR(A10="SC",A10="PR",A10="RS",A10="MG",A10="ES",A10="SP",A10="RJ"),"Curitiba/PR","VERIFICAR UF")))) -> Manaus/AM | E10: =IFERROR(INDEX('ANEXO IV - Kits por Polo'!$F$2:$F$615,MATCH($M10&"|"&$K10&"|"&$A10&"|"&$J10,'ANEXO IV - Kits por Polo'!$I$2:$I$615,0)),0) -> 13 | F10: =IFERROR(INDEX('ANEXO IV - Kits por Polo'!$G$2:$G$615,MATCH($M10&"|"&$K10&"|"&$A10&"|"&$J10,'ANEXO IV - Kits por Polo'!$I$2:$I$615,0)),0) -> 120156 | G10: MÂNCIO LIMA | H10: =IFERROR(INDEX('ANEXO IV - Kits por Polo'!$H$2:$H$615,MATCH($M10&"|"&$K10&"|"&$A10&"|"&$J10,'ANEXO IV - Kits por Polo'!$I$2:$I$615,0)),0) -> 682.63 | I10: =MAX(F10/1000,H10*0.3) -> 204.789 | J10: ALTO RIO JURUÁ | K10: POLO BASE | L10: TIPO II | M10: MÂNCIO LIMA | N10: POLO BASE DE MANCIO LIMA | O10: 6955525 | P10: -7.607036634623475, -72.90752422674916 | Q10: -7.6070366 | R10: -72.907524 | S10: Terrestre | T10: AVENIDA JAPIIM JOSE, S/N MARTINS , MANCIO LIMA - AC | U10: 69990000 | V10: https://www.google.com/maps?q=-7.607043743133545,-72.90752410888672&z=17&hl=pt-BR
A11: AC | B11: =IF(OR(A11="AC",A11="AM",A11="AP",A11="PA",A11="RO",A11="RR",A11="TO"),"Manaus/AM",IF(OR(A11="AL",A11="BA",A11="CE",A11="MA",A11="PB",A11="PE",A11="PI",A11="RN",A11="SE"),"Recife/PE",IF(OR(A11="MT",A11="MS",A11="GO",A11="DF"),"Campo Grande/MS",IF(OR(A11="SC",A11="PR",A11="RS",A11="MG",A11="ES",A11="SP",A11="RJ"),"Curitiba/PR","VERIFICAR UF")))) -> Manaus/AM | E11: =IFERROR(INDEX('ANEXO IV - Kits por Polo'!$F$2:$F$615,MATCH($M11&"|"&$K11&"|"&$A11&"|"&$J11,'ANEXO IV - Kits por Polo'!$I$2:$I$615,0)),0) -> 12 | F11: =IFERROR(INDEX('ANEXO IV - Kits por Polo'!$G$2:$G$615,MATCH($M11&"|"&$K11&"|"&$A11&"|"&$J11,'ANEXO IV - Kits por Polo'!$I$2:$I$615,0)),0) -> 119132 | G11: PORTO WALTER | H11: =IFERROR(INDEX('ANEXO IV - Kits por Polo'!$H$2:$H$615,MATCH($M11&"|"&$K11&"|"&$A11&"|"&$J11,'ANEXO IV - Kits por Polo'!$I$2:$I$615,0)),0) -> 670.8 | I11: =MAX(F11/1000,H11*0.3) -> 201.24 | J11: ALTO RIO JURUÁ | K11: POLO BASE | L11: TIPO II | M11: PORTO WALTER | N11: POLO BASE DE PORTO WALTER | O11: 6308740 | P11: -8.264217388018807, -72.74371816149976 | Q11: -8.2642174 | R11: -72.743718 | S11: Terrestre + Fluvial ou Terrestre + Aéreo | T11: RUA DJALMA CORREIA, Nº 188, BAIRRO CRISTO REI - PORTO WALTER - AC | U11: 69982000 | V11: https://www.google.com/maps/place/8%C2%B015'51.3%22S+72%C2%B044'37.4%22W/@-8.264254,-72.7436501,120m/data=!3m1!1e3!4m4!3m3!8m2!3d-8.2642384!4d-72.743721?hl=pt-BR&entry=ttu&g_ep=EgoyMDI2MDgxMC4wIKXMDSoASAFQAw%3D%3D
A12: AC | B12: =IF(OR(A12="AC",A12="AM",A12="AP",A12="PA",A12="RO",A12="RR",A12="TO"),"Manaus/AM",IF(OR(A12="AL",A12="BA",A12="CE",A12="MA",A12="PB",A12="PE",A12="PI",A12="RN",A12="SE"),"Recife/PE",IF(OR(A12="MT",A12="MS",A12="GO",A12="DF"),"Campo Grande/MS",IF(OR(A12="SC",A12="PR",A12="RS",A12="MG",A12="ES",A12="SP",A12="RJ"),"Curitiba/PR","VERIFICAR UF")))) -> Manaus/AM | E12: =IFERROR(INDEX('ANEXO IV - Kits por Polo'!$F$2:$F$615,MATCH($M12&"|"&$K12&"|"&$A12&"|"&$J12,'ANEXO IV - Kits por Polo'!$I$2:$I$615,0)),0) -> 71 | F12: =IFERROR(INDEX('ANEXO IV - Kits por Polo'!$G$2:$G$615,MATCH($M12&"|"&$K12&"|"&$A12&"|"&$J12,'ANEXO IV - Kits por Polo'!$I$2:$I$615,0)),0) -> 802809 | G12: TARAUACÁ | H12: =IFERROR(INDEX('ANEXO IV - Kits por Polo'!$H$2:$H$615,MATCH($M12&"|"&$K12&"|"&$A12&"|"&$J12,'ANEXO IV - Kits por Polo'!$I$2:$I$615,0)),0) -> 4453.67 | I12: =MAX(F12/1000,H12*0.3) -> 1336.101 | J12: ALTO RIO JURUÁ | K12: POLO BASE | L12: TIPO II | M12: TARAUACÁ | N12: UNIDADE ASSISTENCIAL A SAUDE INDIGENA DE TARAUACA POLO BASE | O12: 6612385 | P12: -8.160420081081686, -70.76662858664534 | Q12: -8.1604201 | R12: -70.766629 | S12: Terrestre | T12: R. BENJAMIN CONSTANT, Nº 1179, BAIRRO CENTRO - TARAUACÁ - AC | U12: 69970000 | V12: https://www.google.com/maps/place/8%C2%B009'37.6%22S+70%C2%B045'59.9%22W/@-8.1603935,-70.7671811,270m/data=!3m1!1e3!4m4!3m3!8m2!3d-8.1604307!4d-70.7666313?hl=pt-BR&entry=ttu&g_ep=EgoyMDI2MDgxMS4wIKXMDSoASAFQAw%3D%3D
A13: AC | B13: =IF(OR(A13="AC",A13="AM",A13="AP",A13="PA",A13="RO",A13="RR",A13="TO"),"Manaus/AM",IF(OR(A13="AL",A13="BA",A13="CE",A13="MA",A13="PB",A13="PE",A13="PI",A13="RN",A13="SE"),"Recife/PE",IF(OR(A13="MT",A13="MS",A13="GO",A13="DF"),"Campo Grande/MS",IF(OR(A13="SC",A13="PR",A13="RS",A13="MG",A13="ES",A13="SP",A13="RJ"),"Curitiba/PR","VERIFICAR UF")))) -> Manaus/AM | E13: =IFERROR(INDEX('ANEXO IV - Kits por Polo'!$F$2:$F$615,MATCH($M13&"|"&$K13&"|"&$A13&"|"&$J13,'ANEXO IV - Kits por Polo'!$I$2:$I$615,0)),0) -> 54 | F13: =IFERROR(INDEX('ANEXO IV - Kits por Polo'!$G$2:$G$615,MATCH($M13&"|"&$K13&"|"&$A13&"|"&$J13,'ANEXO IV - Kits por Polo'!$I$2:$I$615,0)),0) -> 619199 | G13: ASSIS BRASIL | H13: =IFERROR(INDEX('ANEXO IV - Kits por Polo'!$H$2:$H$615,MATCH($M13&"|"&$K13&"|"&$A13&"|"&$J13,'ANEXO IV - Kits por Polo'!$I$2:$I$615,0)),0) -> 3429.92 | I13: =MAX(F13/1000,H13*0.3) -> 1028.976 | J13: ALTO RIO PURUS | K13: POLO BASE | L13: TIPO II | M13: ASSIS BRASIL | N13: ASSIS BRASIL | O13: 6428940 | P13: -10.937544467597341, -69.56669386308094 | Q13: -10.937544 | R13: -69.566694 | S13: Terrestre | T13: AVENIDA RAIMUNDO CHAAR, 633, CENTRO ASSIS BRASIL - AC | U13: 69935000 | V13: https://www.google.com/maps?q=-10.93755,-69.56661111111111
A14: AC | B14: =IF(OR(A14="AC",A14="AM",A14="AP",A14="PA",A14="RO",A14="RR",A14="TO"),"Manaus/AM",IF(OR(A14="AL",A14="BA",A14="CE",A14="MA",A14="PB",A14="PE",A14="PI",A14="RN",A14="SE"),"Recife/PE",IF(OR(A14="MT",A14="MS",A14="GO",A14="DF"),"Campo Grande/MS",IF(OR(A14="SC",A14="PR",A14="RS",A14="MG",A14="ES",A14="SP",A14="RJ"),"Curitiba/PR","VERIFICAR UF")))) -> Manaus/AM | E14: =IFERROR(INDEX('ANEXO IV - Kits por Polo'!$F$2:$F$615,MATCH($M14&"|"&$K14&"|"&$A14&"|"&$J14,'ANEXO IV - Kits por Polo'!$I$2:$I$615,0)),0) -> 24 | F14: =IFERROR(INDEX('ANEXO IV - Kits por Polo'!$G$2:$G$615,MATCH($M14&"|"&$K14&"|"&$A14&"|"&$J14,'ANEXO IV - Kits por Polo'!$I$2:$I$615,0)),0) -> 244200 | G14: MANOEL URBANO | H14: =IFERROR(INDEX('ANEXO IV - Kits por Polo'!$H$2:$H$615,MATCH($M14&"|"&$K14&"|"&$A14&"|"&$J14,'ANEXO IV - Kits por Polo'!$I$2:$I$615,0)),0) -> 1370.98 | I14: =MAX(F14/1000,H14*0.3) -> 411.294 | J14: ALTO RIO PURUS | K14: POLO BASE | L14: TIPO II | M14: MANOEL URBANO | N14: MANOEL URBANO | O14: 2965941 | P14: -8.837518802485235, -69.2623366204817 | Q14: -8.8375188 | R14: -69.262337 | S14: Terrestre | T14: RUA MENDES ARAÚJO, 1267, BAIRRO SÃO JOSÉ, MANOEL URBANO - AC | U14: 69950000 | V14: https://www.google.com/maps?q=-8.83755,-69.26233611111111
A15: AC | B15: =IF(OR(A15="AC",A15="AM",A15="AP",A15="PA",A15="RO",A15="RR",A15="TO"),"Manaus/AM",IF(OR(A15="AL",A15="BA",A15="CE",A15="MA",A15="PB",A15="PE",A15="PI",A15="RN",A15="SE"),"Recife/PE",IF(OR(A15="MT",A15="MS",A15="GO",A15="DF"),"Campo Grande/MS",IF(OR(A15="SC",A15="PR",A15="RS",A15="MG",A15="ES",A15="SP",A15="RJ"),"Curitiba/PR","VERIFICAR UF")))) -> Manaus/AM | E15: =IFERROR(INDEX('ANEXO IV - Kits por Polo'!$F$2:$F$615,MATCH($M15&"|"&$K15&"|"&$A15&"|"&$J15,'ANEXO IV - Kits por Polo'!$I$2:$I$615,0)),0) -> 29 | F15: =IFERROR(INDEX('ANEXO IV - Kits por Polo'!$G$2:$G$615,MATCH($M15&"|"&$K15&"|"&$A15&"|"&$J15,'ANEXO IV - Kits por Polo'!$I$2:$I$615,0)),0) -> 229528 | G15: RIO BRANCO | H15: =IFERROR(INDEX('ANEXO IV - Kits por Polo'!$H$2:$H$615,MATCH($M15&"|"&$K15&"|"&$A15&"|"&$J15,'ANEXO IV - Kits por Polo'!$I$2:$I$615,0)),0) -> 1330.68 | I15: =MAX(F15/1000,H15*0.3) -> 399.204 | J15: ALTO RIO PURUS | K15: DSEI | L15: SEDE | M15: RIO BRANCO | N15: DSEI ALTO RIO PURUS | O15: 6971016 | P15: -9.96112497455326, -67.82033124996076 | Q15: -9.961125 | R15: -67.820331 | S15: Terrestre | T15: AV. ANTONIO DA ROCHA VIANA, 1584 bAIRRO: VILA IVONETE, RIO BRANCO - AC | U15: 69908000 | V15: https://maps.app.goo.gl/3k49Re2QUbKZF3Hb9
A16: AC | B16: =IF(OR(A16="AC",A16="AM",A16="AP",A16="PA",A16="RO",A16="RR",A16="TO"),"Manaus/AM",IF(OR(A16="AL",A16="BA",A16="CE",A16="MA",A16="PB",A16="PE",A16="PI",A16="RN",A16="SE"),"Recife/PE",IF(OR(A16="MT",A16="MS",A16="GO",A16="DF"),"Campo Grande/MS",IF(OR(A16="SC",A16="PR",A16="RS",A16="MG",A16="ES",A16="SP",A16="RJ"),"Curitiba/PR","VERIFICAR UF")))) -> Manaus/AM | E16: =IFERROR(INDEX('ANEXO IV - Kits por Polo'!$F$2:$F$615,MATCH($M16&"|"&$K16&"|"&$A16&"|"&$J16,'ANEXO IV - Kits por Polo'!$I$2:$I$615,0)),0) -> 25 | F16: =IFERROR(INDEX('ANEXO IV - Kits por Polo'!$G$2:$G$615,MATCH($M16&"|"&$K16&"|"&$A16&"|"&$J16,'ANEXO IV - Kits por Polo'!$I$2:$I$615,0)),0) -> 179928 | G16: RIO BRANCO | H16: =IFERROR(INDEX('ANEXO IV - Kits por Polo'!$H$2:$H$615,MATCH($M16&"|"&$K16&"|"&$A16&"|"&$J16,'ANEXO IV - Kits por Polo'!$I$2:$I$615,0)),0) -> 1059.63 | I16: =MAX(F16/1000,H16*0.3) -> 317.889 | J16: ALTO RIO PURUS | K16: CASAI | L16: CASAI | M16: RIO BRANCO | N16: CASAI RIO BRANCO | O16: 5591228 | P16: -10.004849184005662, -67.84437772928402 | Q16: -10.004849 | R16: -67.844378 | S16: Terrestre | T16: Rod. Transacreana, 284 - Floresta Sul, Rio Branco - AC | U16: 69912120 | V16: https://maps.app.goo.gl/NRyYPASAdVxQKs8x5
A17: AC | B17: =IF(OR(A17="AC",A17="AM",A17="AP",A17="PA",A17="RO",A17="RR",A17="TO"),"Manaus/AM",IF(OR(A17="AL",A17="BA",A17="CE",A17="MA",A17="PB",A17="PE",A17="PI",A17="RN",A17="SE"),"Recife/PE",IF(OR(A17="MT",A17="MS",A17="GO",A17="DF"),"Campo Grande/MS",IF(OR(A17="SC",A17="PR",A17="RS",A17="MG",A17="ES",A17="SP",A17="RJ"),"Curitiba/PR","VERIFICAR UF")))) -> Manaus/AM | E17: =IFERROR(INDEX('ANEXO IV - Kits por Polo'!$F$2:$F$615,MATCH($M17&"|"&$K17&"|"&$A17&"|"&$J17,'ANEXO IV - Kits por Polo'!$I$2:$I$615,0)),0) -> 61 | F17: =IFERROR(INDEX('ANEXO IV - Kits por Polo'!$G$2:$G$615,MATCH($M17&"|"&$K17&"|"&$A17&"|"&$J17,'ANEXO IV - Kits por Polo'!$I$2:$I$615,0)),0) -> 673852 | G17: SANTA ROSA DO PURUS | H17: =IFERROR(INDEX('ANEXO IV - Kits por Polo'!$H$2:$H$615,MATCH($M17&"|"&$K17&"|"&$A17&"|"&$J17,'ANEXO IV - Kits por Polo'!$I$2:$I$615,0)),0) -> 3747.77 | I17: =MAX(F17/1000,H17*0.3) -> 1124.331 | J17: ALTO RIO PURUS | K17: POLO BASE | L17: TIPO II | M17: SANTA ROSA | N17: SANTA ROSA | O17: 6289312 | P17: -9.44343552727133, -70.48532726743491 | Q17: -9.4434355 | R17: -70.485327 | S17: Terrestre + Fluvial | T17: RUA DO AEROPORTO, S/N, CIDADE NOVA, SANTA ROSA DO PURUS - AC | U17: 69955000 | V17: https://www.google.com/maps?q=-9.443455555555555,-70.48535
A18: AC | B18: =IF(OR(A18="AC",A18="AM",A18="AP",A18="PA",A18="RO",A18="RR",A18="TO"),"Manaus/AM",IF(OR(A18="AL",A18="BA",A18="CE",A18="MA",A18="PB",A18="PE",A18="PI",A18="RN",A18="SE"),"Recife/PE",IF(OR(A18="MT",A18="MS",A18="GO",A18="DF"),"Campo Grande/MS",IF(OR(A18="SC",A18="PR",A18="RS",A18="MG",A18="ES",A18="SP",A18="RJ"),"Curitiba/PR","VERIFICAR UF")))) -> Manaus/AM | E18: =IFERROR(INDEX('ANEXO IV - Kits por Polo'!$F$2:$F$615,MATCH($M18&"|"&$K18&"|"&$A18&"|"&$J18,'ANEXO IV - Kits por Polo'!$I$2:$I$615,0)),0) -> 18 | F18: =IFERROR(INDEX('ANEXO IV - Kits por Polo'!$G$2:$G$615,MATCH($M18&"|"&$K18&"|"&$A18&"|"&$J18,'ANEXO IV - Kits por Polo'!$I$2:$I$615,0)),0) -> 190570 | G18: SENA MADUREIRA | H18: =IFERROR(INDEX('ANEXO IV - Kits por Polo'!$H$2:$H$615,MATCH($M18&"|"&$K18&"|"&$A18&"|"&$J18,'ANEXO IV - Kits por Polo'!$I$2:$I$615,0)),0) -> 1064.96 | I18: =MAX(F18/1000,H18*0.3) -> 319.488 | J18: ALTO RIO PURUS | K18: POLO BASE | L18: TIPO II | M18: SENA MADUREIRA | N18: SENA MADUREIRA | O18: 6697151 | P18: -9.066508333333333, -68.65514722222223 | Q18: -9.0665083 | R18: -68.655147 | S18: Terrestre | T18: R. PADRE EGÍDIO, 295 - CENTRO, SENA MADUREIRA - AC | U18: 69940000 | V18: https://www.google.com/maps?q=-9.066508333333333,-68.65514722222223
A19: AL | B19: =IF(OR(A19="AC",A19="AM",A19="AP",A19="PA",A19="RO",A19="RR",A19="TO"),"Manaus/AM",IF(OR(A19="AL",A19="BA",A19="CE",A19="MA",A19="PB",A19="PE",A19="PI",A19="RN",A19="SE"),"Recife/PE",IF(OR(A19="MT",A19="MS",A19="GO",A19="DF"),"Campo Grande/MS",IF(OR(A19="SC",A19="PR",A19="RS",A19="MG",A19="ES",A19="SP",A19="RJ"),"Curitiba/PR","VERIFICAR UF")))) -> Recife/PE | E19: =IFERROR(INDEX('ANEXO IV - Kits por Polo'!$F$2:$F$615,MATCH($M19&"|"&$K19&"|"&$A19&"|"&$J19,'ANEXO IV - Kits por Polo'!$I$2:$I$615,0)),0) -> 7 | F19: =IFERROR(INDEX('ANEXO IV - Kits por Polo'!$G$2:$G$615,MATCH($M19&"|"&$K19&"|"&$A19&"|"&$J19,'ANEXO IV - Kits por Polo'!$I$2:$I$615,0)),0) -> 66526 | G19: TRAIPU | H19: =IFERROR(INDEX('ANEXO IV - Kits por Polo'!$H$2:$H$615,MATCH($M19&"|"&$K19&"|"&$A19&"|"&$J19,'ANEXO IV - Kits por Polo'!$I$2:$I$615,0)),0) -> 376.61 | I19: =MAX(F19/1000,H19*0.3) -> 112.983 | J19: ALAGOAS E SERGIPE | K19: POLO BASE | L19: TIPO I | M19: ACONÃ | N19: UBSI ACONÃ | O19: 6247571 | P19: -10.070840766734483, -36.94276424325364 | Q19: -10.070841 | R19: -36.942764 | S19: Terrestre + Fluvial | T19: ALDEIA ACONÃ, POVOADO BOM JARDIM TRAIPÚ - AL | U19: 57370000 | V19: https://www.google.com/maps/place/10%C2%B004'15.0%22S+36%C2%B056'34.0%22W/@-10.0709756,-36.9430982,159m/data=!3m1!1e3!4m4!3m3!8m2!3d-10.0708408!4d-36.9427642?entry=ttu&g_ep=EgoyMDI2MDgxNy4wIKXMDSoASAFQAw%3D%3D
A20: AL | B20: =IF(OR(A20="AC",A20="AM",A20="AP",A20="PA",A20="RO",A20="RR",A20="TO"),"Manaus/AM",IF(OR(A20="AL",A20="BA",A20="CE",A20="MA",A20="PB",A20="PE",A20="PI",A20="RN",A20="SE"),"Recife/PE",IF(OR(A20="MT",A20="MS",A20="GO",A20="DF"),"Campo Grande/MS",IF(OR(A20="SC",A20="PR",A20="RS",A20="MG",A20="ES",A20="SP",A20="RJ"),"Curitiba/PR","VERIFICAR UF")))) -> Recife/PE | E20: =IFERROR(INDEX('ANEXO IV - Kits por Polo'!$F$2:$F$615,MATCH($M20&"|"&$K20&"|"&$A20&"|"&$J20,'ANEXO IV - Kits por Polo'!$I$2:$I$615,0)),0) -> 21 | F20: =IFERROR(INDEX('ANEXO IV - Kits por Polo'!$G$2:$G$615,MATCH($M20&"|"&$K20&"|"&$A20&"|"&$J20,'ANEXO IV - Kits por Polo'!$I$2:$I$615,0)),0) -> 211449 | G20: PARICONHA | H20: =IFERROR(INDEX('ANEXO IV - Kits por Polo'!$H$2:$H$615,MATCH($M20&"|"&$K20&"|"&$A20&"|"&$J20,'ANEXO IV - Kits por Polo'!$I$2:$I$615,0)),0) -> 1188.59 | I20: =MAX(F20/1000,H20*0.3) -> 356.577 | J20: ALAGOAS E SERGIPE | K20: POLO BASE | L20: TIPO I | M20: JERIPANKÓ | N20: UBSI JERIPANKO | O20: 6235085 | P20: -9.220865072056213, -38.024613782199694 | Q20: -9.2208651 | R20: -38.024614 | S20: Terrestre | T20: OURICURI, ZONA RURAL, PARICONHA - AL | U20: 57475000 | V20: https://www.google.com/maps/place/9%C2%B013'15.2%22S+38%C2%B001'28.6%22W/@-9.2208947,-38.0271749,1073m/data=!3m2!1e3!4b1!4m4!3m3!8m2!3d-9.2209!4d-38.0246?entry=ttu&g_ep=EgoyMDI2MDcxOS4wIKXMDSoASAFQAw%3D%3D
A21: AL | B21: =IF(OR(A21="AC",A21="AM",A21="AP",A21="PA",A21="RO",A21="RR",A21="TO"),"Manaus/AM",IF(OR(A21="AL",A21="BA",A21="CE",A21="MA",A21="PB",A21="PE",A21="PI",A21="RN",A21="SE"),"Recife/PE",IF(OR(A21="MT",A21="MS",A21="GO",A21="DF"),"Campo Grande/MS",IF(OR(A21="SC",A21="PR",A21="RS",A21="MG",A21="ES",A21="SP",A21="RJ"),"Curitiba/PR","VERIFICAR UF")))) -> Recife/PE | E21: =IFERROR(INDEX('ANEXO IV - Kits por Polo'!$F$2:$F$615,MATCH($M21&"|"&$K21&"|"&$A21&"|"&$J21,'ANEXO IV - Kits por Polo'!$I$2:$I$615,0)),0) -> 9 | F21: =IFERROR(INDEX('ANEXO IV - Kits por Polo'!$G$2:$G$615,MATCH($M21&"|"&$K21&"|"&$A21&"|"&$J21,'ANEXO IV - Kits por Polo'!$I$2:$I$615,0)),0) -> 86381 | G21: ÁGUA BRANCA | H21: =IFERROR(INDEX('ANEXO IV - Kits por Polo'!$H$2:$H$615,MATCH($M21&"|"&$K21&"|"&$A21&"|"&$J21,'ANEXO IV - Kits por Polo'!$I$2:$I$615,0)),0) -> 488.41 | I21: =MAX(F21/1000,H21*0.3) -> 146.523 | J21: ALAGOAS E SERGIPE | K21: POLO BASE | L21: TIPO I | M21: KALANKÓ | N21: POLO BASE TIPO I - KALANKÓ - SEDE | O21: 6352219 | P21: -9.176583333333333, -37.89256944444445 | Q21: -9.1765833 | R21: -37.892569 | S21: Terrestre | T21: SÍTIO JANUÁRIA, ZONA RURAL ÁGUA BRANCA - AL | U21: 57490000 | V21: https://www.google.com/maps/place/Polo+Base+Kalank%C3%B3/@-9.1778867,-37.8938269,7218m/data=!3m1!1e3!4m6!3m5!1s0x708e5007502871d:0xeb3567cffe7bb8af!8m2!3d-9.1766076!4d-37.8926681!16s%2Fg%2F11z9f4_mcx?entry=ttu&g_ep=EgoyMDI2MDgxMC4wIKXMDSoASAFQAw%3D%3D
A22: AL | B22: =IF(OR(A22="AC",A22="AM",A22="AP",A22="PA",A22="RO",A22="RR",A22="TO"),"Manaus/AM",IF(OR(A22="AL",A22="BA",A22="CE",A22="MA",A22="PB",A22="PE",A22="PI",A22="RN",A22="SE"),"Recife/PE",IF(OR(A22="MT",A22="MS",A22="GO",A22="DF"),"Campo Grande/MS",IF(OR(A22="SC",A22="PR",A22="RS",A22="MG",A22="ES",A22="SP",A22="RJ"),"Curitiba/PR","VERIFICAR UF")))) -> Recife/PE | E22: =IFERROR(INDEX('ANEXO IV - Kits por Polo'!$F$2:$F$615,MATCH($M22&"|"&$K22&"|"&$A22&"|"&$J22,'ANEXO IV - Kits por Polo'!$I$2:$I$615,0)),0) -> 8 | F22: =IFERROR(INDEX('ANEXO IV - Kits por Polo'!$G$2:$G$615,MATCH($M22&"|"&$K22&"|"&$A22&"|"&$J22,'ANEXO IV - Kits por Polo'!$I$2:$I$615,0)),0) -> 73485 | G22: SÃO SEBASTIÃO | H22: =IFERROR(INDEX('ANEXO IV - Kits por Polo'!$H$2:$H$615,MATCH($M22&"|"&$K22&"|"&$A22&"|"&$J22,'ANEXO IV - Kits por Polo'!$I$2:$I$615,0)),0) -> 417.82 | I22: =MAX(F22/1000,H22*0.3) -> 125.346 | J22: ALAGOAS E SERGIPE | K22: POLO BASE | L22: TIPO I | M22: KARAPOTÓ PLAKI-Ô | N22: POLO BASE I KARAPOTO PLAKI O | O22: 2722550 | P22: -10.007478395594266, -36.6193455291675 | Q22: -10.007478 | R22: -36.619346 | S22: Terrestre | T22: ALDEIA KARAPOTO, ZONA RURAL, SÃO SEBASTIÃO - AL | U22: 57275000 | V22: https://www.google.com/maps/place/10%C2%B000'27.1%22S+36%C2%B037'09.6%22W/@-10.007522,-36.6199785,176m/data=!3m2!1e3!4b1!4m4!3m3!8m2!3d-10.0075233!4d-36.6193348?entry=ttu&g_ep=EgoyMDI2MDgxNy4wIKXMDSoASAFQAw%3D%3D
A23: AL | B23: =IF(OR(A23="AC",A23="AM",A23="AP",A23="PA",A23="RO",A23="RR",A23="TO"),"Manaus/AM",IF(OR(A23="AL",A23="BA",A23="CE",A23="MA",A23="PB",A23="PE",A23="PI",A23="RN",A23="SE"),"Recife/PE",IF(OR(A23="MT",A23="MS",A23="GO",A23="DF"),"Campo Grande/MS",IF(OR(A23="SC",A23="PR",A23="RS",A23="MG",A23="ES",A23="SP",A23="RJ"),"Curitiba/PR","VERIFICAR UF")))) -> Recife/PE | E23: =IFERROR(INDEX('ANEXO IV - Kits por Polo'!$F$2:$F$615,MATCH($M23&"|"&$K23&"|"&$A23&"|"&$J23,'ANEXO IV - Kits por Polo'!$I$2:$I$615,0)),0) -> 12 | F23: =IFERROR(INDEX('ANEXO IV - Kits por Polo'!$G$2:$G$615,MATCH($M23&"|"&$K23&"|"&$A23&"|"&$J23,'ANEXO IV - Kits por Polo'!$I$2:$I$615,0)),0) -> 113196 | G23: SÃO SEBASTIÃO | H23: =IFERROR(INDEX('ANEXO IV - Kits por Polo'!$H$2:$H$615,MATCH($M23&"|"&$K23&"|"&$A23&"|"&$J23,'ANEXO IV - Kits por Polo'!$I$2:$I$615,0)),0) -> 641.42 | I23: =MAX(F23/1000,H23*0.3) -> 192.426 | J23: ALAGOAS E SERGIPE | K23: POLO BASE | L23: TIPO I | M23: KARAPOTÓ TERRA NOVA | N23: POLO BASE I KARAPOTÓ TERRA NOVA | O23: 7482221 | P23: -9.957677253626835, -36.60042183675927 | Q23: -9.9576773 | R23: -36.600422 | S23: Terrestre | T23: TERRA NOVA, ZONA RURAL, SÃO SEBASTIÃO - AL | U23: 57275000 | V23: https://www.google.com/maps/place/9%C2%B057'28.2%22S+36%C2%B036'01.4%22W/@-9.9578333,-36.6003889,535m/data=!3m2!1e3!4b1!4m4!3m3!8m2!3d-9.9578333!4d-36.6003889?entry=ttu&g_ep=EgoyMDI2MDgwNC4wIKXMDSoASAFQAw%3D%3D
A24: AL | B24: =IF(OR(A24="AC",A24="AM",A24="AP",A24="PA",A24="RO",A24="RR",A24="TO"),"Manaus/AM",IF(OR(A24="AL",A24="BA",A24="CE",A24="MA",A24="PB",A24="PE",A24="PI",A24="RN",A24="SE"),"Recife/PE",IF(OR(A24="MT",A24="MS",A24="GO",A24="DF"),"Campo Grande/MS",IF(OR(A24="SC",A24="PR",A24="RS",A24="MG",A24="ES",A24="SP",A24="RJ"),"Curitiba/PR","VERIFICAR UF")))) -> Recife/PE | E24: =IFERROR(INDEX('ANEXO IV - Kits por Polo'!$F$2:$F$615,MATCH($M24&"|"&$K24&"|"&$A24&"|"&$J24,'ANEXO IV - Kits por Polo'!$I$2:$I$615,0)),0) -> 31 | F24: =IFERROR(INDEX('ANEXO IV - Kits por Polo'!$G$2:$G$615,MATCH($M24&"|"&$K24&"|"&$A24&"|"&$J24,'ANEXO IV - Kits por Polo'!$I$2:$I$615,0)),0) -> 298854 | G24: PORTO REAL DO COLÉGIO | H24: =IFERROR(INDEX('ANEXO IV - Kits por Polo'!$H$2:$H$615,MATCH($M24&"|"&$K24&"|"&$A24&"|"&$J24,'ANEXO IV - Kits por Polo'!$I$2:$I$615,0)),0) -> 1688.83 | I24: =MAX(F24/1000,H24*0.3) -> 506.649 | J24: ALAGOAS E SERGIPE | K24: POLO BASE | L24: TIPO I | M24: KARIRI XOKÓ | N24: UBSI KARIRI XOCÓ | O24: 9982787 | P24: -10.175373630735496, -36.83415868159578 | Q24: -10.175374 | R24: -36.834159 | S24: Terrestre | T24: KARIRI XOCO, ZONA RURAL, PORTO REAL DO COLEGIO - AL | U24: 57290000 | V24: https://www.google.com/maps/place//@-10.1752251,-36.8341332,134m/data=!3m1!1e3!4m6!1m5!3m4!2zMTDCsDEwJzMxLjMiUyAzNsKwNTAnMDMuMCJX!8m2!3d-10.1753736!4d-36.8341587?entry=ttu&g_ep=EgoyMDI2MDgxNy4wIKXMDSoASAFQAw%3D%3D
A25: AL | B25: =IF(OR(A25="AC",A25="AM",A25="AP",A25="PA",A25="RO",A25="RR",A25="TO"),"Manaus/AM",IF(OR(A25="AL",A25="BA",A25="CE",A25="MA",A25="PB",A25="PE",A25="PI",A25="RN",A25="SE"),"Recife/PE",IF(OR(A25="MT",A25="MS",A25="GO",A25="DF"),"Campo Grande/MS",IF(OR(A25="SC",A25="PR",A25="RS",A25="MG",A25="ES",A25="SP",A25="RJ"),"Curitiba/PR","VERIFICAR UF")))) -> Recife/PE | E25: =IFERROR(INDEX('ANEXO IV - Kits por Polo'!$F$2:$F$615,MATCH($M25&"|"&$K25&"|"&$A25&"|"&$J25,'ANEXO IV - Kits por Polo'!$I$2:$I$615,0)),0) -> 14 | F25: =IFERROR(INDEX('ANEXO IV - Kits por Polo'!$G$2:$G$615,MATCH($M25&"|"&$K25&"|"&$A25&"|"&$J25,'ANEXO IV - Kits por Polo'!$I$2:$I$615,0)),0) -> 133052 | G25: PARICONHA | H25: =IFERROR(INDEX('ANEXO IV - Kits por Polo'!$H$2:$H$615,MATCH($M25&"|"&$K25&"|"&$A25&"|"&$J25,'ANEXO IV - Kits por Polo'!$I$2:$I$615,0)),0) -> 753.22 | I25: =MAX(F25/1000,H25*0.3) -> 225.966 | J25: ALAGOAS E SERGIPE | K25: POLO BASE | L25: TIPO I | M25: KARUAZU | N25: UBSI KARUAZU | O25: 6383637 | P25: -9.282777486861127, -38.01451470466418 | Q25: -9.2827775 | R25: -38.014515 | S25: Terrestre | T25: POVOADO CAMPINHO, ZONA RURAL, PARICONHA - AL | U25: 57475000 | V25: https://www.google.com/maps/place/Polo+Base+Karuazu/@-9.2827694,-38.0146049,191m/data=!3m1!1e3!4m6!3m5!1s0x709210022ea3b1f:0x1d38ad3132d3fac2!8m2!3d-9.2828584!4d-38.0146428!16s%2Fg%2F11xfj5jb84?entry=ttu&g_ep=EgoyMDI2MDcyNi4wIKXMDSoASAFQAw%3D%3D
A26: AL | B26: =IF(OR(A26="AC",A26="AM",A26="AP",A26="PA",A26="RO",A26="RR",A26="TO"),"Manaus/AM",IF(OR(A26="AL",A26="BA",A26="CE",A26="MA",A26="PB",A26="PE",A26="PI",A26="RN",A26="SE"),"Recife/PE",IF(OR(A26="MT",A26="MS",A26="GO",A26="DF"),"Campo Grande/MS",IF(OR(A26="SC",A26="PR",A26="RS",A26="MG",A26="ES",A26="SP",A26="RJ"),"Curitiba/PR","VERIFICAR UF")))) -> Recife/PE | E26: =IFERROR(INDEX('ANEXO IV - Kits por Polo'!$F$2:$F$615,MATCH($M26&"|"&$K26&"|"&$A26&"|"&$J26,'ANEXO IV - Kits por Polo'!$I$2:$I$615,0)),0) -> 15 | F26: =IFERROR(INDEX('ANEXO IV - Kits por Polo'!$G$2:$G$615,MATCH($M26&"|"&$K26&"|"&$A26&"|"&$J26,'ANEXO IV - Kits por Polo'!$I$2:$I$615,0)),0) -> 140011 | G26: PARICONHA | H26: =IFERROR(INDEX('ANEXO IV - Kits por Polo'!$H$2:$H$615,MATCH($M26&"|"&$K26&"|"&$A26&"|"&$J26,'ANEXO IV - Kits por Polo'!$I$2:$I$615,0)),0) -> 794.43 | I26: =MAX(F26/1000,H26*0.3) -> 238.329 | J26: ALAGOAS E SERGIPE | K26: POLO BASE | L26: TIPO I | M26: KATOKINN | N26: UBSI MARIA SÃO PEDRO CORREIA KATOKINN | O26: 9001786 | P26: -9.598694476569774, -37.75726250155304 | Q26: -9.5986945 | R26: -37.757263 | S26: Terrestre | T26: RUA BOA VISTA, 104 - ALTO DA BOA VISTA, PARICONHA - AL | U26: 57475000 | V26: https://www.google.com/maps/place/Aldeia+Katokinn/@-9.2573201,-38.0078649,44m/data=!3m1!1e3!4m6!3m5!1s0x7091f57b1dcaeb3:0x834c30322fd78f01!8m2!3d-9.2573265!4d-38.0078092!16s%2Fg%2F11vj5fwn0y?entry=ttu&g_ep=EgoyMDI2MDgxNy4wIKXMDSoASAFQAw%3D%3D
A27: AL | B27: =IF(OR(A27="AC",A27="AM",A27="AP",A27="PA",A27="RO",A27="RR",A27="TO"),"Manaus/AM",IF(OR(A27="AL",A27="BA",A27="CE",A27="MA",A27="PB",A27="PE",A27="PI",A27="RN",A27="SE"),"Recife/PE",IF(OR(A27="MT",A27="MS",A27="GO",A27="DF"),"Campo Grande/MS",IF(OR(A27="SC",A27="PR",A27="RS",A27="MG",A27="ES",A27="SP",A27="RJ"),"Curitiba/PR","VERIFICAR UF")))) -> Recife/PE | E27: =IFERROR(INDEX('ANEXO IV - Kits por Polo'!$F$2:$F$615,MATCH($M27&"|"&$K27&"|"&$A27&"|"&$J27,'ANEXO IV - Kits por Polo'!$I$2:$I$615,0)),0) -> 11 | F27: =IFERROR(INDEX('ANEXO IV - Kits por Polo'!$G$2:$G$615,MATCH($M27&"|"&$K27&"|"&$A27&"|"&$J27,'ANEXO IV - Kits por Polo'!$I$2:$I$615,0)),0) -> 118108 | G27: INHAPI | H27: =IFERROR(INDEX('ANEXO IV - Kits por Polo'!$H$2:$H$615,MATCH($M27&"|"&$K27&"|"&$A27&"|"&$J27,'ANEXO IV - Kits por Polo'!$I$2:$I$615,0)),0) -> 658.97 | I27: =MAX(F27/1000,H27*0.3) -> 197.691 | J27: ALAGOAS E SERGIPE | K27: POLO BASE | L27: TIPO I | M27: KOIUPANKÁ | N27: POLO BASE DE SAUDE INDIGENA KOIUPANKA | O27: 4147847 | P27: -9.215710641411084, -37.75717791852957 | Q27: -9.2157106 | R27: -37.757178 | S27: Terrestre | T27: ALDEIA ROCADO, ZONA RURAL INHAPI - AL | U27: 57545000 | V27: https://www.google.com/maps/place/9%C2%B012'56.6%22S+37%C2%B045'25.8%22W/@-9.215608,-37.7574101,113m/data=!3m1!1e3!4m4!3m3!8m2!3d-9.2157106!4d-37.7571779?entry=ttu&g_ep=EgoyMDI2MDgxNy4wIKXMDSoASAFQAw%3D%3D
A28: AL | B28: =IF(OR(A28="AC",A28="AM",A28="AP",A28="PA",A28="RO",A28="RR",A28="TO"),"Manaus/AM",IF(OR(A28="AL",A28="BA",A28="CE",A28="MA",A28="PB",A28="PE",A28="PI",A28="RN",A28="SE"),"Recife/PE",IF(OR(A28="MT",A28="MS",A28="GO",A28="DF"),"Campo Grande/MS",IF(OR(A28="SC",A28="PR",A28="RS",A28="MG",A28="ES",A28="SP",A28="RJ"),"Curitiba/PR","VERIFICAR UF")))) -> Recife/PE | E28: =IFERROR(INDEX('ANEXO IV - Kits por Polo'!$F$2:$F$615,MATCH($M28&"|"&$K28&"|"&$A28&"|"&$J28,'ANEXO IV - Kits por Polo'!$I$2:$I$615,0)),0) -> 23 | F28: =IFERROR(INDEX('ANEXO IV - Kits por Polo'!$G$2:$G$615,MATCH($M28&"|"&$K28&"|"&$A28&"|"&$J28,'ANEXO IV - Kits por Polo'!$I$2:$I$615,0)),0) -> 199855 | G28: MACEIÓ | H28: =IFERROR(INDEX('ANEXO IV - Kits por Polo'!$H$2:$H$615,MATCH($M28&"|"&$K28&"|"&$A28&"|"&$J28,'ANEXO IV - Kits por Polo'!$I$2:$I$615,0)),0) -> 1140.1 | I28: =MAX(F28/1000,H28*0.3) -> 342.03 | J28: ALAGOAS E SERGIPE | K28: DSEI | L28: SEDE | M28: MACEIÓ | N28: DSEI ALAGOAS E SERGIPE | O28: 7748396 | P28: -9.60197421180051, -35.74816956467972 | Q28: -9.6019742 | R28: -35.74817 | S28: Terrestre | T28: AV. DURVAL DE GÓES MONTEIRO, 6001 - JARDIM PETRÓPOLIS, MACEIÓ - AL | U28: 57062585 | V28: https://maps.app.goo.gl/Wk1RxcpzzgcVdLNo7
A29: AL | B29: =IF(OR(A29="AC",A29="AM",A29="AP",A29="PA",A29="RO",A29="RR",A29="TO"),"Manaus/AM",IF(OR(A29="AL",A29="BA",A29="CE",A29="MA",A29="PB",A29="PE",A29="PI",A29="RN",A29="SE"),"Recife/PE",IF(OR(A29="MT",A29="MS",A29="GO",A29="DF"),"Campo Grande/MS",IF(OR(A29="SC",A29="PR",A29="RS",A29="MG",A29="ES",A29="SP",A29="RJ"),"Curitiba/PR","VERIFICAR UF")))) -> Recife/PE | E29: =IFERROR(INDEX('ANEXO IV - Kits por Polo'!$F$2:$F$615,MATCH($M29&"|"&$K29&"|"&$A29&"|"&$J29,'ANEXO IV - Kits por Polo'!$I$2:$I$615,0)),0) -> 10 | F29: =IFERROR(INDEX('ANEXO IV - Kits por Polo'!$G$2:$G$615,MATCH($M29&"|"&$K29&"|"&$A29&"|"&$J29,'ANEXO IV - Kits por Polo'!$I$2:$I$615,0)),0) -> 69597 | G29: MACEIÓ | H29: =IFERROR(INDEX('ANEXO IV - Kits por Polo'!$H$2:$H$615,MATCH($M29&"|"&$K29&"|"&$A29&"|"&$J29,'ANEXO IV - Kits por Polo'!$I$2:$I$615,0)),0) -> 412.1 | I29: =MAX(F29/1000,H29*0.3) -> 123.63 | J29: ALAGOAS E SERGIPE | K29: CASAI | L29: CASAI | M29: MACEIÓ | N29: CASA DE SAÚDE INDIGENA ALAGOA E SERGIPE | O29: - | P29: -9.626937674233407, -35.73635869699505 | Q29: -9.6269377 | R29: -35.736359 | S29: Terrestre | T29: R. Eng°. Otávio Cabral, 386 - Gruta de Lourdes | U29: 57052483 | V29: https://www.google.com/maps/place/9%C2%B037'37.6%22S+35%C2%B044'10.9%22W/@-9.6271968,-35.7364874,3a,75y,55.64h,90t/data=!3m7!1e1!3m5!1s-xQbZTh451z19tWdgzsuVw!2e0!6shttps:%2F%2Fstreetviewpixels-pa.googleapis.com%2Fv1%2Fthumbnail%3Fcb_client%3Dmaps_sv.tactile%26w%3D900%26h%3D600%26pitch%3D0%26panoid%3D-xQbZTh451z19tWdgzsuVw%26yaw%3D55.639893!7i16384!8i8192!4m4!3m3!8m2!3d-9.6271111!4d-35.7363611?entry=ttu&g_ep=EgoyMDI2MDgxNi4wIKXMDSoASAFQAw%3D%3D
A30: AL | B30: =IF(OR(A30="AC",A30="AM",A30="AP",A30="PA",A30="RO",A30="RR",A30="TO"),"Manaus/AM",IF(OR(A30="AL",A30="BA",A30="CE",A30="MA",A30="PB",A30="PE",A30="PI",A30="RN",A30="SE"),"Recife/PE",IF(OR(A30="MT",A30="MS",A30="GO",A30="DF"),"Campo Grande/MS",IF(OR(A30="SC",A30="PR",A30="RS",A30="MG",A30="ES",A30="SP",A30="RJ"),"Curitiba/PR","VERIFICAR UF")))) -> Recife/PE | E30: =IFERROR(INDEX('ANEXO IV - Kits por Polo'!$F$2:$F$615,MATCH($M30&"|"&$K30&"|"&$A30&"|"&$J30,'ANEXO IV - Kits por Polo'!$I$2:$I$615,0)),0) -> 10 | F30: =IFERROR(INDEX('ANEXO IV - Kits por Polo'!$G$2:$G$615,MATCH($M30&"|"&$K30&"|"&$A30&"|"&$J30,'ANEXO IV - Kits por Polo'!$I$2:$I$615,0)),0) -> 99277 | G30: FEIRA GRANDE | H30: =IFERROR(INDEX('ANEXO IV - Kits por Polo'!$H$2:$H$615,MATCH($M30&"|"&$K30&"|"&$A30&"|"&$J30,'ANEXO IV - Kits por Polo'!$I$2:$I$615,0)),0) -> 559 | I30: =MAX(F30/1000,H30*0.3) -> 167.7 | J30: ALAGOAS E SERGIPE | K30: POLO BASE | L30: TIPO I | M30: TINGUI BOTÓ | N30: UBSI TINGUI BOTÓ | O30: 2719312 | P30: -9.898483557445223, -36.70588962444504 | Q30: -9.8984836 | R30: -36.70589 | S30: Terrestre | T30: TINGUI BOTO, ZONA RURAL, FEIRA GRANDE - AL | U30: 57340000 | V30: https://www.google.com/maps/place/Polo+Base+de+sa%C3%BAde+Ind%C3%ADgena+Tingui-Bot%C3%B3/@-9.8983613,-36.7060509,3a,75y/data=!3m8!1e2!3m6!1sCIHM0ogKEICAgID8kYS-vAE!2e10!3e12!6shttps:%2F%2Flh3.googleusercontent.com%2Fgps-cs-s%2FAHRPTWn296YeCr5cz9xBwbMDxbj7gRgxqZ91ZNwoJhmeKsmMkQfYSA5PbEA3SVD5ljMNCLh189RUtxg4qLYPacfRog6kF7Uh1JI9nf_yyZNJhd6_WOomKnSs3ivpoBbAj9yLnCv3JAEm4g%3Dw152-h86-k-no!7i1920!8i1080!4m7!3m6!1s0x705cfe8e56ad423:0x8f43697784979191!8m2!3d-9.8984724!4d-36.7059455!10e5!16s%2Fg%2F11h760n0yr?entry=ttu&g_ep=EgoyMDI2MDgwOS4wIKXMDSoASAFQAw%3D%3D
A31: AL | B31: =IF(OR(A31="AC",A31="AM",A31="AP",A31="PA",A31="RO",A31="RR",A31="TO"),"Manaus/AM",IF(OR(A31="AL",A31="BA",A31="CE",A31="MA",A31="PB",A31="PE",A31="PI",A31="RN",A31="SE"),"Recife/PE",IF(OR(A31="MT",A31="MS",A31="GO",A31="DF"),"Campo Grande/MS",IF(OR(A31="SC",A31="PR",A31="RS",A31="MG",A31="ES",A31="SP",A31="RJ"),"Curitiba/PR","VERIFICAR UF")))) -> Recife/PE | E31: =IFERROR(INDEX('ANEXO IV - Kits por Polo'!$F$2:$F$615,MATCH($M31&"|"&$K31&"|"&$A31&"|"&$J31,'ANEXO IV - Kits por Polo'!$I$2:$I$615,0)),0) -> 26 | F31: =IFERROR(INDEX('ANEXO IV - Kits por Polo'!$G$2:$G$615,MATCH($M31&"|"&$K31&"|"&$A31&"|"&$J31,'ANEXO IV - Kits por Polo'!$I$2:$I$615,0)),0) -> 258120 | G31: JOAQUIM GOMES | H31: =IFERROR(INDEX('ANEXO IV - Kits por Polo'!$H$2:$H$615,MATCH($M31&"|"&$K31&"|"&$A31&"|"&$J31,'ANEXO IV - Kits por Polo'!$I$2:$I$615,0)),0) -> 1453.4 | I31: =MAX(F31/1000,H31*0.3) -> 436.02 | J31: ALAGOAS E SERGIPE | K31: POLO BASE | L31: TIPO I | M31: WASSU COCAL | N31: POLO BASE INDIGENA WASSU COCAL | O31: 2720868 | P31: -9.047527777777777, -35.71140277777778 | Q31: -9.0475278 | R31: -35.711403 | S31: Terrestre | T31: ALDEIA MASSU COCAL, ZONA RURAL JOAQUIM GOMES - AL | U31: 57920000 | V31: https://www.google.com/maps/place/UBSI+wass%C3%BA+cocal/@-9.0447249,-35.7290038,15z/data=!4m10!1m2!2m1!1sPOLO+BASE+INDIGENA+WASSU+COCAL!3m6!1s0x700c5e397285f85:0x97393075ff42baeb!8m2!3d-9.0474428!4d-35.711596!15sCh5QT0xPIEJBU0UgSU5ESUdFTkEgV0FTU1UgQ09DQUySARFoZWFsdGhfY29uc3VsdGFudOABAA!16s%2Fg%2F11v0f5903x?entry=ttu&g_ep=EgoyMDI2MDgxMC4wIKXMDSoASAFQAw%3D%3D
A32: AL | B32: =IF(OR(A32="AC",A32="AM",A32="AP",A32="PA",A32="RO",A32="RR",A32="TO"),"Manaus/AM",IF(OR(A32="AL",A32="BA",A32="CE",A32="MA",A32="PB",A32="PE",A32="PI",A32="RN",A32="SE"),"Recife/PE",IF(OR(A32="MT",A32="MS",A32="GO",A32="DF"),"Campo Grande/MS",IF(OR(A32="SC",A32="PR",A32="RS",A32="MG",A32="ES",A32="SP",A32="RJ"),"Curitiba/PR","VERIFICAR UF")))) -> Recife/PE | E32: =IFERROR(INDEX('ANEXO IV - Kits por Polo'!$F$2:$F$615,MATCH($M32&"|"&$K32&"|"&$A32&"|"&$J32,'ANEXO IV - Kits por Polo'!$I$2:$I$615,0)),0) -> 49 | F32: =IFERROR(INDEX('ANEXO IV - Kits por Polo'!$G$2:$G$615,MATCH($M32&"|"&$K32&"|"&$A32&"|"&$J32,'ANEXO IV - Kits por Polo'!$I$2:$I$615,0)),0) -> 519104 | G32: PALMEIRA DOS ÍNDIOS | H32: =IFERROR(INDEX('ANEXO IV - Kits por Polo'!$H$2:$H$615,MATCH($M32&"|"&$K32&"|"&$A32&"|"&$J32,'ANEXO IV - Kits por Polo'!$I$2:$I$615,0)),0) -> 2900.69 | I32: =MAX(F32/1000,H32*0.3) -> 870.207 | J32: ALAGOAS E SERGIPE | K32: POLO BASE | L32: TIPO II | M32: XUCURU KARIRI | N32: POLO BASE II XUCURU KARIRI | O32: 2010674 | P32: -9.410329878127259, -36.645018033646195 | Q32: -9.4103299 | R32: -36.645018 | S32: Terrestre | T32: AVENIDA ALAGOAS, BAIRRO JARDIM BRASIL, PALMEIRA DOS INDIOS - AL | U32: 57600280 | V32: https://www.google.com/maps/place/Polo+Base+Xucuru+Kariri/@-9.4104086,-36.6455357,88m/data=!3m1!1e3!4m14!1m7!3m6!1s0x7065f000ed1642b:0xcb5b18e438c526cc!2sPolo+Base+Xucuru+Kariri!8m2!3d-9.4103332!4d-36.6450088!16s%2Fg%2F11y_05xddr!3m5!1s0x7065f000ed1642b:0xcb5b18e438c526cc!8m2!3d-9.4103332!4d-36.6450088!16s%2Fg%2F11y_05xddr?entry=ttu&g_ep=EgoyMDI2MDgxNy4wIKXMDSoASAFQAw%3D%3D
A33: AM | B33: =IF(OR(A33="AC",A33="AM",A33="AP",A33="PA",A33="RO",A33="RR",A33="TO"),"Manaus/AM",IF(OR(A33="AL",A33="BA",A33="CE",A33="MA",A33="PB",A33="PE",A33="PI",A33="RN",A33="SE"),"Recife/PE",IF(OR(A33="MT",A33="MS",A33="GO",A33="DF"),"Campo Grande/MS",IF(OR(A33="SC",A33="PR",A33="RS",A33="MG",A33="ES",A33="SP",A33="RJ"),"Curitiba/PR","VERIFICAR UF")))) -> Manaus/AM | E33: =IFERROR(INDEX('ANEXO IV - Kits por Polo'!$F$2:$F$615,MATCH($M33&"|"&$K33&"|"&$A33&"|"&$J33,'ANEXO IV - Kits por Polo'!$I$2:$I$615,0)),0) -> 0 | F33: =IFERROR(INDEX('ANEXO IV - Kits por Polo'!$G$2:$G$615,MATCH($M33&"|"&$K33&"|"&$A33&"|"&$J33,'ANEXO IV - Kits por Polo'!$I$2:$I$615,0)),0) -> 0 | G33: SÃO GABRIEL DA CACHOEIRA | H33: =IFERROR(INDEX('ANEXO IV - Kits por Polo'!$H$2:$H$615,MATCH($M33&"|"&$K33&"|"&$A33&"|"&$J33,'ANEXO IV - Kits por Polo'!$I$2:$I$615,0)),0) -> 0 | I33: =MAX(F33/1000,H33*0.3) -> 0 | J33: ALTO RIO NEGRO | K33: POLO BASE | L33: TIPO I | M33: BALAIO | N33: BALAIO | O33: 9493263 | P33: 0.3881670611974267, -66.64978084110783 | Q33: 0.38816706 | R33: -66.649781 | S33: Terrestre | T33: BR 307, S/N, SEM BAIRRO, SÃO GABRIEL DA CACHOEIRA - AM | U33: 69750000 | V33: https://www.google.com/maps/place/0%C2%B023'17.4%22N+66%C2%B038'59.2%22W/@0.3880977,-66.649976,68m/data=!3m1!1e3!4m4!3m3!8m2!3d0.3881515!4d-66.6497782?entry=ttu&g_ep=EgoyMDI2MDkwMi4wIKXMDSoASAFQAw%3D%3D
A34: AM | B34: =IF(OR(A34="AC",A34="AM",A34="AP",A34="PA",A34="RO",A34="RR",A34="TO"),"Manaus/AM",IF(OR(A34="AL",A34="BA",A34="CE",A34="MA",A34="PB",A34="PE",A34="PI",A34="RN",A34="SE"),"Recife/PE",IF(OR(A34="MT",A34="MS",A34="GO",A34="DF"),"Campo Grande/MS",IF(OR(A34="SC",A34="PR",A34="RS",A34="MG",A34="ES",A34="SP",A34="RJ"),"Curitiba/PR","VERIFICAR UF")))) -> Manaus/AM | E34: =IFERROR(INDEX('ANEXO IV - Kits por Polo'!$F$2:$F$615,MATCH($M34&"|"&$K34&"|"&$A34&"|"&$J34,'ANEXO IV - Kits por Polo'!$I$2:$I$615,0)),0) -> 19 | F34: =IFERROR(INDEX('ANEXO IV - Kits por Polo'!$G$2:$G$615,MATCH($M34&"|"&$K34&"|"&$A34&"|"&$J34,'ANEXO IV - Kits por Polo'!$I$2:$I$615,0)),0) -> 197530 | G34: SÃO GABRIEL DA CACHOEIRA | H34: =IFERROR(INDEX('ANEXO IV - Kits por Polo'!$H$2:$H$615,MATCH($M34&"|"&$K34&"|"&$A34&"|"&$J34,'ANEXO IV - Kits por Polo'!$I$2:$I$615,0)),0) -> 1106.17 | I34: =MAX(F34/1000,H34*0.3) -> 331.851 | J34: ALTO RIO NEGRO | K34: POLO BASE | L34: TIPO I | M34: CAMARÃO | N34: CAMARÃO | O34: 7620144 | P34: 0.622904485889007, -67.44909899627523 | Q34: 0.62290449 | R34: -67.449099 | S34: Terrestre + Fluvial | T34: COMUNIDADE CAMARAO, S/N, RIO ICANA, SÃO GABRIEL DA CACHOEIRA - AM | U34: 69750000 | V34: https://www.google.com/maps/place/0%C2%B037'22.5%22N+67%C2%B026'56.8%22W/@0.6233269,-67.4526618,1537m/data=!3m1!1e3!4m4!3m3!8m2!3d0.6229045!4d-67.449099?entry=ttu&g_ep=EgoyMDI2MDgyNS4wIKXMDSoASAFQAw%3D%3D
A35: AM | B35: =IF(OR(A35="AC",A35="AM",A35="AP",A35="PA",A35="RO",A35="RR",A35="TO"),"Manaus/AM",IF(OR(A35="AL",A35="BA",A35="CE",A35="MA",A35="PB",A35="PE",A35="PI",A35="RN",A35="SE"),"Recife/PE",IF(OR(A35="MT",A35="MS",A35="GO",A35="DF"),"Campo Grande/MS",IF(OR(A35="SC",A35="PR",A35="RS",A35="MG",A35="ES",A35="SP",A35="RJ"),"Curitiba/PR","VERIFICAR UF")))) -> Manaus/AM | E35: =IFERROR(INDEX('ANEXO IV - Kits por Polo'!$F$2:$F$615,MATCH($M35&"|"&$K35&"|"&$A35&"|"&$J35,'ANEXO IV - Kits por Polo'!$I$2:$I$615,0)),0) -> 22 | F35: =IFERROR(INDEX('ANEXO IV - Kits por Polo'!$G$2:$G$615,MATCH($M35&"|"&$K35&"|"&$A35&"|"&$J35,'ANEXO IV - Kits por Polo'!$I$2:$I$615,0)),0) -> 236217 | G35: SÃO GABRIEL DA CACHOEIRA | H35: =IFERROR(INDEX('ANEXO IV - Kits por Polo'!$H$2:$H$615,MATCH($M35&"|"&$K35&"|"&$A35&"|"&$J35,'ANEXO IV - Kits por Polo'!$I$2:$I$615,0)),0) -> 1317.94 | I35: =MAX(F35/1000,H35*0.3) -> 395.382 | J35: ALTO RIO NEGRO | K35: POLO BASE | L35: TIPO I | M35: CANADÁ | N35: CANADÁ | O35: 9493360 | P35: 1.208720260723887, -69.01520289149737 | Q35: 1.2087203 | R35: -69.015203 | S35: Terrestre + Aéreo + Fluvial | T35: ALDEIA CANADA, S/N, POLO BASE CANADA, SAO GABRIEL DA CACHOEIRA - AM | U35: 69750000 | V35: https://www.google.com/maps?q=1.208707,-69.015192
A36: AM | B36: =IF(OR(A36="AC",A36="AM",A36="AP",A36="PA",A36="RO",A36="RR",A36="TO"),"Manaus/AM",IF(OR(A36="AL",A36="BA",A36="CE",A36="MA",A36="PB",A36="PE",A36="PI",A36="RN",A36="SE"),"Recife/PE",IF(OR(A36="MT",A36="MS",A36="GO",A36="DF"),"Campo Grande/MS",IF(OR(A36="SC",A36="PR",A36="RS",A36="MG",A36="ES",A36="SP",A36="RJ"),"Curitiba/PR","VERIFICAR UF")))) -> Manaus/AM | E36: =IFERROR(INDEX('ANEXO IV - Kits por Polo'!$F$2:$F$615,MATCH($M36&"|"&$K36&"|"&$A36&"|"&$J36,'ANEXO IV - Kits por Polo'!$I$2:$I$615,0)),0) -> 17 | F36: =IFERROR(INDEX('ANEXO IV - Kits por Polo'!$G$2:$G$615,MATCH($M36&"|"&$K36&"|"&$A36&"|"&$J36,'ANEXO IV - Kits por Polo'!$I$2:$I$615,0)),0) -> 165803 | G36: SÃO GABRIEL DA CACHOEIRA | H36: =IFERROR(INDEX('ANEXO IV - Kits por Polo'!$H$2:$H$615,MATCH($M36&"|"&$K36&"|"&$A36&"|"&$J36,'ANEXO IV - Kits por Polo'!$I$2:$I$615,0)),0) -> 935.61 | I36: =MAX(F36/1000,H36*0.3) -> 280.683 | J36: ALTO RIO NEGRO | K36: POLO BASE | L36: TIPO I | M36: CARURU - TIQUIÉ | N36: CARURU - TIQUIÉ | O36: 7620241 | P36: 0.2734304057421738, -69.9144496772256 | Q36: 0.27343041 | R36: -69.91445 | S36: Terrestre + Fluvial | T36: COMUNIDADE ESTACAO CARURU, S/N, SAO GABRIEL DA CACHOEIRA - AM | U36: 69750000 | V36: https://www.google.com/maps/place/0%C2%B016'24.4%22N+69%C2%B054'52.0%22W/@0.2734358,-69.9170246,1087m/data=!3m2!1e3!4b1!4m4!3m3!8m2!3d0.2734304!4d-69.9144497?entry=ttu&g_ep=EgoyMDI2MDkwNi4wIKXMDSoASAFQAw%3D%3D
A37: AM | B37: =IF(OR(A37="AC",A37="AM",A37="AP",A37="PA",A37="RO",A37="RR",A37="TO"),"Manaus/AM",IF(OR(A37="AL",A37="BA",A37="CE",A37="MA",A37="PB",A37="PE",A37="PI",A37="RN",A37="SE"),"Recife/PE",IF(OR(A37="MT",A37="MS",A37="GO",A37="DF"),"Campo Grande/MS",IF(OR(A37="SC",A37="PR",A37="RS",A37="MG",A37="ES",A37="SP",A37="RJ"),"Curitiba/PR","VERIFICAR UF")))) -> Manaus/AM | E37: =IFERROR(INDEX('ANEXO IV - Kits por Polo'!$F$2:$F$615,MATCH($M37&"|"&$K37&"|"&$A37&"|"&$J37,'ANEXO IV - Kits por Polo'!$I$2:$I$615,0)),0) -> 14 | F37: =IFERROR(INDEX('ANEXO IV - Kits por Polo'!$G$2:$G$615,MATCH($M37&"|"&$K37&"|"&$A37&"|"&$J37,'ANEXO IV - Kits por Polo'!$I$2:$I$615,0)),0) -> 127116 | G37: SÃO GABRIEL DA CACHOEIRA | H37: =IFERROR(INDEX('ANEXO IV - Kits por Polo'!$H$2:$H$615,MATCH($M37&"|"&$K37&"|"&$A37&"|"&$J37,'ANEXO IV - Kits por Polo'!$I$2:$I$615,0)),0) -> 723.84 | I37: =MAX(F37/1000,H37*0.3) -> 217.152 | J37: ALTO RIO NEGRO | K37: POLO BASE | L37: TIPO I | M37: CARURU - WAUPÉS | N37: CARURU - UAUPÉS | O37: 9493417 | P37: 1.08837498063272, -69.32728432915367 | Q37: 1.088375 | R37: -69.327284 | S37: Terrestre + Aéreo + Fluvial | T37: COMUNIDADE CARURU, S/N, SAO GABRIEL DA CACHOEIRA - AM | U37: 69750000 | V37: https://www.google.com/maps/place/1%C2%B005'18.0%22N+69%C2%B019'38.2%22W/@1.0883441,-69.3279173,272m/data=!3m2!1e3!4b1!4m4!3m3!8m2!3d1.0883428!4d-69.3272736?entry=ttu&g_ep=EgoyMDI2MDgyNS4wIKXMDSoASAFQAw%3D%3D
A38: AM | B38: =IF(OR(A38="AC",A38="AM",A38="AP",A38="PA",A38="RO",A38="RR",A38="TO"),"Manaus/AM",IF(OR(A38="AL",A38="BA",A38="CE",A38="MA",A38="PB",A38="PE",A38="PI",A38="RN",A38="SE"),"Recife/PE",IF(OR(A38="MT",A38="MS",A38="GO",A38="DF"),"Campo Grande/MS",IF(OR(A38="SC",A38="PR",A38="RS",A38="MG",A38="ES",A38="SP",A38="RJ"),"Curitiba/PR","VERIFICAR UF")))) -> Manaus/AM | E38: =IFERROR(INDEX('ANEXO IV - Kits por Polo'!$F$2:$F$615,MATCH($M38&"|"&$K38&"|"&$A38&"|"&$J38,'ANEXO IV - Kits por Polo'!$I$2:$I$615,0)),0) -> 11 | F38: =IFERROR(INDEX('ANEXO IV - Kits por Polo'!$G$2:$G$615,MATCH($M38&"|"&$K38&"|"&$A38&"|"&$J38,'ANEXO IV - Kits por Polo'!$I$2:$I$615,0)),0) -> 88428 | G38: BARCELOS | H38: =IFERROR(INDEX('ANEXO IV - Kits por Polo'!$H$2:$H$615,MATCH($M38&"|"&$K38&"|"&$A38&"|"&$J38,'ANEXO IV - Kits por Polo'!$I$2:$I$615,0)),0) -> 512.07 | I38: =MAX(F38/1000,H38*0.3) -> 153.621 | J38: ALTO RIO NEGRO | K38: POLO BASE | L38: TIPO I | M38: CAUBURIS | N38: CAUBURIS | O38: 228699 | P38: -1.17486963107311, -62.510258777601905 | Q38: -1.1748696 | R38: -62.510259 | S38: Terrestre + Aéreo + Fluvial | T38: COMUNIDADE CAUBURIS, S/N, RIO NEGRO, BARCELOS - AM | U38: 69700000 | V38: https://www.google.com/maps/place/1%C2%B010'29.6%22S+62%C2%B030'36.9%22W/@-1.1748747,-62.5108993,272m/data=!3m2!1e3!4b1!4m4!3m3!8m2!3d-1.174876!4d-62.5102556?entry=ttu&g_ep=EgoyMDI2MDkwNi4wIKXMDSoASAFQAw%3D%3D
A39: AM | B39: =IF(OR(A39="AC",A39="AM",A39="AP",A39="PA",A39="RO",A39="RR",A39="TO"),"Manaus/AM",IF(OR(A39="AL",A39="BA",A39="CE",A39="MA",A39="PB",A39="PE",A39="PI",A39="RN",A39="SE"),"Recife/PE",IF(OR(A39="MT",A39="MS",A39="GO",A39="DF"),"Campo Grande/MS",IF(OR(A39="SC",A39="PR",A39="RS",A39="MG",A39="ES",A39="SP",A39="RJ"),"Curitiba/PR","VERIFICAR UF")))) -> Manaus/AM | E39: =IFERROR(INDEX('ANEXO IV - Kits por Polo'!$F$2:$F$615,MATCH($M39&"|"&$K39&"|"&$A39&"|"&$J39,'ANEXO IV - Kits por Polo'!$I$2:$I$615,0)),0) -> 19 | F39: =IFERROR(INDEX('ANEXO IV - Kits por Polo'!$G$2:$G$615,MATCH($M39&"|"&$K39&"|"&$A39&"|"&$J39,'ANEXO IV - Kits por Polo'!$I$2:$I$615,0)),0) -> 197530 | G39: SÃO GABRIEL DA CACHOEIRA | H39: =IFERROR(INDEX('ANEXO IV - Kits por Polo'!$H$2:$H$615,MATCH($M39&"|"&$K39&"|"&$A39&"|"&$J39,'ANEXO IV - Kits por Polo'!$I$2:$I$615,0)),0) -> 1106.17 | I39: =MAX(F39/1000,H39*0.3) -> 331.851 | J39: ALTO RIO NEGRO | K39: POLO BASE | L39: TIPO I | M39: CUCUÍ | N39: CUCUÍ | O39: 7620306 | P39: 1.1962205507892916, -66.8367389070476 | Q39: 1.1962206 | R39: -66.836739 | S39: Terrestre + Aéreo + Fluvial | T39: AV RIO NEGRO, S/N, CENTRO II, SAO GABRIEL DA CACHOEIRA - AM | U39: 69750000 | V39: https://www.google.com/maps/place/1%C2%B011'46.2%22N+66%C2%B050'12.3%22W/@1.1961709,-66.8373987,272m/data=!3m2!1e3!4b1!4m4!3m3!8m2!3d1.1961696!4d-66.836755?entry=ttu&g_ep=EgoyMDI2MDkwMi4wIKXMDSoASAFQAw%3D%3D
A40: AM | B40: =IF(OR(A40="AC",A40="AM",A40="AP",A40="PA",A40="RO",A40="RR",A40="TO"),"Manaus/AM",IF(OR(A40="AL",A40="BA",A40="CE",A40="MA",A40="PB",A40="PE",A40="PI",A40="RN",A40="SE"),"Recife/PE",IF(OR(A40="MT",A40="MS",A40="GO",A40="DF"),"Campo Grande/MS",IF(OR(A40="SC",A40="PR",A40="RS",A40="MG",A40="ES",A40="SP",A40="RJ"),"Curitiba/PR","VERIFICAR UF")))) -> Manaus/AM | E40: =IFERROR(INDEX('ANEXO IV - Kits por Polo'!$F$2:$F$615,MATCH($M40&"|"&$K40&"|"&$A40&"|"&$J40,'ANEXO IV - Kits por Polo'!$I$2:$I$615,0)),0) -> 10 | F40: =IFERROR(INDEX('ANEXO IV - Kits por Polo'!$G$2:$G$615,MATCH($M40&"|"&$K40&"|"&$A40&"|"&$J40,'ANEXO IV - Kits por Polo'!$I$2:$I$615,0)),0) -> 87405 | G40: BARCELOS | H40: =IFERROR(INDEX('ANEXO IV - Kits por Polo'!$H$2:$H$615,MATCH($M40&"|"&$K40&"|"&$A40&"|"&$J40,'ANEXO IV - Kits por Polo'!$I$2:$I$615,0)),0) -> 500.24 | I40: =MAX(F40/1000,H40*0.3) -> 150.072 | J40: ALTO RIO NEGRO | K40: POLO BASE | L40: TIPO I | M40: CUMARÚ | N40: CUMARÚ | O40: 228710 | P40: -0.6024422532621627, -63.384486394042035 | Q40: -0.60244225 | R40: -63.384486 | S40: Fluvial + Aéreo | T40: COMUNIDADE CUMARU, S/N, RIO NEGRO, BARCELOS - AM | U40: 69700000 | V40: https://www.google.com/maps?q=-0.6023769999999999,-63.384451
... A69: AM | B69: =IF(OR(A69="AC",A69="AM",A69="AP",A69="PA",A69="RO",A69="RR",A69="TO"),"Manaus/AM",IF(OR(A69="AL",A69="BA",A69="CE",A69="MA",A69="PB",A69="PE",A69="PI",A69="RN",A69="SE"),"Recife/PE",IF(OR(A69="MT",A69="MS",A69="GO",A69="DF"),"Campo Grande/MS",IF(OR(A69="SC",A69="PR",A69="RS",A69="MG",A69="ES",A69="SP",A69="RJ"),"Curitiba/PR","VERIFICAR UF")))) -> Manaus/AM | E69: =IFERROR(INDEX('ANEXO IV - Kits por Polo'!$F$2:$F$615,MATCH($M69&"|"&$K69&"|"&$A69&"|"&$J69,'ANEXO IV - Kits por Polo'!$I$2:$I$615,0)),0) -> 44 | F69: =IFERROR(INDEX('ANEXO IV - Kits por Polo'!$G$2:$G$615,MATCH($M69&"|"&$K69&"|"&$A69&"|"&$J69,'ANEXO IV - Kits por Polo'!$I$2:$I$615,0)),0) -> 454626 | G69: AMATURÁ | H69: =IFERROR(INDEX('ANEXO IV - Kits por Polo'!$H$2:$H$615,MATCH($M69&"|"&$K69&"|"&$A69&"|"&$J69,'ANEXO IV - Kits por Polo'!$I$2:$I$615,0)),0) -> 2547.74 | I69: =MAX(F69/1000,H69*0.3) -> 764.322 | J69: ALTO RIO SOLIMÕES | K69: POLO BASE | L69: TIPO I | M69: NOVA ITÁLIA | N69: NOVA ITÁLIA | O69: 7007507 | P69: -3.4088795702278314, -68.22490746471578 | Q69: -3.4088796 | R69: -68.224907 | S69: Fluvial | T69: RUA SOLIMÕES, BAIRRO CENTRO, AMATURÁ - AM | U69: 69620000 | V69: https://www.google.com/maps/place/3%C2%B024'30.7%22S+68%C2%B013'30.0%22W/@-3.4085487,-68.225082,47m/data=!3m1!1e3!4m4!3m3!8m2!3d-3.4085223!4d-68.2249947?hl=pt-BR&entry=ttu&g_ep=EgoyMDI2MDgxOS4wIKXMDSoASAFQAw%3D%3D
A70: AM | B70: =IF(OR(A70="AC",A70="AM",A70="AP",A70="PA",A70="RO",A70="RR",A70="TO"),"Manaus/AM",IF(OR(A70="AL",A70="BA",A70="CE",A70="MA",A70="PB",A70="PE",A70="PI",A70="RN",A70="SE"),"Recife/PE",IF(OR(A70="MT",A70="MS",A70="GO",A70="DF"),"Campo Grande/MS",IF(OR(A70="SC",A70="PR",A70="RS",A70="MG",A70="ES",A70="SP",A70="RJ"),"Curitiba/PR","VERIFICAR UF")))) -> Manaus/AM | E70: =IFERROR(INDEX('ANEXO IV - Kits por Polo'!$F$2:$F$615,MATCH($M70&"|"&$K70&"|"&$A70&"|"&$J70,'ANEXO IV - Kits por Polo'!$I$2:$I$615,0)),0) -> 5 | F70: =IFERROR(INDEX('ANEXO IV - Kits por Polo'!$G$2:$G$615,MATCH($M70&"|"&$K70&"|"&$A70&"|"&$J70,'ANEXO IV - Kits por Polo'!$I$2:$I$615,0)),0) -> 40734 | G70: SANTO ANTÔNIO DO IÇÁ | H70: =IFERROR(INDEX('ANEXO IV - Kits por Polo'!$H$2:$H$615,MATCH($M70&"|"&$K70&"|"&$A70&"|"&$J70,'ANEXO IV - Kits por Polo'!$I$2:$I$615,0)),0) -> 235.43 | I70: =MAX(F70/1000,H70*0.3) -> 70.629 | J70: ALTO RIO SOLIMÕES | K70: CASAI | L70: CASAI | M70: SANTO ANTONIO DO IÇA | N70: CASAI LOCAL INDIGENA DE SANTO ANTONIO DO IÇÁ | O70: 9076433 | P70: -3.1001523653939036, -67.94578363305405 | Q70: -3.1001524 | R70: -67.945784 | S70: Terrestre | T70: RUA PRESIDENTE MÊNDICE, S/N, BAIRRO CAMPINAS II, SANTO ANTONIO DO IÇÁ - AM | U70: 69680000 | V70: https://www.google.com/maps/place//@-3.1002248,-67.9457104,47m/data=!3m1!1e3!4m6!1m5!3m4!2zM8KwMDYnMDAuNiJTIDY3wrA1Nic0NC44Ilc!8m2!3d-3.1001728!4d-67.9457844?hl=pt-BR&entry=ttu&g_ep=EgoyMDI2MDgxOS4wIKXMDSoASAFQAw%3D%3D
A71: AM | B71: =IF(OR(A71="AC",A71="AM",A71="AP",A71="PA",A71="RO",A71="RR",A71="TO"),"Manaus/AM",IF(OR(A71="AL",A71="BA",A71="CE",A71="MA",A71="PB",A71="PE",A71="PI",A71="RN",A71="SE"),"Recife/PE",IF(OR(A71="MT",A71="MS",A71="GO",A71="DF"),"Campo Grande/MS",IF(OR(A71="SC",A71="PR",A71="RS",A71="MG",A71="ES",A71="SP",A71="RJ"),"Curitiba/PR","VERIFICAR UF")))) -> Manaus/AM | E71: =IFERROR(INDEX('ANEXO IV - Kits por Polo'!$F$2:$F$615,MATCH($M71&"|"&$K71&"|"&$A71&"|"&$J71,'ANEXO IV - Kits por Polo'!$I$2:$I$615,0)),0) -> 26 | F71: =IFERROR(INDEX('ANEXO IV - Kits por Polo'!$G$2:$G$615,MATCH($M71&"|"&$K71&"|"&$A71&"|"&$J71,'ANEXO IV - Kits por Polo'!$I$2:$I$615,0)),0) -> 264056 | G71: AMATURÁ | H71: =IFERROR(INDEX('ANEXO IV - Kits por Polo'!$H$2:$H$615,MATCH($M71&"|"&$K71&"|"&$A71&"|"&$J71,'ANEXO IV - Kits por Polo'!$I$2:$I$615,0)),0) -> 1482.78 | I71: =MAX(F71/1000,H71*0.3) -> 444.834 | J71: ALTO RIO SOLIMÕES | K71: SUBPOLO | L71: TIPO I | M71: SÃO FRANCISCO DO CANIMARI | N71: SAO FRANCISCO DE CANIMARI | O71: 9329749 | P71: -3.3857133010282676, -68.35145417793306 | Q71: -3.3857133 | R71: -68.351454 | S71: Fluvial | T71: COMUINIDADE ALDEIA SÃO FRACISCO AMATURA - AM | U71: 69620000 | V71: https://www.google.com/maps/place/3%C2%B023'09.0%22S+68%C2%B021'12.8%22W/@-3.3857893,-68.35384,47m/data=!3m1!1e3!4m4!3m3!8m2!3d-3.3858333!4d-68.3535556?hl=pt-BR&entry=ttu&g_ep=EgoyMDI2MDgxOS4wIKXMDSoASAFQAw%3D%3D
A72: AM | B72: =IF(OR(A72="AC",A72="AM",A72="AP",A72="PA",A72="RO",A72="RR",A72="TO"),"Manaus/AM",IF(OR(A72="AL",A72="BA",A72="CE",A72="MA",A72="PB",A72="PE",A72="PI",A72="RN",A72="SE"),"Recife/PE",IF(OR(A72="MT",A72="MS",A72="GO",A72="DF"),"Campo Grande/MS",IF(OR(A72="SC",A72="PR",A72="RS",A72="MG",A72="ES",A72="SP",A72="RJ"),"Curitiba/PR","VERIFICAR UF")))) -> Manaus/AM | E72: =IFERROR(INDEX('ANEXO IV - Kits por Polo'!$F$2:$F$615,MATCH($M72&"|"&$K72&"|"&$A72&"|"&$J72,'ANEXO IV - Kits por Polo'!$I$2:$I$615,0)),0) -> 11 | F72: =IFERROR(INDEX('ANEXO IV - Kits por Polo'!$G$2:$G$615,MATCH($M72&"|"&$K72&"|"&$A72&"|"&$J72,'ANEXO IV - Kits por Polo'!$I$2:$I$615,0)),0) -> 118108 | G72: SÃO PAULO DE OLIVENÇA | H72: =IFERROR(INDEX('ANEXO IV - Kits por Polo'!$H$2:$H$615,MATCH($M72&"|"&$K72&"|"&$A72&"|"&$J72,'ANEXO IV - Kits por Polo'!$I$2:$I$615,0)),0) -> 658.97 | I72: =MAX(F72/1000,H72*0.3) -> 197.691 | J72: ALTO RIO SOLIMÕES | K72: CASAI | L72: CASAI | M72: SÃO PAULO DE OLIVENÇA | N72: CASAI LOCAL INDIGENA DE SPO | O72: 7998147 | P72: -3.4674228678866683, -68.94514384623238 | Q72: -3.4674229 | R72: -68.945144 | S72: Terrestre | T72: RUA ESTRADA DE ARAJARATUBA, BAIRRO CAMPINAS, N 227, SÃO PAULO DE OLIVENÇA - AM | U72: 69600000 | V72: https://www.google.com/maps/place/3%C2%B028'02.8%22S+68%C2%B056'42.5%22W/@-3.4674713,-68.9452761,47m/data=!3m1!1e3!4m4!3m3!8m2!3d-3.4674546!4d-68.945149?hl=pt-BR&entry=ttu&g_ep=EgoyMDI2MDgxOS4wIKXMDSoASAFQAw%3D%3D
A73: AM | B73: =IF(OR(A73="AC",A73="AM",A73="AP",A73="PA",A73="RO",A73="RR",A73="TO"),"Manaus/AM",IF(OR(A73="AL",A73="BA",A73="CE",A73="MA",A73="PB",A73="PE",A73="PI",A73="RN",A73="SE"),"Recife/PE",IF(OR(A73="MT",A73="MS",A73="GO",A73="DF"),"Campo Grande/MS",IF(OR(A73="SC",A73="PR",A73="RS",A73="MG",A73="ES",A73="SP",A73="RJ"),"Curitiba/PR","VERIFICAR UF")))) -> Manaus/AM | E73: =IFERROR(INDEX('ANEXO IV - Kits por Polo'!$F$2:$F$615,MATCH($M73&"|"&$K73&"|"&$A73&"|"&$J73,'ANEXO IV - Kits por Polo'!$I$2:$I$615,0)),0) -> 88 | F73: =IFERROR(INDEX('ANEXO IV - Kits por Polo'!$G$2:$G$615,MATCH($M73&"|"&$K73&"|"&$A73&"|"&$J73,'ANEXO IV - Kits por Polo'!$I$2:$I$615,0)),0) -> 932996 | G73: SÃO PAULO DE OLIVENÇA | H73: =IFERROR(INDEX('ANEXO IV - Kits por Polo'!$H$2:$H$615,MATCH($M73&"|"&$K73&"|"&$A73&"|"&$J73,'ANEXO IV - Kits por Polo'!$I$2:$I$615,0)),0) -> 5213 | I73: =MAX(F73/1000,H73*0.3) -> 1563.9 | J73: ALTO RIO SOLIMÕES | K73: POLO BASE | L73: TIPO I | M73: SÃO PAULO DE OLIVENÇA | N73: SÃO PAULO DE OLIVENÇA | O73: 6938884 | P73: -3.461983876185837, -68.91985248435127 | Q73: -3.4619839 | R73: -68.919852 | S73: Fluvial | T73: ESTRADA DO AJARATUBA, BAIRRO CAMPINAS, SÃO PAULO DE OLIVENÇA - AM | U73: 69600000 | V73: https://www.google.com/maps/place/3%C2%B027'43.3%22S+68%C2%B055'11.3%22W/@-3.4620156,-68.9223733,754m/data=!3m2!1e3!4b1!4m4!3m3!8m2!3d-3.4620156!4d-68.9197984?hl=pt-BR&entry=ttu&g_ep=EgoyMDI2MDgyMy4wIKXMDSoASAFQAw%3D%3D
A74: AM | B74: =IF(OR(A74="AC",A74="AM",A74="AP",A74="PA",A74="RO",A74="RR",A74="TO"),"Manaus/AM",IF(OR(A74="AL",A74="BA",A74="CE",A74="MA",A74="PB",A74="PE",A74="PI",A74="RN",A74="SE"),"Recife/PE",IF(OR(A74="MT",A74="MS",A74="GO",A74="DF"),"Campo Grande/MS",IF(OR(A74="SC",A74="PR",A74="RS",A74="MG",A74="ES",A74="SP",A74="RJ"),"Curitiba/PR","VERIFICAR UF")))) -> Manaus/AM | E74: =IFERROR(INDEX('ANEXO IV - Kits por Polo'!$F$2:$F$615,MATCH($M74&"|"&$K74&"|"&$A74&"|"&$J74,'ANEXO IV - Kits por Polo'!$I$2:$I$615,0)),0) -> 56 | F74: =IFERROR(INDEX('ANEXO IV - Kits por Polo'!$G$2:$G$615,MATCH($M74&"|"&$K74&"|"&$A74&"|"&$J74,'ANEXO IV - Kits por Polo'!$I$2:$I$615,0)),0) -> 560632 | G74: TABATINGA | H74: =IFERROR(INDEX('ANEXO IV - Kits por Polo'!$H$2:$H$615,MATCH($M74&"|"&$K74&"|"&$A74&"|"&$J74,'ANEXO IV - Kits por Polo'!$I$2:$I$615,0)),0) -> 3150.03 | I74: =MAX(F74/1000,H74*0.3) -> 945.009 | J74: ALTO RIO SOLIMÕES | K74: DSEI | L74: SEDE | M74: TABATINGA | N74: DSEI ALTO SOLIMÕES | O74: 6987885 | P74: -4.2199029976500055, -69.93430829631701 | Q74: -4.219903 | R74: -69.934308 | S74: Terrestre | T74: RUA MARECHAL RONDON 279, SANTA ROSA | U74: 69640000 | V74: https://www.google.com/maps/place/4%C2%B013'11.7%22S+69%C2%B056'03.5%22W/@-4.2199361,-69.9343492,47m/data=!3m1!1e3!4m4!3m3!8m2!3d-4.2199222!4d-69.9342905?hl=pt-BR&entry=ttu&g_ep=EgoyMDI2MDgxOS4wIKXMDSoASAFQAw%3D%3D
A75: AM | B75: =IF(OR(A75="AC",A75="AM",A75="AP",A75="PA",A75="RO",A75="RR",A75="TO"),"Manaus/AM",IF(OR(A75="AL",A75="BA",A75="CE",A75="MA",A75="PB",A75="PE",A75="PI",A75="RN",A75="SE"),"Recife/PE",IF(OR(A75="MT",A75="MS",A75="GO",A75="DF"),"Campo Grande/MS",IF(OR(A75="SC",A75="PR",A75="RS",A75="MG",A75="ES",A75="SP",A75="RJ"),"Curitiba/PR","VERIFICAR UF")))) -> Manaus/AM | E75: =IFERROR(INDEX('ANEXO IV - Kits por Polo'!$F$2:$F$615,MATCH($M75&"|"&$K75&"|"&$A75&"|"&$J75,'ANEXO IV - Kits por Polo'!$I$2:$I$615,0)),0) -> 44 | F75: =IFERROR(INDEX('ANEXO IV - Kits por Polo'!$G$2:$G$615,MATCH($M75&"|"&$K75&"|"&$A75&"|"&$J75,'ANEXO IV - Kits por Polo'!$I$2:$I$615,0)),0) -> 353714 | G75: TABATINGA | H75: =IFERROR(INDEX('ANEXO IV - Kits por Polo'!$H$2:$H$615,MATCH($M75&"|"&$K75&"|"&$A75&"|"&$J75,'ANEXO IV - Kits por Polo'!$I$2:$I$615,0)),0) -> 2048.28 | I75: =MAX(F75/1000,H75*0.3) -> 614.484 | J75: ALTO RIO SOLIMÕES | K75: CASAI | L75: CASAI | M75: TABATINGA | N75: CASA DE SAUDE DO INDIO DE TABATINGA | O75: 7998147 | P75: -4.23967964568403, -69.9350069978411 | Q75: -4.2396796 | R75: -69.935007 | S75: Terrestre | T75: RUA SARGENTO OSCAR BAIRRO IBIRAPUERA, TABATINGA-AM | U75: 69640000 | V75: https://www.google.com/maps/place/4%C2%B014'22.9%22S+69%C2%B056'06.0%22W/@-4.2396337,-69.9350739,47m/data=!3m1!1e3!4m4!3m3!8m2!3d-4.2396944!4d-69.935?hl=pt-BR&entry=ttu&g_ep=EgoyMDI2MDgxOS4wIKXMDSoASAFQAw%3D%3D
A76: AM | B76: =IF(OR(A76="AC",A76="AM",A76="AP",A76="PA",A76="RO",A76="RR",A76="TO"),"Manaus/AM",IF(OR(A76="AL",A76="BA",A76="CE",A76="MA",A76="PB",A76="PE",A76="PI",A76="RN",A76="SE"),"Recife/PE",IF(OR(A76="MT",A76="MS",A76="GO",A76="DF"),"Campo Grande/MS",IF(OR(A76="SC",A76="PR",A76="RS",A76="MG",A76="ES",A76="SP",A76="RJ"),"Curitiba/PR","VERIFICAR UF")))) -> Manaus/AM | E76: =IFERROR(INDEX('ANEXO IV - Kits por Polo'!$F$2:$F$615,MATCH($M76&"|"&$K76&"|"&$A76&"|"&$J76,'ANEXO IV - Kits por Polo'!$I$2:$I$615,0)),0) -> 5 | F76: =IFERROR(INDEX('ANEXO IV - Kits por Polo'!$G$2:$G$615,MATCH($M76&"|"&$K76&"|"&$A76&"|"&$J76,'ANEXO IV - Kits por Polo'!$I$2:$I$615,0)),0) -> 40734 | G76: TONANTINS | H76: =IFERROR(INDEX('ANEXO IV - Kits por Polo'!$H$2:$H$615,MATCH($M76&"|"&$K76&"|"&$A76&"|"&$J76,'ANEXO IV - Kits por Polo'!$I$2:$I$615,0)),0) -> 235.43 | I76: =MAX(F76/1000,H76*0.3) -> 70.629 | J76: ALTO RIO SOLIMÕES | K76: CASAI | L76: CASAI | M76: TONANTINS | N76: CASAI LOCAL INDIGENA DE TONANTINS | O76: 4337204 | P76: -2.863568453019977, -67.77672689522231 | Q76: -2.8635685 | R76: -67.776727 | S76: Terrestre | T76: RUA AUGUSTO MALHEIROS, BAIRRO SÃO CRISTOVÃO, S/N - TONANTINS - AM | U76: 69685000 | V76: https://www.google.com/maps/place/2%C2%B051'48.9%22S+67%C2%B046'36.2%22W/@-2.8636029,-67.7769006,47m/data=!3m1!1e3!4m4!3m3!8m2!3d-2.8635713!4d-67.7767342?hl=pt-BR&entry=ttu&g_ep=EgoyMDI2MDgxOS4wIKXMDSoASAFQAw%3D%3D
A77: AM | B77: =IF(OR(A77="AC",A77="AM",A77="AP",A77="PA",A77="RO",A77="RR",A77="TO"),"Manaus/AM",IF(OR(A77="AL",A77="BA",A77="CE",A77="MA",A77="PB",A77="PE",A77="PI",A77="RN",A77="SE"),"Recife/PE",IF(OR(A77="MT",A77="MS",A77="GO",A77="DF"),"Campo Grande/MS",IF(OR(A77="SC",A77="PR",A77="RS",A77="MG",A77="ES",A77="SP",A77="RJ"),"Curitiba/PR","VERIFICAR UF")))) -> Manaus/AM | E77: =IFERROR(INDEX('ANEXO IV - Kits por Polo'!$F$2:$F$615,MATCH($M77&"|"&$K77&"|"&$A77&"|"&$J77,'ANEXO IV - Kits por Polo'!$I$2:$I$615,0)),0) -> 69 | F77: =IFERROR(INDEX('ANEXO IV - Kits por Polo'!$G$2:$G$615,MATCH($M77&"|"&$K77&"|"&$A77&"|"&$J77,'ANEXO IV - Kits por Polo'!$I$2:$I$615,0)),0) -> 759210 | G77: TONANTINS | H77: =IFERROR(INDEX('ANEXO IV - Kits por Polo'!$H$2:$H$615,MATCH($M77&"|"&$K77&"|"&$A77&"|"&$J77,'ANEXO IV - Kits por Polo'!$I$2:$I$615,0)),0) -> 4224.35 | I77: =MAX(F77/1000,H77*0.3) -> 1267.305 | J77: ALTO RIO SOLIMÕES | K77: POLO BASE | L77: TIPO I | M77: TONANTINS | N77: POLO BASE SÃO SEBASTIÃO | O77: 7194218 | P77: -2.747798554024944, -67.59186059206743 | Q77: -2.7477986 | R77: -67.591861 | S77: Fluvial | T77: COMUIDADE INDIGENA SÃO SEBASTIÃO, ZONA RURAL, TONANTINS - AM | U77: 69685000 | V77: https://www.google.com/maps/place/Polo+Base+de+Sa%C3%BAde+Ind%C3%ADgena+S%C3%A3o+Sebasti%C3%A3o+-+SESAI/@-2.7535065,-67.5920355,754m/data=!3m1!1e3!4m6!3m5!1s0x91f7cf5fd25e33d5:0xd4ca5ecd7f94572c!8m2!3d-2.7535091!4d-67.5920346!16s%2Fg%2F11pts3r24r?hl=pt-BR&entry=ttu&g_ep=EgoyMDI2MDgxOS4wIKXMDSoASAFQAw%3D%3D
A78: AM | B78: =IF(OR(A78="AC",A78="AM",A78="AP",A78="PA",A78="RO",A78="RR",A78="TO"),"Manaus/AM",IF(OR(A78="AL",A78="BA",A78="CE",A78="MA",A78="PB",A78="PE",A78="PI",A78="RN",A78="SE"),"Recife/PE",IF(OR(A78="MT",A78="MS",A78="GO",A78="DF"),"Campo Grande/MS",IF(OR(A78="SC",A78="PR",A78="RS",A78="MG",A78="ES",A78="SP",A78="RJ"),"Curitiba/PR","VERIFICAR UF")))) -> Manaus/AM | E78: =IFERROR(INDEX('ANEXO IV - Kits por Polo'!$F$2:$F$615,MATCH($M78&"|"&$K78&"|"&$A78&"|"&$J78,'ANEXO IV - Kits por Polo'!$I$2:$I$615,0)),0) -> 49 | F78: =IFERROR(INDEX('ANEXO IV - Kits por Polo'!$G$2:$G$615,MATCH($M78&"|"&$K78&"|"&$A78&"|"&$J78,'ANEXO IV - Kits por Polo'!$I$2:$I$615,0)),0) -> 495360 | G78: TABATINGA | H78: =IFERROR(INDEX('ANEXO IV - Kits por Polo'!$H$2:$H$615,MATCH($M78&"|"&$K78&"|"&$A78&"|"&$J78,'ANEXO IV - Kits por Polo'!$I$2:$I$615,0)),0) -> 2783.17 | I78: =MAX(F78/1000,H78*0.3) -> 834.951 | J78: ALTO RIO SOLIMÕES | K78: POLO BASE | L78: TIPO I | M78: UMARIAÇÚ I | N78: UMARIAÇU I | O78: 6955967 | P78: -4.260813086200867, -69.93941664281421 | Q78: -4.2608131 | R78: -69.939417 | S78: Terrestre | T78: RUA SANTA CRUZ, BAIRRO UMARIAÇU I, TABATINGA- AM | U78: 69640000 | V78: https://www.google.com/maps/place/4%C2%B015'39.5%22S+69%C2%B056'21.9%22W/@-4.2609612,-69.9400631,271m/data=!3m2!1e3!4b1!4m4!3m3!8m2!3d-4.2609625!4d-69.9394194?hl=pt-BR&entry=ttu&g_ep=EgoyMDI2MDgyMy4wIKXMDSoASAFQAw%3D%3D
A79: AM | B79: =IF(OR(A79="AC",A79="AM",A79="AP",A79="PA",A79="RO",A79="RR",A79="TO"),"Manaus/AM",IF(OR(A79="AL",A79="BA",A79="CE",A79="MA",A79="PB",A79="PE",A79="PI",A79="RN",A79="SE"),"Recife/PE",IF(OR(A79="MT",A79="MS",A79="GO",A79="DF"),"Campo Grande/MS",IF(OR(A79="SC",A79="PR",A79="RS",A79="MG",A79="ES",A79="SP",A79="RJ"),"Curitiba/PR","VERIFICAR UF")))) -> Manaus/AM | E79: =IFERROR(INDEX('ANEXO IV - Kits por Polo'!$F$2:$F$615,MATCH($M79&"|"&$K79&"|"&$A79&"|"&$J79,'ANEXO IV - Kits por Polo'!$I$2:$I$615,0)),0) -> 61 | F79: =IFERROR(INDEX('ANEXO IV - Kits por Polo'!$G$2:$G$615,MATCH($M79&"|"&$K79&"|"&$A79&"|"&$J79,'ANEXO IV - Kits por Polo'!$I$2:$I$615,0)),0) -> 650108 | G79: TABATINGA | H79: =IFERROR(INDEX('ANEXO IV - Kits por Polo'!$H$2:$H$615,MATCH($M79&"|"&$K79&"|"&$A79&"|"&$J79,'ANEXO IV - Kits por Polo'!$I$2:$I$615,0)),0) -> 3630.25 | I79: =MAX(F79/1000,H79*0.3) -> 1089.075 | J79: ALTO RIO SOLIMÕES | K79: POLO BASE | L79: TIPO I | M79: UMARIAÇÚ II | N79: UMARIAÇU II | O79: 6712606 | P79: -4.267760536822148, -69.9361915818873 | Q79: -4.2677605 | R79: -69.936192 | S79: Terrestre | T79: RUA TARUMA, 01 BAIRRO UMARIAÇU II, TABATINGA - AM | U79: 69640000 | V79: https://www.google.com/maps/place/Polo+Base+Umaria%C3%A7u+2/@-4.2694141,-69.9365015,753m/data=!3m1!1e3!4m6!3m5!1s0x91f2f1cc0f480f9d:0xc9454e57b33d1981!8m2!3d-4.26941!4d-69.9365089!16s%2Fg%2F11vr7d5c68?hl=pt-BR&entry=ttu&g_ep=EgoyMDI2MDgxOS4wIKXMDSoASAFQAw%3D%3D
A80: AM | B80: =IF(OR(A80="AC",A80="AM",A80="AP",A80="PA",A80="RO",A80="RR",A80="TO"),"Manaus/AM",IF(OR(A80="AL",A80="BA",A80="CE",A80="MA",A80="PB",A80="PE",A80="PI",A80="RN",A80="SE"),"Recife/PE",IF(OR(A80="MT",A80="MS",A80="GO",A80="DF"),"Campo Grande/MS",IF(OR(A80="SC",A80="PR",A80="RS",A80="MG",A80="ES",A80="SP",A80="RJ"),"Curitiba/PR","VERIFICAR UF")))) -> Manaus/AM | E80: =IFERROR(INDEX('ANEXO IV - Kits por Polo'!$F$2:$F$615,MATCH($M80&"|"&$K80&"|"&$A80&"|"&$J80,'ANEXO IV - Kits por Polo'!$I$2:$I$615,0)),0) -> 53 | F80: =IFERROR(INDEX('ANEXO IV - Kits por Polo'!$G$2:$G$615,MATCH($M80&"|"&$K80&"|"&$A80&"|"&$J80,'ANEXO IV - Kits por Polo'!$I$2:$I$615,0)),0) -> 558815 | G80: SÃO PAULO DE OLIVENÇA | H80: =IFERROR(INDEX('ANEXO IV - Kits por Polo'!$H$2:$H$615,MATCH($M80&"|"&$K80&"|"&$A80&"|"&$J80,'ANEXO IV - Kits por Polo'!$I$2:$I$615,0)),0) -> 3124.29 | I80: =MAX(F80/1000,H80*0.3) -> 937.287 | J80: ALTO RIO SOLIMÕES | K80: POLO BASE | L80: TIPO I | M80: VENDAVAL | N80: VENDAVAL | O80: 6771513 | P80: -3.71134762203765, -69.44719431656631 | Q80: -3.7113476 | R80: -69.447194 | S80: Fluvial | T80: COMUNIDADE VENDAVAL, S/N, ZONA RURAL, SÃO PAULO DE OLIVENÇA, AMAZONAS - AM | U80: 69600000 | V80: https://www.google.com/maps/search/Polo+Base+Vendaval+-+SESAI/@-3.7114553,-69.4472937,79m/data=!3m1!1e3?hl=pt-BR&entry=ttu&g_ep=EgoyMDI2MDgxOS4wIKXMDSoASAFQAw%3D%3D
A81: AM | B81: =IF(OR(A81="AC",A81="AM",A81="AP",A81="PA",A81="RO",A81="RR",A81="TO"),"Manaus/AM",IF(OR(A81="AL",A81="BA",A81="CE",A81="MA",A81="PB",A81="PE",A81="PI",A81="RN",A81="SE"),"Recife/PE",IF(OR(A81="MT",A81="MS",A81="GO",A81="DF"),"Campo Grande/MS",IF(OR(A81="SC",A81="PR",A81="RS",A81="MG",A81="ES",A81="SP",A81="RJ"),"Curitiba/PR","VERIFICAR UF")))) -> Manaus/AM | E81: =IFERROR(INDEX('ANEXO IV - Kits por Polo'!$F$2:$F$615,MATCH($M81&"|"&$K81&"|"&$A81&"|"&$J81,'ANEXO IV - Kits por Polo'!$I$2:$I$615,0)),0) -> 6 | F81: =IFERROR(INDEX('ANEXO IV - Kits por Polo'!$G$2:$G$615,MATCH($M81&"|"&$K81&"|"&$A81&"|"&$J81,'ANEXO IV - Kits por Polo'!$I$2:$I$615,0)),0) -> 47694 | G81: JAPURÁ | H81: =IFERROR(INDEX('ANEXO IV - Kits por Polo'!$H$2:$H$615,MATCH($M81&"|"&$K81&"|"&$A81&"|"&$J81,'ANEXO IV - Kits por Polo'!$I$2:$I$615,0)),0) -> 276.64 | I81: =MAX(F81/1000,H81*0.3) -> 82.992 | J81: ALTO RIO SOLIMÕES | K81: POLO BASE | L81: TIPO I | M81: VILA BITENCOURT | N81: POLO BASE VILA BITTENCOURT | O81: 5244714 | P81: -1.27456888888889, -69.4081158333333 | Q81: -1.2745689 | R81: -69.408116 | S81: Aéreo | T81: COMUNIDADE SÃO JOSE DO RIO APAPORES, ZONA RURAL , JAPURA - AM | U81: 69495000 | V81: https://www.google.com/maps/place/ALDEIA+S%C3%83O+JOS%C3%89+DE+APAP%C3%93RIS/@-1.2746674,-69.4082168,47m/data=!3m1!1e3!4m6!3m5!1s0x91fb8f7e35177205:0xa567392c638c577f!8m2!3d-1.2746288!4d-69.4082881!16s%2Fg%2F11shy2k6s6?hl=pt-BR&entry=ttu&g_ep=EgoyMDI2MDgxOS4wIKXMDSoASAFQAw%3D%3D
A82: AM | B82: =IF(OR(A82="AC",A82="AM",A82="AP",A82="PA",A82="RO",A82="RR",A82="TO"),"Manaus/AM",IF(OR(A82="AL",A82="BA",A82="CE",A82="MA",A82="PB",A82="PE",A82="PI",A82="RN",A82="SE"),"Recife/PE",IF(OR(A82="MT",A82="MS",A82="GO",A82="DF"),"Campo Grande/MS",IF(OR(A82="SC",A82="PR",A82="RS",A82="MG",A82="ES",A82="SP",A82="RJ"),"Curitiba/PR","VERIFICAR UF")))) -> Manaus/AM | E82: =IFERROR(INDEX('ANEXO IV - Kits por Polo'!$F$2:$F$615,MATCH($M82&"|"&$K82&"|"&$A82&"|"&$J82,'ANEXO IV - Kits por Polo'!$I$2:$I$615,0)),0) -> 7 | F82: =IFERROR(INDEX('ANEXO IV - Kits por Polo'!$G$2:$G$615,MATCH($M82&"|"&$K82&"|"&$A82&"|"&$J82,'ANEXO IV - Kits por Polo'!$I$2:$I$615,0)),0) -> 66526 | G82: NOVA OLINDA DO NORTE | H82: =IFERROR(INDEX('ANEXO IV - Kits por Polo'!$H$2:$H$615,MATCH($M82&"|"&$K82&"|"&$A82&"|"&$J82,'ANEXO IV - Kits por Polo'!$I$2:$I$615,0)),0) -> 376.61 | I82: =MAX(F82/1000,H82*0.3) -> 112.983 | J82: MANAUS | K82: POLO BASE | L82: TIPO I | M82: ABACAXIS | N82: CASAI ABACAXIS | O82: 9124888 | P82: -3.896621210019974, -59.092798157935896 | Q82: -3.8966212 | R82: -59.092798 | S82: Fluvial | T82: RUA ITACOATIARA BAIRRO CHICOLANDIA, NOVA OLINDA DO NORTE - AM | U82: 69230000 | V82: https://maps.app.goo.gl/7LyXLkb31da2fVwLA
A83: AM | B83: =IF(OR(A83="AC",A83="AM",A83="AP",A83="PA",A83="RO",A83="RR",A83="TO"),"Manaus/AM",IF(OR(A83="AL",A83="BA",A83="CE",A83="MA",A83="PB",A83="PE",A83="PI",A83="RN",A83="SE"),"Recife/PE",IF(OR(A83="MT",A83="MS",A83="GO",A83="DF"),"Campo Grande/MS",IF(OR(A83="SC",A83="PR",A83="RS",A83="MG",A83="ES",A83="SP",A83="RJ"),"Curitiba/PR","VERIFICAR UF")))) -> Manaus/AM | E83: =IFERROR(INDEX('ANEXO IV - Kits por Polo'!$F$2:$F$615,MATCH($M83&"|"&$K83&"|"&$A83&"|"&$J83,'ANEXO IV - Kits por Polo'!$I$2:$I$615,0)),0) -> 8 | F83: =IFERROR(INDEX('ANEXO IV - Kits por Polo'!$G$2:$G$615,MATCH($M83&"|"&$K83&"|"&$A83&"|"&$J83,'ANEXO IV - Kits por Polo'!$I$2:$I$615,0)),0) -> 79421 | G83: ANAMÃ | H83: =IFERROR(INDEX('ANEXO IV - Kits por Polo'!$H$2:$H$615,MATCH($M83&"|"&$K83&"|"&$A83&"|"&$J83,'ANEXO IV - Kits por Polo'!$I$2:$I$615,0)),0) -> 447.2 | I83: =MAX(F83/1000,H83*0.3) -> 134.16 | J83: MANAUS | K83: POLO BASE | L83: TIPO II | M83: ANAMÃ | N83: POLO BASE INDIGENA ANAMA | O83: 7694954 | P83: -3.579016792902889, -61.405120788882776 | Q83: -3.5790168 | R83: -61.405121 | S83: Fluvial | T83: R. MANOEL NAZARÉ CORDEIRO, S/N, CENTRO, ANAMÃ - AM | U83: 69445000 | V83: https://www.google.com/maps/place/Polo+Base+Anam%C3%A3/@-3.5790402,-61.4053079,65m/data=!3m1!1e3!4m6!3m5!1s0x9214cbea920cf5f7:0xaca99f4eb57aeac9!8m2!3d-3.5790194!4d-61.4051201!16s%2Fg%2F11zd54ryw7?entry=ttu&g_ep=EgoyMDI2MDkwMS4wIKXMDSoASAFQAw%3D%3D
A84: AM | B84: =IF(OR(A84="AC",A84="AM",A84="AP",A84="PA",A84="RO",A84="RR",A84="TO"),"Manaus/AM",IF(OR(A84="AL",A84="BA",A84="CE",A84="MA",A84="PB",A84="PE",A84="PI",A84="RN",A84="SE"),"Recife/PE",IF(OR(A84="MT",A84="MS",A84="GO",A84="DF"),"Campo Grande/MS",IF(OR(A84="SC",A84="PR",A84="RS",A84="MG",A84="ES",A84="SP",A84="RJ"),"Curitiba/PR","VERIFICAR UF")))) -> Manaus/AM | E84: =IFERROR(INDEX('ANEXO IV - Kits por Polo'!$F$2:$F$615,MATCH($M84&"|"&$K84&"|"&$A84&"|"&$J84,'ANEXO IV - Kits por Polo'!$I$2:$I$615,0)),0) -> 12 | F84: =IFERROR(INDEX('ANEXO IV - Kits por Polo'!$G$2:$G$615,MATCH($M84&"|"&$K84&"|"&$A84&"|"&$J84,'ANEXO IV - Kits por Polo'!$I$2:$I$615,0)),0) -> 113196 | G84: RIO PRETO DA EVA | H84: =IFERROR(INDEX('ANEXO IV - Kits por Polo'!$H$2:$H$615,MATCH($M84&"|"&$K84&"|"&$A84&"|"&$J84,'ANEXO IV - Kits por Polo'!$I$2:$I$615,0)),0) -> 641.42 | I84: =MAX(F84/1000,H84*0.3) -> 192.426 | J84: MANAUS | K84: POLO BASE | L84: TIPO II | M84: BEIJA-FLOR | N84: POLO BASE BEIJA FLOR | O84: 7919557 | P84: -2.693204277337163, -59.699861125739545 | Q84: -2.6932043 | R84: -59.699861 | S84: Terrestre | T84: R. PLÁCIDO SERRANO, 29A, RIO PRETO DA EVA - AM | U84: 69117000 | V84: https://maps.app.goo.gl/6bB9MuUd7aKmSrnq8
A85: AM | B85: =IF(OR(A85="AC",A85="AM",A85="AP",A85="PA",A85="RO",A85="RR",A85="TO"),"Manaus/AM",IF(OR(A85="AL",A85="BA",A85="CE",A85="MA",A85="PB",A85="PE",A85="PI",A85="RN",A85="SE"),"Recife/PE",IF(OR(A85="MT",A85="MS",A85="GO",A85="DF"),"Campo Grande/MS",IF(OR(A85="SC",A85="PR",A85="RS",A85="MG",A85="ES",A85="SP",A85="RJ"),"Curitiba/PR","VERIFICAR UF")))) -> Manaus/AM | E85: =IFERROR(INDEX('ANEXO IV - Kits por Polo'!$F$2:$F$615,MATCH($M85&"|"&$K85&"|"&$A85&"|"&$J85,'ANEXO IV - Kits por Polo'!$I$2:$I$615,0)),0) -> 29 | F85: =IFERROR(INDEX('ANEXO IV - Kits por Polo'!$G$2:$G$615,MATCH($M85&"|"&$K85&"|"&$A85&"|"&$J85,'ANEXO IV - Kits por Polo'!$I$2:$I$615,0)),0) -> 320551 | G85: BERURI | H85: =IFERROR(INDEX('ANEXO IV - Kits por Polo'!$H$2:$H$615,MATCH($M85&"|"&$K85&"|"&$A85&"|"&$J85,'ANEXO IV - Kits por Polo'!$I$2:$I$615,0)),0) -> 1782.69 | I85: =MAX(F85/1000,H85*0.3) -> 534.807 | J85: MANAUS | K85: POLO BASE | L85: TIPO II | M85: BERURI | N85: POLO BASE BERURI | O85: 7574037 | P85: -3.9004076348033774, -61.37440439402637 | Q85: -3.9004076 | R85: -61.374404 | S85: Fluvial | T85: RUA DOM PEDRO I, 21, BERURI - AM | U85: 69430000 | V85: https://maps.app.goo.gl/dRJmd9djaNWF6tJP8
A86: AM | B86: =IF(OR(A86="AC",A86="AM",A86="AP",A86="PA",A86="RO",A86="RR",A86="TO"),"Manaus/AM",IF(OR(A86="AL",A86="BA",A86="CE",A86="MA",A86="PB",A86="PE",A86="PI",A86="RN",A86="SE"),"Recife/PE",IF(OR(A86="MT",A86="MS",A86="GO",A86="DF"),"Campo Grande/MS",IF(OR(A86="SC",A86="PR",A86="RS",A86="MG",A86="ES",A86="SP",A86="RJ"),"Curitiba/PR","VERIFICAR UF")))) -> Manaus/AM | E86: =IFERROR(INDEX('ANEXO IV - Kits por Polo'!$F$2:$F$615,MATCH($M86&"|"&$K86&"|"&$A86&"|"&$J86,'ANEXO IV - Kits por Polo'!$I$2:$I$615,0)),0) -> 31 | F86: =IFERROR(INDEX('ANEXO IV - Kits por Polo'!$G$2:$G$615,MATCH($M86&"|"&$K86&"|"&$A86&"|"&$J86,'ANEXO IV - Kits por Polo'!$I$2:$I$615,0)),0) -> 358214 | G86: MANICORÉ | H86: =IFERROR(INDEX('ANEXO IV - Kits por Polo'!$H$2:$H$615,MATCH($M86&"|"&$K86&"|"&$A86&"|"&$J86,'ANEXO IV - Kits por Polo'!$I$2:$I$615,0)),0) -> 1982.63 | I86: =MAX(F86/1000,H86*0.3) -> 594.789 | J86: MANAUS | K86: POLO BASE | L86: TIPO I | M86: BOCA DO JAUARI | N86: POLO BASE BOCA DO JAUARI | O86: 9423389 | P86: -6.246254587476238, -61.894759532223034 | Q86: -6.2462546 | R86: -61.89476 | S86: Fluvial | T86: RIO MADEIRA S/N, ALDEIA BOCA DO JAUARI, MANICORE - AM | U86: 69280000 | V86: https://maps.app.goo.gl/52qwguPNtwVUnDMQ7
... A95: AM | B95: =IF(OR(A95="AC",A95="AM",A95="AP",A95="PA",A95="RO",A95="RR",A95="TO"),"Manaus/AM",IF(OR(A95="AL",A95="BA",A95="CE",A95="MA",A95="PB",A95="PE",A95="PI",A95="RN",A95="SE"),"Recife/PE",IF(OR(A95="MT",A95="MS",A95="GO",A95="DF"),"Campo Grande/MS",IF(OR(A95="SC",A95="PR",A95="RS",A95="MG",A95="ES",A95="SP",A95="RJ"),"Curitiba/PR","VERIFICAR UF")))) -> Manaus/AM | E95: =IFERROR(INDEX('ANEXO IV - Kits por Polo'!$F$2:$F$615,MATCH($M95&"|"&$K95&"|"&$A95&"|"&$J95,'ANEXO IV - Kits por Polo'!$I$2:$I$615,0)),0) -> 23 | F95: =IFERROR(INDEX('ANEXO IV - Kits por Polo'!$G$2:$G$615,MATCH($M95&"|"&$K95&"|"&$A95&"|"&$J95,'ANEXO IV - Kits por Polo'!$I$2:$I$615,0)),0) -> 243177 | G95: MANAQUIRI | H95: =IFERROR(INDEX('ANEXO IV - Kits por Polo'!$H$2:$H$615,MATCH($M95&"|"&$K95&"|"&$A95&"|"&$J95,'ANEXO IV - Kits por Polo'!$I$2:$I$615,0)),0) -> 1359.15 | I95: =MAX(F95/1000,H95*0.3) -> 407.745 | J95: MANAUS | K95: POLO BASE | L95: TIPO II | M95: MANAQUIRI | N95: POLO BASE DE MANAQUIRI | O95: 9003452 | P95: -3.433442025722278, -60.45840199668424 | Q95: -3.433442 | R95: -60.458402 | S95: Terrestre | T95: R. CAPITALINO FREIRE S/N - AJURICABA, MANAQUIRI - AM | U95: 69435000 | V95: https://maps.app.goo.gl/aF1AKkuA8Ct3ur2G8
A96: AM | B96: =IF(OR(A96="AC",A96="AM",A96="AP",A96="PA",A96="RO",A96="RR",A96="TO"),"Manaus/AM",IF(OR(A96="AL",A96="BA",A96="CE",A96="MA",A96="PB",A96="PE",A96="PI",A96="RN",A96="SE"),"Recife/PE",IF(OR(A96="MT",A96="MS",A96="GO",A96="DF"),"Campo Grande/MS",IF(OR(A96="SC",A96="PR",A96="RS",A96="MG",A96="ES",A96="SP",A96="RJ"),"Curitiba/PR","VERIFICAR UF")))) -> Manaus/AM | E96: =IFERROR(INDEX('ANEXO IV - Kits por Polo'!$F$2:$F$615,MATCH($M96&"|"&$K96&"|"&$A96&"|"&$J96,'ANEXO IV - Kits por Polo'!$I$2:$I$615,0)),0) -> 53 | F96: =IFERROR(INDEX('ANEXO IV - Kits por Polo'!$G$2:$G$615,MATCH($M96&"|"&$K96&"|"&$A96&"|"&$J96,'ANEXO IV - Kits por Polo'!$I$2:$I$615,0)),0) -> 447700 | G96: MANAUS | H96: =IFERROR(INDEX('ANEXO IV - Kits por Polo'!$H$2:$H$615,MATCH($M96&"|"&$K96&"|"&$A96&"|"&$J96,'ANEXO IV - Kits por Polo'!$I$2:$I$615,0)),0) -> 2567.11 | I96: =MAX(F96/1000,H96*0.3) -> 770.133 | J96: MANAUS | K96: DSEI | L96: SEDE | M96: MANAUS | N96: DISTRITO SANITARIO ESPECIAL INDIGENA MANAUS | O96: 7026153 | P96: -3.09619166666667, -60.0225472222222 | Q96: -3.0961917 | R96: -60.022547 | S96: Terrestre | T96: AV. DJALMA BATISTA, 1018 - CHAPADA, MANAUS - AM | U96: 69050010 | V96: https://maps.app.goo.gl/BjhZKePfz35WT86V7
A97: AM | B97: =IF(OR(A97="AC",A97="AM",A97="AP",A97="PA",A97="RO",A97="RR",A97="TO"),"Manaus/AM",IF(OR(A97="AL",A97="BA",A97="CE",A97="MA",A97="PB",A97="PE",A97="PI",A97="RN",A97="SE"),"Recife/PE",IF(OR(A97="MT",A97="MS",A97="GO",A97="DF"),"Campo Grande/MS",IF(OR(A97="SC",A97="PR",A97="RS",A97="MG",A97="ES",A97="SP",A97="RJ"),"Curitiba/PR","VERIFICAR UF")))) -> Manaus/AM | E97: =IFERROR(INDEX('ANEXO IV - Kits por Polo'!$F$2:$F$615,MATCH($M97&"|"&$K97&"|"&$A97&"|"&$J97,'ANEXO IV - Kits por Polo'!$I$2:$I$615,0)),0) -> 9 | F97: =IFERROR(INDEX('ANEXO IV - Kits por Polo'!$G$2:$G$615,MATCH($M97&"|"&$K97&"|"&$A97&"|"&$J97,'ANEXO IV - Kits por Polo'!$I$2:$I$615,0)),0) -> 86381 | G97: MANICORÉ | H97: =IFERROR(INDEX('ANEXO IV - Kits por Polo'!$H$2:$H$615,MATCH($M97&"|"&$K97&"|"&$A97&"|"&$J97,'ANEXO IV - Kits por Polo'!$I$2:$I$615,0)),0) -> 488.41 | I97: =MAX(F97/1000,H97*0.3) -> 146.523 | J97: MANAUS | K97: SUBPOLO | L97: CASA ADMINISTRATIVA | M97: MANICORE | N97: POLO BASE MANICORE | O97: 9423370 | P97: -5.8011198166497335, -61.28574058465154 | Q97: -5.8011198 | R97: -61.285741 | S97: Terrestre | T97: R. QUATRO, 372-422, AUXILIADORA, MANICORÉ - AM | U97: 69280000 | V97: https://www.google.com/maps/place/CASAI+Manicor%C3%A9+-+DSEI+Manaus/@-5.8017936,-61.2860276,280m/data=!3m1!1e3!4m12!1m5!3m4!2zNcKwNDgnMDEuMyJTIDYxwrAxNycwMy4xIlc!8m2!3d-5.8003547!4d-61.2841804!3m5!1s0x924759007fa34063:0x3e79e7e62f85564f!8m2!3d-5.8011144!4d-61.2857417!16s%2Fg%2F11wtcg36g3?entry=ttu&g_ep=EgoyMDI2MDgwNS4xIKXMDSoASAFQAw%3D%3D
A98: AM | B98: =IF(OR(A98="AC",A98="AM",A98="AP",A98="PA",A98="RO",A98="RR",A98="TO"),"Manaus/AM",IF(OR(A98="AL",A98="BA",A98="CE",A98="MA",A98="PB",A98="PE",A98="PI",A98="RN",A98="SE"),"Recife/PE",IF(OR(A98="MT",A98="MS",A98="GO",A98="DF"),"Campo Grande/MS",IF(OR(A98="SC",A98="PR",A98="RS",A98="MG",A98="ES",A98="SP",A98="RJ"),"Curitiba/PR","VERIFICAR UF")))) -> Manaus/AM | E98: =IFERROR(INDEX('ANEXO IV - Kits por Polo'!$F$2:$F$615,MATCH($M98&"|"&$K98&"|"&$A98&"|"&$J98,'ANEXO IV - Kits por Polo'!$I$2:$I$615,0)),0) -> 37 | F98: =IFERROR(INDEX('ANEXO IV - Kits por Polo'!$G$2:$G$615,MATCH($M98&"|"&$K98&"|"&$A98&"|"&$J98,'ANEXO IV - Kits por Polo'!$I$2:$I$615,0)),0) -> 399972 | G98: AUTAZES | H98: =IFERROR(INDEX('ANEXO IV - Kits por Polo'!$H$2:$H$615,MATCH($M98&"|"&$K98&"|"&$A98&"|"&$J98,'ANEXO IV - Kits por Polo'!$I$2:$I$615,0)),0) -> 2229.89 | I98: =MAX(F98/1000,H98*0.3) -> 668.967 | J98: MANAUS | K98: POLO BASE | L98: TIPO I | M98: MURUTINGA | N98: MURUTINGA | O98: 7428065 | P98: -3.3816350182968358, -59.25597723459672 | Q98: -3.381635 | R98: -59.255977 | S98: Terrestre + Fluvial | T98: ALDEIA DO MURUTINGA, S/N, ZONA RURAL, AUTAZES - AM | U98: 69240000 | V98: https://maps.app.goo.gl/Wydy4kbKDPWc7pCb8
A99: AM | B99: =IF(OR(A99="AC",A99="AM",A99="AP",A99="PA",A99="RO",A99="RR",A99="TO"),"Manaus/AM",IF(OR(A99="AL",A99="BA",A99="CE",A99="MA",A99="PB",A99="PE",A99="PI",A99="RN",A99="SE"),"Recife/PE",IF(OR(A99="MT",A99="MS",A99="GO",A99="DF"),"Campo Grande/MS",IF(OR(A99="SC",A99="PR",A99="RS",A99="MG",A99="ES",A99="SP",A99="RJ"),"Curitiba/PR","VERIFICAR UF")))) -> Manaus/AM | E99: =IFERROR(INDEX('ANEXO IV - Kits por Polo'!$F$2:$F$615,MATCH($M99&"|"&$K99&"|"&$A99&"|"&$J99,'ANEXO IV - Kits por Polo'!$I$2:$I$615,0)),0) -> 20 | F99: =IFERROR(INDEX('ANEXO IV - Kits por Polo'!$G$2:$G$615,MATCH($M99&"|"&$K99&"|"&$A99&"|"&$J99,'ANEXO IV - Kits por Polo'!$I$2:$I$615,0)),0) -> 228234 | G99: IRANDUBA | H99: =IFERROR(INDEX('ANEXO IV - Kits por Polo'!$H$2:$H$615,MATCH($M99&"|"&$K99&"|"&$A99&"|"&$J99,'ANEXO IV - Kits por Polo'!$I$2:$I$615,0)),0) -> 1264.9 | I99: =MAX(F99/1000,H99*0.3) -> 379.47 | J99: MANAUS | K99: POLO BASE | L99: TIPO I | M99: NOSSA SENHORA DA SAÚDE | N99: TRÊS UNIDOS | O99: 7132034 | P99: -2.8209985946154017, -60.50332302932844 | Q99: -2.8209986 | R99: -60.503323 | S99: Fluvial | T99: RIO CUIEIRAS, S/N, CUIEIRAS, MANAUS - AM | U99: 69050000 | V99: https://maps.app.goo.gl/7jovntKJ1MhwrRKbA
A100: AM | B100: =IF(OR(A100="AC",A100="AM",A100="AP",A100="PA",A100="RO",A100="RR",A100="TO"),"Manaus/AM",IF(OR(A100="AL",A100="BA",A100="CE",A100="MA",A100="PB",A100="PE",A100="PI",A100="RN",A100="SE"),"Recife/PE",IF(OR(A100="MT",A100="MS",A100="GO",A100="DF"),"Campo Grande/MS",IF(OR(A100="SC",A100="PR",A100="RS",A100="MG",A100="ES",A100="SP",A100="RJ"),"Curitiba/PR","VERIFICAR UF")))) -> Manaus/AM | E100: =IFERROR(INDEX('ANEXO IV - Kits por Polo'!$F$2:$F$615,MATCH($M100&"|"&$K100&"|"&$A100&"|"&$J100,'ANEXO IV - Kits por Polo'!$I$2:$I$615,0)),0) -> 59 | F100: =IFERROR(INDEX('ANEXO IV - Kits por Polo'!$G$2:$G$615,MATCH($M100&"|"&$K100&"|"&$A100&"|"&$J100,'ANEXO IV - Kits por Polo'!$I$2:$I$615,0)),0) -> 416558 | G100: NOVA OLINDA DO NORTE | H100: =IFERROR(INDEX('ANEXO IV - Kits por Polo'!$H$2:$H$615,MATCH($M100&"|"&$K100&"|"&$A100&"|"&$J100,'ANEXO IV - Kits por Polo'!$I$2:$I$615,0)),0) -> 2460.77 | I100: =MAX(F100/1000,H100*0.3) -> 738.231 | J100: MANAUS | K100: CASAI | L100: CASAI | M100: NOVA OLINDA DO NORTE | N100: CASAI NOVA OLINDA DO NORTE | O100: 9124888 | P100: -2.9138061562828983, -59.99187207886999 | Q100: -2.9138062 | R100: -59.991872 | S100: Terrestre | T100: RODOVIA DEP. VITAL DE MENDONÇA - AM 10 KM 25, MANAUS - AM | U100: 69230000 | V100: https://www.google.com/maps/place/2%C2%B054'49.7%22S+59%C2%B059'30.7%22W/@-2.9138049,-59.9925158,362m/data=!3m2!1e3!4b1!4m4!3m3!8m2!3d-2.9138062!4d-59.9918721?entry=ttu&g_ep=EgoyMDI2MDgwOS4wIKXMDSoASAFQAw%3D%3D
A101: AM | B101: =IF(OR(A101="AC",A101="AM",A101="AP",A101="PA",A101="RO",A101="RR",A101="TO"),"Manaus/AM",IF(OR(A101="AL",A101="BA",A101="CE",A101="MA",A101="PB",A101="PE",A101="PI",A101="RN",A101="SE"),"Recife/PE",IF(OR(A101="MT",A101="MS",A101="GO",A101="DF"),"Campo Grande/MS",IF(OR(A101="SC",A101="PR",A101="RS",A101="MG",A101="ES",A101="SP",A101="RJ"),"Curitiba/PR","VERIFICAR UF")))) -> Manaus/AM | E101: =IFERROR(INDEX('ANEXO IV - Kits por Polo'!$F$2:$F$615,MATCH($M101&"|"&$K101&"|"&$A101&"|"&$J101,'ANEXO IV - Kits por Polo'!$I$2:$I$615,0)),0) -> 6 | F101: =IFERROR(INDEX('ANEXO IV - Kits por Polo'!$G$2:$G$615,MATCH($M101&"|"&$K101&"|"&$A101&"|"&$J101,'ANEXO IV - Kits por Polo'!$I$2:$I$615,0)),0) -> 47694 | G101: NOVO AIRÃO | H101: =IFERROR(INDEX('ANEXO IV - Kits por Polo'!$H$2:$H$615,MATCH($M101&"|"&$K101&"|"&$A101&"|"&$J101,'ANEXO IV - Kits por Polo'!$I$2:$I$615,0)),0) -> 276.64 | I101: =MAX(F101/1000,H101*0.3) -> 82.992 | J101: MANAUS | K101: SUBPOLO | L101: NÃO CHANCELADO | M101: NOVO AIRÃO | N101: DISTRITO SANITARIO ESPECIAL INDIGENA NOVO AIRAO | O101: 8031371 | P101: -2.6350494685127313, -60.94300670043894 | Q101: -2.6350495 | R101: -60.943007 | S101: Terrestre | T101: RUA SERVULO NASCIMENTO, 51, CENTRO, NOVO AIRÃO - AM | U101: 69730000 | V101: https://www.google.com/maps/place/R.+S%C3%A9rvulo+Nascimento,+6,+Novo+Air%C3%A3o+-+AM,+69730-000/@-2.6352634,-60.9430508,350m/data=!3m1!1e3!4m6!3m5!1s0x926d18adf2b2a92d:0xf7be68925292868d!8m2!3d-2.6350628!4d-60.9430508!16s%2Fg%2F11f3nft0fy?entry=ttu&g_ep=EgoyMDI2MDgzMS4wIKXMDSoASAFQAw%3D%3D
A102: AM | B102: =IF(OR(A102="AC",A102="AM",A102="AP",A102="PA",A102="RO",A102="RR",A102="TO"),"Manaus/AM",IF(OR(A102="AL",A102="BA",A102="CE",A102="MA",A102="PB",A102="PE",A102="PI",A102="RN",A102="SE"),"Recife/PE",IF(OR(A102="MT",A102="MS",A102="GO",A102="DF"),"Campo Grande/MS",IF(OR(A102="SC",A102="PR",A102="RS",A102="MG",A102="ES",A102="SP",A102="RJ"),"Curitiba/PR","VERIFICAR UF")))) -> Manaus/AM | E102: =IFERROR(INDEX('ANEXO IV - Kits por Polo'!$F$2:$F$615,MATCH($M102&"|"&$K102&"|"&$A102&"|"&$J102,'ANEXO IV - Kits por Polo'!$I$2:$I$615,0)),0) -> 76 | F102: =IFERROR(INDEX('ANEXO IV - Kits por Polo'!$G$2:$G$615,MATCH($M102&"|"&$K102&"|"&$A102&"|"&$J102,'ANEXO IV - Kits por Polo'!$I$2:$I$615,0)),0) -> 801992 | G102: AUTAZES | H102: =IFERROR(INDEX('ANEXO IV - Kits por Polo'!$H$2:$H$615,MATCH($M102&"|"&$K102&"|"&$A102&"|"&$J102,'ANEXO IV - Kits por Polo'!$I$2:$I$615,0)),0) -> 4483.44 | I102: =MAX(F102/1000,H102*0.3) -> 1345.032 | J102: MANAUS | K102: POLO BASE | L102: TIPO II | M102: PANTALEÃO | N102: POLO BASE DO PANTALEAO AUTAZES | O102: 7365004 | P102: -3.5805622516498015, -59.130895165907695 | Q102: -3.5805623 | R102: -59.130895 | S102: Fluvial | T102: RUA PEDRO NOBRE, 179, AUTAZES, AM | U102: 69240000 | V102: https://maps.app.goo.gl/77tzZcCD23CovpBL8
A103: AM | B103: =IF(OR(A103="AC",A103="AM",A103="AP",A103="PA",A103="RO",A103="RR",A103="TO"),"Manaus/AM",IF(OR(A103="AL",A103="BA",A103="CE",A103="MA",A103="PB",A103="PE",A103="PI",A103="RN",A103="SE"),"Recife/PE",IF(OR(A103="MT",A103="MS",A103="GO",A103="DF"),"Campo Grande/MS",IF(OR(A103="SC",A103="PR",A103="RS",A103="MG",A103="ES",A103="SP",A103="RJ"),"Curitiba/PR","VERIFICAR UF")))) -> Manaus/AM | E103: =IFERROR(INDEX('ANEXO IV - Kits por Polo'!$F$2:$F$615,MATCH($M103&"|"&$K103&"|"&$A103&"|"&$J103,'ANEXO IV - Kits por Polo'!$I$2:$I$615,0)),0) -> 31 | F103: =IFERROR(INDEX('ANEXO IV - Kits por Polo'!$G$2:$G$615,MATCH($M103&"|"&$K103&"|"&$A103&"|"&$J103,'ANEXO IV - Kits por Polo'!$I$2:$I$615,0)),0) -> 340406 | G103: MANICORÉ | H103: =IFERROR(INDEX('ANEXO IV - Kits por Polo'!$H$2:$H$615,MATCH($M103&"|"&$K103&"|"&$A103&"|"&$J103,'ANEXO IV - Kits por Polo'!$I$2:$I$615,0)),0) -> 1894.49 | I103: =MAX(F103/1000,H103*0.3) -> 568.347 | J103: MANAUS | K103: POLO BASE | L103: TIPO I | M103: PONTA NATAL | N103: PONTA NATAL | O103: 7800347 | P103: -5.550557012280401, -60.78527721570407 | Q103: -5.550557 | R103: -60.785277 | S103: Fluvial | T103: RIO MATAURA ALDEIA PONTA NATAL, S/N, MANICORÉ - AM | U103: 69280000 | V103: https://www.google.com/maps/place/5%C2%B033'02.0%22S+60%C2%B047'07.0%22W/@-5.5505517,-60.7878521,1122m/data=!3m2!1e3!4b1!4m4!3m3!8m2!3d-5.550557!4d-60.7852772?entry=ttu&g_ep=EgoyMDI2MDgwNS4xIKXMDSoASAFQAw%3D%3D
A104: AM | B104: =IF(OR(A104="AC",A104="AM",A104="AP",A104="PA",A104="RO",A104="RR",A104="TO"),"Manaus/AM",IF(OR(A104="AL",A104="BA",A104="CE",A104="MA",A104="PB",A104="PE",A104="PI",A104="RN",A104="SE"),"Recife/PE",IF(OR(A104="MT",A104="MS",A104="GO",A104="DF"),"Campo Grande/MS",IF(OR(A104="SC",A104="PR",A104="RS",A104="MG",A104="ES",A104="SP",A104="RJ"),"Curitiba/PR","VERIFICAR UF")))) -> Manaus/AM | E104: =IFERROR(INDEX('ANEXO IV - Kits por Polo'!$F$2:$F$615,MATCH($M104&"|"&$K104&"|"&$A104&"|"&$J104,'ANEXO IV - Kits por Polo'!$I$2:$I$615,0)),0) -> 6 | F104: =IFERROR(INDEX('ANEXO IV - Kits por Polo'!$G$2:$G$615,MATCH($M104&"|"&$K104&"|"&$A104&"|"&$J104,'ANEXO IV - Kits por Polo'!$I$2:$I$615,0)),0) -> 59566 | G104: SILVES | H104: =IFERROR(INDEX('ANEXO IV - Kits por Polo'!$H$2:$H$615,MATCH($M104&"|"&$K104&"|"&$A104&"|"&$J104,'ANEXO IV - Kits por Polo'!$I$2:$I$615,0)),0) -> 335.4 | I104: =MAX(F104/1000,H104*0.3) -> 100.62 | J104: MANAUS | K104: SUBPOLO | L104: NÃO CHANCELADO | M104: SILVES | N104: SILVES | O104: - | P104: -2.936308459476913, -58.56136054185256 | Q104: -2.9363085 | R104: -58.561361 | S104: Terrestre + Fluvial | T104: RIO ANEBÁ, COMUNIDADE DO LIVRAMENTO, S/N, ALDEIA GAVIÃO REAL I, SILVES - AM | U104: 69114000 | V104: https://maps.app.goo.gl/CcGHTvU1WEcxLd4U6
A105: AM | B105: =IF(OR(A105="AC",A105="AM",A105="AP",A105="PA",A105="RO",A105="RR",A105="TO"),"Manaus/AM",IF(OR(A105="AL",A105="BA",A105="CE",A105="MA",A105="PB",A105="PE",A105="PI",A105="RN",A105="SE"),"Recife/PE",IF(OR(A105="MT",A105="MS",A105="GO",A105="DF"),"Campo Grande/MS",IF(OR(A105="SC",A105="PR",A105="RS",A105="MG",A105="ES",A105="SP",A105="RJ"),"Curitiba/PR","VERIFICAR UF")))) -> Manaus/AM | E105: =IFERROR(INDEX('ANEXO IV - Kits por Polo'!$F$2:$F$615,MATCH($M105&"|"&$K105&"|"&$A105&"|"&$J105,'ANEXO IV - Kits por Polo'!$I$2:$I$615,0)),0) -> 12 | F105: =IFERROR(INDEX('ANEXO IV - Kits por Polo'!$G$2:$G$615,MATCH($M105&"|"&$K105&"|"&$A105&"|"&$J105,'ANEXO IV - Kits por Polo'!$I$2:$I$615,0)),0) -> 119132 | G105: URUCARÁ | H105: =IFERROR(INDEX('ANEXO IV - Kits por Polo'!$H$2:$H$615,MATCH($M105&"|"&$K105&"|"&$A105&"|"&$J105,'ANEXO IV - Kits por Polo'!$I$2:$I$615,0)),0) -> 670.8 | I105: =MAX(F105/1000,H105*0.3) -> 201.24 | J105: MANAUS | K105: POLO BASE | L105: TIPO II | M105: URUCARÁ | N105: POLO BASE DE URUCARA | O105: 7314507 | P105: -2.5367130550001744, -57.76163222399537 | Q105: -2.5367131 | R105: -57.761632 | S105: Fluvial | T105: CORONEL LIBORIO, S/N, SAO JOSE, URUCARA - AM | U105: 69130000 | V105: https://maps.app.goo.gl/VYvVHiK4sogqfdCu8
A106: AM | B106: =IF(OR(A106="AC",A106="AM",A106="AP",A106="PA",A106="RO",A106="RR",A106="TO"),"Manaus/AM",IF(OR(A106="AL",A106="BA",A106="CE",A106="MA",A106="PB",A106="PE",A106="PI",A106="RN",A106="SE"),"Recife/PE",IF(OR(A106="MT",A106="MS",A106="GO",A106="DF"),"Campo Grande/MS",IF(OR(A106="SC",A106="PR",A106="RS",A106="MG",A106="ES",A106="SP",A106="RJ"),"Curitiba/PR","VERIFICAR UF")))) -> Manaus/AM | E106: =IFERROR(INDEX('ANEXO IV - Kits por Polo'!$F$2:$F$615,MATCH($M106&"|"&$K106&"|"&$A106&"|"&$J106,'ANEXO IV - Kits por Polo'!$I$2:$I$615,0)),0) -> 37 | F106: =IFERROR(INDEX('ANEXO IV - Kits por Polo'!$G$2:$G$615,MATCH($M106&"|"&$K106&"|"&$A106&"|"&$J106,'ANEXO IV - Kits por Polo'!$I$2:$I$615,0)),0) -> 398830 | G106: TAPAUÁ | H106: =IFERROR(INDEX('ANEXO IV - Kits por Polo'!$H$2:$H$615,MATCH($M106&"|"&$K106&"|"&$A106&"|"&$J106,'ANEXO IV - Kits por Polo'!$I$2:$I$615,0)),0) -> 2221.375 | I106: =MAX(F106/1000,H106*0.3) -> 666.4125 | J106: MÉDIO RIO PURUS | K106: POLO BASE | L106: TIPO I | M106: ABAQUADI | N106: ABAQUADI | O106: 9472851 | P106: -5.8968846406968725, -64.64124401640454 | Q106: -5.8968846 | R106: -64.641244 | S106: Fluvial | T106: ALDEIA COLONIA ZONA RURAL TAPAUA - AM | U106: 69480000 | V106: https://www.google.com/maps?q=-5.896794,-64.641052
A107: AM | B107: =IF(OR(A107="AC",A107="AM",A107="AP",A107="PA",A107="RO",A107="RR",A107="TO"),"Manaus/AM",IF(OR(A107="AL",A107="BA",A107="CE",A107="MA",A107="PB",A107="PE",A107="PI",A107="RN",A107="SE"),"Recife/PE",IF(OR(A107="MT",A107="MS",A107="GO",A107="DF"),"Campo Grande/MS",IF(OR(A107="SC",A107="PR",A107="RS",A107="MG",A107="ES",A107="SP",A107="RJ"),"Curitiba/PR","VERIFICAR UF")))) -> Manaus/AM | E107: =IFERROR(INDEX('ANEXO IV - Kits por Polo'!$F$2:$F$615,MATCH($M107&"|"&$K107&"|"&$A107&"|"&$J107,'ANEXO IV - Kits por Polo'!$I$2:$I$615,0)),0) -> 15 | F107: =IFERROR(INDEX('ANEXO IV - Kits por Polo'!$G$2:$G$615,MATCH($M107&"|"&$K107&"|"&$A107&"|"&$J107,'ANEXO IV - Kits por Polo'!$I$2:$I$615,0)),0) -> 138869 | G107: LÁBREA | H107: =IFERROR(INDEX('ANEXO IV - Kits por Polo'!$H$2:$H$615,MATCH($M107&"|"&$K107&"|"&$A107&"|"&$J107,'ANEXO IV - Kits por Polo'!$I$2:$I$615,0)),0) -> 785.915 | I107: =MAX(F107/1000,H107*0.3) -> 235.7745 | J107: MÉDIO RIO PURUS | K107: POLO BASE | L107: TIPO I | M107: CASA NOVA | N107: CASA NOVA | O107: 9425640 | P107: -7.305505472640937, -65.26050232176728 | Q107: -7.3055055 | R107: -65.260502 | S107: Terrestre + Aéreo + Fluvial | T107: TERRA INDIGENA CACURIÃ, ZONA RURAL, LABREA - AM | U107: 69830000 | V107: https://www.google.com/maps?q=-7.305499999999999,-65.2605
A108: AM | B108: =IF(OR(A108="AC",A108="AM",A108="AP",A108="PA",A108="RO",A108="RR",A108="TO"),"Manaus/AM",IF(OR(A108="AL",A108="BA",A108="CE",A108="MA",A108="PB",A108="PE",A108="PI",A108="RN",A108="SE"),"Recife/PE",IF(OR(A108="MT",A108="MS",A108="GO",A108="DF"),"Campo Grande/MS",IF(OR(A108="SC",A108="PR",A108="RS",A108="MG",A108="ES",A108="SP",A108="RJ"),"Curitiba/PR","VERIFICAR UF")))) -> Manaus/AM | E108: =IFERROR(INDEX('ANEXO IV - Kits por Polo'!$F$2:$F$615,MATCH($M108&"|"&$K108&"|"&$A108&"|"&$J108,'ANEXO IV - Kits por Polo'!$I$2:$I$615,0)),0) -> 9 | F108: =IFERROR(INDEX('ANEXO IV - Kits por Polo'!$G$2:$G$615,MATCH($M108&"|"&$K108&"|"&$A108&"|"&$J108,'ANEXO IV - Kits por Polo'!$I$2:$I$615,0)),0) -> 86381 | G108: LÁBREA | H108: =IFERROR(INDEX('ANEXO IV - Kits por Polo'!$H$2:$H$615,MATCH($M108&"|"&$K108&"|"&$A108&"|"&$J108,'ANEXO IV - Kits por Polo'!$I$2:$I$615,0)),0) -> 488.41 | I108: =MAX(F108/1000,H108*0.3) -> 146.523 | J108: MÉDIO RIO PURUS | K108: SUBPOLO | L108: NÃO CHANCELADO | M108: CASA NOVA | N108: SÃO FRANCISCO | O108: 843032 | P108: -7.260958333333333, -65.36083611111111 | Q108: -7.2609583 | R108: -65.360836 | S108: Terrestre + Fluvial | T108: TERRA INDIGENA JARAWARA, ZONA RURAL, LABREA - AM | U108: 69830000 | V108: https://www.google.com/maps?q=-7.260958333333333,-65.36083611111111
... A112: AM | B112: =IF(OR(A112="AC",A112="AM",A112="AP",A112="PA",A112="RO",A112="RR",A112="TO"),"Manaus/AM",IF(OR(A112="AL",A112="BA",A112="CE",A112="MA",A112="PB",A112="PE",A112="PI",A112="RN",A112="SE"),"Recife/PE",IF(OR(A112="MT",A112="MS",A112="GO",A112="DF"),"Campo Grande/MS",IF(OR(A112="SC",A112="PR",A112="RS",A112="MG",A112="ES",A112="SP",A112="RJ"),"Curitiba/PR","VERIFICAR UF")))) -> Manaus/AM | E112: =IFERROR(INDEX('ANEXO IV - Kits por Polo'!$F$2:$F$615,MATCH($M112&"|"&$K112&"|"&$A112&"|"&$J112,'ANEXO IV - Kits por Polo'!$I$2:$I$615,0)),0) -> 16 | F112: =IFERROR(INDEX('ANEXO IV - Kits por Polo'!$G$2:$G$615,MATCH($M112&"|"&$K112&"|"&$A112&"|"&$J112,'ANEXO IV - Kits por Polo'!$I$2:$I$615,0)),0) -> 170715 | G112: LÁBREA | H112: =IFERROR(INDEX('ANEXO IV - Kits por Polo'!$H$2:$H$615,MATCH($M112&"|"&$K112&"|"&$A112&"|"&$J112,'ANEXO IV - Kits por Polo'!$I$2:$I$615,0)),0) -> 953.16 | I112: =MAX(F112/1000,H112*0.3) -> 285.948 | J112: MÉDIO RIO PURUS | K112: POLO BASE | L112: TIPO I | M112: JAPIIM | N112: JAPIIM | O112: 4206991 | P112: -7.692022667084601, -64.65721976366218 | Q112: -7.6920227 | R112: -64.65722 | S112: Terrestre + Fluvial | T112: TERRA INDIGENA RIO PACIA, ZONA RURAL, LABREA - AM | U112: 69830000 | V112: https://www.google.com/maps?q=-7.691322222222222,-64.65722777777778
A113: AM | B113: =IF(OR(A113="AC",A113="AM",A113="AP",A113="PA",A113="RO",A113="RR",A113="TO"),"Manaus/AM",IF(OR(A113="AL",A113="BA",A113="CE",A113="MA",A113="PB",A113="PE",A113="PI",A113="RN",A113="SE"),"Recife/PE",IF(OR(A113="MT",A113="MS",A113="GO",A113="DF"),"Campo Grande/MS",IF(OR(A113="SC",A113="PR",A113="RS",A113="MG",A113="ES",A113="SP",A113="RJ"),"Curitiba/PR","VERIFICAR UF")))) -> Manaus/AM | E113: =IFERROR(INDEX('ANEXO IV - Kits por Polo'!$F$2:$F$615,MATCH($M113&"|"&$K113&"|"&$A113&"|"&$J113,'ANEXO IV - Kits por Polo'!$I$2:$I$615,0)),0) -> 30 | F113: =IFERROR(INDEX('ANEXO IV - Kits por Polo'!$G$2:$G$615,MATCH($M113&"|"&$K113&"|"&$A113&"|"&$J113,'ANEXO IV - Kits por Polo'!$I$2:$I$615,0)),0) -> 228469 | G113: LÁBREA | H113: =IFERROR(INDEX('ANEXO IV - Kits por Polo'!$H$2:$H$615,MATCH($M113&"|"&$K113&"|"&$A113&"|"&$J113,'ANEXO IV - Kits por Polo'!$I$2:$I$615,0)),0) -> 1334.515 | I113: =MAX(F113/1000,H113*0.3) -> 400.3545 | J113: MÉDIO RIO PURUS | K113: DSEI | L113: SEDE | M113: LÁBREA | N113: DSEI MEDIO PURUS | O113: 7723628 | P113: -7.261387129163185, -64.79989549909489 | Q113: -7.2613871 | R113: -64.799895 | S113: Terrestre | T113: Rua Dr joão Fábio 1964, Centro, Lábrea - AM | U113: 69830000 | V113: https://maps.app.goo.gl/mFuUQYQaESMSgGsFA
A114: AM | B114: =IF(OR(A114="AC",A114="AM",A114="AP",A114="PA",A114="RO",A114="RR",A114="TO"),"Manaus/AM",IF(OR(A114="AL",A114="BA",A114="CE",A114="MA",A114="PB",A114="PE",A114="PI",A114="RN",A114="SE"),"Recife/PE",IF(OR(A114="MT",A114="MS",A114="GO",A114="DF"),"Campo Grande/MS",IF(OR(A114="SC",A114="PR",A114="RS",A114="MG",A114="ES",A114="SP",A114="RJ"),"Curitiba/PR","VERIFICAR UF")))) -> Manaus/AM | E114: =IFERROR(INDEX('ANEXO IV - Kits por Polo'!$F$2:$F$615,MATCH($M114&"|"&$K114&"|"&$A114&"|"&$J114,'ANEXO IV - Kits por Polo'!$I$2:$I$615,0)),0) -> 18 | F114: =IFERROR(INDEX('ANEXO IV - Kits por Polo'!$G$2:$G$615,MATCH($M114&"|"&$K114&"|"&$A114&"|"&$J114,'ANEXO IV - Kits por Polo'!$I$2:$I$615,0)),0) -> 125274 | G114: LÁBREA | H114: =IFERROR(INDEX('ANEXO IV - Kits por Polo'!$H$2:$H$615,MATCH($M114&"|"&$K114&"|"&$A114&"|"&$J114,'ANEXO IV - Kits por Polo'!$I$2:$I$615,0)),0) -> 741.78 | I114: =MAX(F114/1000,H114*0.3) -> 222.534 | J114: MÉDIO RIO PURUS | K114: CASAI | L114: CASAI | M114: LÁBREA | N114: CASA DE SAUDE INDIGENA DE LABREA CASAI | O114: 9424601 | P114: -7.269693984772793, -64.7845845819639 | Q114: -7.269694 | R114: -64.784585 | S114: Terrestre | T114: ESTRADA DO AEROPORTO, 1943 - LABREA - AM | U114: 69830000 | V114: https://maps.app.goo.gl/QBecCJYF1Po13fYV9
A115: AM | B115: =IF(OR(A115="AC",A115="AM",A115="AP",A115="PA",A115="RO",A115="RR",A115="TO"),"Manaus/AM",IF(OR(A115="AL",A115="BA",A115="CE",A115="MA",A115="PB",A115="PE",A115="PI",A115="RN",A115="SE"),"Recife/PE",IF(OR(A115="MT",A115="MS",A115="GO",A115="DF"),"Campo Grande/MS",IF(OR(A115="SC",A115="PR",A115="RS",A115="MG",A115="ES",A115="SP",A115="RJ"),"Curitiba/PR","VERIFICAR UF")))) -> Manaus/AM | E115: =IFERROR(INDEX('ANEXO IV - Kits por Polo'!$F$2:$F$615,MATCH($M115&"|"&$K115&"|"&$A115&"|"&$J115,'ANEXO IV - Kits por Polo'!$I$2:$I$615,0)),0) -> 28 | F115: =IFERROR(INDEX('ANEXO IV - Kits por Polo'!$G$2:$G$615,MATCH($M115&"|"&$K115&"|"&$A115&"|"&$J115,'ANEXO IV - Kits por Polo'!$I$2:$I$615,0)),0) -> 289847 | G115: TAPAUÁ | H115: =IFERROR(INDEX('ANEXO IV - Kits por Polo'!$H$2:$H$615,MATCH($M115&"|"&$K115&"|"&$A115&"|"&$J115,'ANEXO IV - Kits por Polo'!$I$2:$I$615,0)),0) -> 1623.96 | I115: =MAX(F115/1000,H115*0.3) -> 487.188 | J115: MÉDIO RIO PURUS | K115: POLO BASE | L115: TIPO I | M115: MARRECÃO | N115: MARRECÃO | O115: 9472878 | P115: -6.810694444444445, -66.9331138888889 | Q115: -6.8106944 | R115: -66.933114 | S115: Fluvial + Aéreo | T115: ALDEIA MARRECAO TERRA INDÍGENA DENI, RIO CUNIUA, TAPAUA - AM | U115: 69480000 | V115: https://www.google.com/maps?q=-6.810694444444445,-66.9331138888889
A116: AM | B116: =IF(OR(A116="AC",A116="AM",A116="AP",A116="PA",A116="RO",A116="RR",A116="TO"),"Manaus/AM",IF(OR(A116="AL",A116="BA",A116="CE",A116="MA",A116="PB",A116="PE",A116="PI",A116="RN",A116="SE"),"Recife/PE",IF(OR(A116="MT",A116="MS",A116="GO",A116="DF"),"Campo Grande/MS",IF(OR(A116="SC",A116="PR",A116="RS",A116="MG",A116="ES",A116="SP",A116="RJ"),"Curitiba/PR","VERIFICAR UF")))) -> Manaus/AM | E116: =IFERROR(INDEX('ANEXO IV - Kits por Polo'!$F$2:$F$615,MATCH($M116&"|"&$K116&"|"&$A116&"|"&$J116,'ANEXO IV - Kits por Polo'!$I$2:$I$615,0)),0) -> 0 | F116: =IFERROR(INDEX('ANEXO IV - Kits por Polo'!$G$2:$G$615,MATCH($M116&"|"&$K116&"|"&$A116&"|"&$J116,'ANEXO IV - Kits por Polo'!$I$2:$I$615,0)),0) -> 0 | G116: CANUTAMA | H116: =IFERROR(INDEX('ANEXO IV - Kits por Polo'!$H$2:$H$615,MATCH($M116&"|"&$K116&"|"&$A116&"|"&$J116,'ANEXO IV - Kits por Polo'!$I$2:$I$615,0)),0) -> 0 | I116: =MAX(F116/1000,H116*0.3) -> 0 | J116: MÉDIO RIO PURUS | K116: SUBPOLO | L116: NÃO CHANCELADO | M116: PAJÉ SAWÊ | N116: - | O116: - | P116: -6.532212364404439, -64.38761722377308 | Q116: -6.5322124 | R116: -64.387617 | S116: Terrestre | T116: RUA BENJAMIN CONSTANT, 1413 - CANUTAMA - AM | U116: 69820000 | V116: https://maps.app.goo.gl/qmnwpxDdeo3H2mhA9
A117: AM | B117: =IF(OR(A117="AC",A117="AM",A117="AP",A117="PA",A117="RO",A117="RR",A117="TO"),"Manaus/AM",IF(OR(A117="AL",A117="BA",A117="CE",A117="MA",A117="PB",A117="PE",A117="PI",A117="RN",A117="SE"),"Recife/PE",IF(OR(A117="MT",A117="MS",A117="GO",A117="DF"),"Campo Grande/MS",IF(OR(A117="SC",A117="PR",A117="RS",A117="MG",A117="ES",A117="SP",A117="RJ"),"Curitiba/PR","VERIFICAR UF")))) -> Manaus/AM | E117: =IFERROR(INDEX('ANEXO IV - Kits por Polo'!$F$2:$F$615,MATCH($M117&"|"&$K117&"|"&$A117&"|"&$J117,'ANEXO IV - Kits por Polo'!$I$2:$I$615,0)),0) -> 14 | F117: =IFERROR(INDEX('ANEXO IV - Kits por Polo'!$G$2:$G$615,MATCH($M117&"|"&$K117&"|"&$A117&"|"&$J117,'ANEXO IV - Kits por Polo'!$I$2:$I$615,0)),0) -> 138988 | G117: LÁBREA | H117: =IFERROR(INDEX('ANEXO IV - Kits por Polo'!$H$2:$H$615,MATCH($M117&"|"&$K117&"|"&$A117&"|"&$J117,'ANEXO IV - Kits por Polo'!$I$2:$I$615,0)),0) -> 782.6 | I117: =MAX(F117/1000,H117*0.3) -> 234.78 | J117: MÉDIO RIO PURUS | K117: POLO BASE | L117: TIPO I | M117: SÃO PEDRO | N117: SÃO PEDRO | O117: 9425675 | P117: -7.917119444444444, -65.73713611111111 | Q117: -7.9171194 | R117: -65.737136 | S117: Fluvial | T117: TERRA INDIGENA RIO SAPATINI, ZONA RURAL, LABREA - AM | U117: 69830000 | V117: https://www.google.com/maps?q=-7.917119444444444,-65.73713611111111
A118: AM | B118: =IF(OR(A118="AC",A118="AM",A118="AP",A118="PA",A118="RO",A118="RR",A118="TO"),"Manaus/AM",IF(OR(A118="AL",A118="BA",A118="CE",A118="MA",A118="PB",A118="PE",A118="PI",A118="RN",A118="SE"),"Recife/PE",IF(OR(A118="MT",A118="MS",A118="GO",A118="DF"),"Campo Grande/MS",IF(OR(A118="SC",A118="PR",A118="RS",A118="MG",A118="ES",A118="SP",A118="RJ"),"Curitiba/PR","VERIFICAR UF")))) -> Manaus/AM | E118: =IFERROR(INDEX('ANEXO IV - Kits por Polo'!$F$2:$F$615,MATCH($M118&"|"&$K118&"|"&$A118&"|"&$J118,'ANEXO IV - Kits por Polo'!$I$2:$I$615,0)),0) -> 10 | F118: =IFERROR(INDEX('ANEXO IV - Kits por Polo'!$G$2:$G$615,MATCH($M118&"|"&$K118&"|"&$A118&"|"&$J118,'ANEXO IV - Kits por Polo'!$I$2:$I$615,0)),0) -> 69597 | G118: TAPAUÁ | H118: =IFERROR(INDEX('ANEXO IV - Kits por Polo'!$H$2:$H$615,MATCH($M118&"|"&$K118&"|"&$A118&"|"&$J118,'ANEXO IV - Kits por Polo'!$I$2:$I$615,0)),0) -> 412.1 | I118: =MAX(F118/1000,H118*0.3) -> 123.63 | J118: MÉDIO RIO PURUS | K118: CASAI | L118: CASAI | M118: TAPAUÁ | N118: CASA DE SAUDE INDIGENA DE TAPAUA | O118: 9237321 | P118: -5.6341457636453995, -63.19093133826239 | Q118: -5.6341458 | R118: -63.190931 | S118: Fluvial | T118: AVENIDA PRESIDENTE COSTA E SILVA, 5001 - ACAI - TAPAUA AM | U118: 69480000 | V118: https://maps.app.goo.gl/mwH8hXbAzN6sS2Pw8
A119: AM | B119: =IF(OR(A119="AC",A119="AM",A119="AP",A119="PA",A119="RO",A119="RR",A119="TO"),"Manaus/AM",IF(OR(A119="AL",A119="BA",A119="CE",A119="MA",A119="PB",A119="PE",A119="PI",A119="RN",A119="SE"),"Recife/PE",IF(OR(A119="MT",A119="MS",A119="GO",A119="DF"),"Campo Grande/MS",IF(OR(A119="SC",A119="PR",A119="RS",A119="MG",A119="ES",A119="SP",A119="RJ"),"Curitiba/PR","VERIFICAR UF")))) -> Manaus/AM | E119: =IFERROR(INDEX('ANEXO IV - Kits por Polo'!$F$2:$F$615,MATCH($M119&"|"&$K119&"|"&$A119&"|"&$J119,'ANEXO IV - Kits por Polo'!$I$2:$I$615,0)),0) -> 39 | F119: =IFERROR(INDEX('ANEXO IV - Kits por Polo'!$G$2:$G$615,MATCH($M119&"|"&$K119&"|"&$A119&"|"&$J119,'ANEXO IV - Kits por Polo'!$I$2:$I$615,0)),0) -> 389005 | G119: TAPAUÁ | H119: =IFERROR(INDEX('ANEXO IV - Kits por Polo'!$H$2:$H$615,MATCH($M119&"|"&$K119&"|"&$A119&"|"&$J119,'ANEXO IV - Kits por Polo'!$I$2:$I$615,0)),0) -> 2186.275 | I119: =MAX(F119/1000,H119*0.3) -> 655.8825 | J119: MÉDIO RIO PURUS | K119: POLO BASE | L119: TIPO I | M119: TAWAMIRIM | N119: SÃO LUCAS | O119: 9472835 | P119: -5.548391666666666, -63.10404166666667 | Q119: -5.5483917 | R119: -63.104042 | S119: Terrestre + Fluvial | T119: TERRA INDÍGENA TAWAMIRIM, ALDEIA SÃO LUCAS, TAPUÁ - AM | U119: 69480000 | V119: https://www.google.com/maps?q=-5.548391666666666,-63.10404166666667
A120: AM | B120: =IF(OR(A120="AC",A120="AM",A120="AP",A120="PA",A120="RO",A120="RR",A120="TO"),"Manaus/AM",IF(OR(A120="AL",A120="BA",A120="CE",A120="MA",A120="PB",A120="PE",A120="PI",A120="RN",A120="SE"),"Recife/PE",IF(OR(A120="MT",A120="MS",A120="GO",A120="DF"),"Campo Grande/MS",IF(OR(A120="SC",A120="PR",A120="RS",A120="MG",A120="ES",A120="SP",A120="RJ"),"Curitiba/PR","VERIFICAR UF")))) -> Manaus/AM | E120: =IFERROR(INDEX('ANEXO IV - Kits por Polo'!$F$2:$F$615,MATCH($M120&"|"&$K120&"|"&$A120&"|"&$J120,'ANEXO IV - Kits por Polo'!$I$2:$I$615,0)),0) -> 26 | F120: =IFERROR(INDEX('ANEXO IV - Kits por Polo'!$G$2:$G$615,MATCH($M120&"|"&$K120&"|"&$A120&"|"&$J120,'ANEXO IV - Kits por Polo'!$I$2:$I$615,0)),0) -> 258120 | G120: LÁBREA | H120: =IFERROR(INDEX('ANEXO IV - Kits por Polo'!$H$2:$H$615,MATCH($M120&"|"&$K120&"|"&$A120&"|"&$J120,'ANEXO IV - Kits por Polo'!$I$2:$I$615,0)),0) -> 1453.4 | I120: =MAX(F120/1000,H120*0.3) -> 436.02 | J120: MÉDIO RIO PURUS | K120: POLO BASE | L120: TIPO I | M120: TUMIÃ | N120: TUMIÃ | O120: 9427155 | P120: -7.653223411889774, -65.90960299181303 | Q120: -7.6532234 | R120: -65.909603 | S120: Terrestre + Fluvial | T120: TERRA INDÍGENA TUMIÃ, ZONA RURAL, LÁBREA - AM | U120: 69830000 | V120: https://www.google.com/maps/place/POLO+BASE+TUMI%C3%83+-+DSEI+MRP/@-7.6566267,-65.9132399,1446m/data=!3m1!1e3!4m6!3m5!1s0x9228d3004de2224d:0xf09d33ada9fd97e8!8m2!3d-7.6532089!4d-65.909583!16s%2Fg%2F11zjvvsgn1?entry=ttu&g_ep=EgoyMDI2MDgxMS4wIKXMDSoASAFQAw%3D%3D
A121: AM | B121: =IF(OR(A121="AC",A121="AM",A121="AP",A121="PA",A121="RO",A121="RR",A121="TO"),"Manaus/AM",IF(OR(A121="AL",A121="BA",A121="CE",A121="MA",A121="PB",A121="PE",A121="PI",A121="RN",A121="SE"),"Recife/PE",IF(OR(A121="MT",A121="MS",A121="GO",A121="DF"),"Campo Grande/MS",IF(OR(A121="SC",A121="PR",A121="RS",A121="MG",A121="ES",A121="SP",A121="RJ"),"Curitiba/PR","VERIFICAR UF")))) -> Manaus/AM | E121: =IFERROR(INDEX('ANEXO IV - Kits por Polo'!$F$2:$F$615,MATCH($M121&"|"&$K121&"|"&$A121&"|"&$J121,'ANEXO IV - Kits por Polo'!$I$2:$I$615,0)),0) -> 54 | F121: =IFERROR(INDEX('ANEXO IV - Kits por Polo'!$G$2:$G$615,MATCH($M121&"|"&$K121&"|"&$A121&"|"&$J121,'ANEXO IV - Kits por Polo'!$I$2:$I$615,0)),0) -> 583583 | G121: TEFÉ | H121: =IFERROR(INDEX('ANEXO IV - Kits por Polo'!$H$2:$H$615,MATCH($M121&"|"&$K121&"|"&$A121&"|"&$J121,'ANEXO IV - Kits por Polo'!$I$2:$I$615,0)),0) -> 3253.64 | I121: =MAX(F121/1000,H121*0.3) -> 976.092 | J121: MÉDIO RIO SOLIMÕES E AFLUENTES | K121: POLO BASE | L121: TIPO I | M121: BARREIRA DA MISSÃO | N121: BETEL | O121: 6058396 | P121: -3.3966010580449066, -64.63169377626478 | Q121: -3.3966011 | R121: -64.631694 | S121: Terrestre | T121: COMUNIDADE BETEL RIO SOLIMÕES, S/, ZONA RURAL, TEFÉ - AM | U121: 69550005 | V121: https://www.google.com/maps?q=-3.396611111111111,-64.63169444444443
A122: AM | B122: =IF(OR(A122="AC",A122="AM",A122="AP",A122="PA",A122="RO",A122="RR",A122="TO"),"Manaus/AM",IF(OR(A122="AL",A122="BA",A122="CE",A122="MA",A122="PB",A122="PE",A122="PI",A122="RN",A122="SE"),"Recife/PE",IF(OR(A122="MT",A122="MS",A122="GO",A122="DF"),"Campo Grande/MS",IF(OR(A122="SC",A122="PR",A122="RS",A122="MG",A122="ES",A122="SP",A122="RJ"),"Curitiba/PR","VERIFICAR UF")))) -> Manaus/AM | E122: =IFERROR(INDEX('ANEXO IV - Kits por Polo'!$F$2:$F$615,MATCH($M122&"|"&$K122&"|"&$A122&"|"&$J122,'ANEXO IV - Kits por Polo'!$I$2:$I$615,0)),0) -> 29 | F122: =IFERROR(INDEX('ANEXO IV - Kits por Polo'!$G$2:$G$615,MATCH($M122&"|"&$K122&"|"&$A122&"|"&$J122,'ANEXO IV - Kits por Polo'!$I$2:$I$615,0)),0) -> 290871 | G122: JUTAÍ | H122: =IFERROR(INDEX('ANEXO IV - Kits por Polo'!$H$2:$H$615,MATCH($M122&"|"&$K122&"|"&$A122&"|"&$J122,'ANEXO IV - Kits por Polo'!$I$2:$I$615,0)),0) -> 1635.79 | I122: =MAX(F122/1000,H122*0.3) -> 490.737 | J122: MÉDIO RIO SOLIMÕES E AFLUENTES | K122: POLO BASE | L122: TIPO I | M122: BIÁ | N122: BOCA DO BIÁ | O122: 7340923 | P122: -3.890583218296991, -67.51334905653765 | Q122: -3.8905832 | R122: -67.513349 | S122: Terrestre + Fluvial | T122: ALDEIA COMUNIDADE BOCA DO BIÁ, NA ZONA RURAL, JUTAÍ - AM | U122: 69660000 | V122: https://www.google.com/maps/place/3%C2%B053'26.1%22S+67%C2%B030'48.1%22W/@-3.8906186,-67.5141215,338m/data=!3m1!1e3!4m4!3m3!8m2!3d-3.8905832!4d-67.5133491?entry=ttu&g_ep=EgoyMDI2MDgyNi4wIKXMDSoASAFQAw%3D%3D
A123: AM | B123: =IF(OR(A123="AC",A123="AM",A123="AP",A123="PA",A123="RO",A123="RR",A123="TO"),"Manaus/AM",IF(OR(A123="AL",A123="BA",A123="CE",A123="MA",A123="PB",A123="PE",A123="PI",A123="RN",A123="SE"),"Recife/PE",IF(OR(A123="MT",A123="MS",A123="GO",A123="DF"),"Campo Grande/MS",IF(OR(A123="SC",A123="PR",A123="RS",A123="MG",A123="ES",A123="SP",A123="RJ"),"Curitiba/PR","VERIFICAR UF")))) -> Manaus/AM | E123: =IFERROR(INDEX('ANEXO IV - Kits por Polo'!$F$2:$F$615,MATCH($M123&"|"&$K123&"|"&$A123&"|"&$J123,'ANEXO IV - Kits por Polo'!$I$2:$I$615,0)),0) -> 49 | F123: =IFERROR(INDEX('ANEXO IV - Kits por Polo'!$G$2:$G$615,MATCH($M123&"|"&$K123&"|"&$A123&"|"&$J123,'ANEXO IV - Kits por Polo'!$I$2:$I$615,0)),0) -> 501296 | G123: JUTAÍ | H123: =IFERROR(INDEX('ANEXO IV - Kits por Polo'!$H$2:$H$615,MATCH($M123&"|"&$K123&"|"&$A123&"|"&$J123,'ANEXO IV - Kits por Polo'!$I$2:$I$615,0)),0) -> 2812.55 | I123: =MAX(F123/1000,H123*0.3) -> 843.765 | J123: MÉDIO RIO SOLIMÕES E AFLUENTES | K123: POLO BASE | L123: TIPO I | M123: BUGAIO | N123: ESTRELA DA PAZ | O123: 7340931 | P123: -2.8221842878397787, -66.89896849624337 | Q123: -2.8221843 | R123: -66.898968 | S123: Terrestre + Fluvial | T123: COMUNIDADE ESTRELA PAZ, ZONA RURAL, JUTAÍ - AM | U123: 69660000 | V123: https://www.google.com/maps/place/2%C2%B049'19.9%22S+66%C2%B053'56.3%22W/@-2.8221399,-66.8990689,62m/data=!3m1!1e3!4m4!3m3!8m2!3d-2.8221843!4d-66.8989685?entry=ttu&g_ep=EgoyMDI2MDgyNi4wIKXMDSoASAFQAw%3D%3D
A124: AM | B124: =IF(OR(A124="AC",A124="AM",A124="AP",A124="PA",A124="RO",A124="RR",A124="TO"),"Manaus/AM",IF(OR(A124="AL",A124="BA",A124="CE",A124="MA",A124="PB",A124="PE",A124="PI",A124="RN",A124="SE"),"Recife/PE",IF(OR(A124="MT",A124="MS",A124="GO",A124="DF"),"Campo Grande/MS",IF(OR(A124="SC",A124="PR",A124="RS",A124="MG",A124="ES",A124="SP",A124="RJ"),"Curitiba/PR","VERIFICAR UF")))) -> Manaus/AM | E124: =IFERROR(INDEX('ANEXO IV - Kits por Polo'!$F$2:$F$615,MATCH($M124&"|"&$K124&"|"&$A124&"|"&$J124,'ANEXO IV - Kits por Polo'!$I$2:$I$615,0)),0) -> 0 | F124: =IFERROR(INDEX('ANEXO IV - Kits por Polo'!$G$2:$G$615,MATCH($M124&"|"&$K124&"|"&$A124&"|"&$J124,'ANEXO IV - Kits por Polo'!$I$2:$I$615,0)),0) -> 0 | G124: JUTAÍ | H124: =IFERROR(INDEX('ANEXO IV - Kits por Polo'!$H$2:$H$615,MATCH($M124&"|"&$K124&"|"&$A124&"|"&$J124,'ANEXO IV - Kits por Polo'!$I$2:$I$615,0)),0) -> 0 | I124: =MAX(F124/1000,H124*0.3) -> 0 | J124: MÉDIO RIO SOLIMÕES E AFLUENTES | K124: SUBPOLO | L124: TIPO I | M124: BUGAIO (SANTA FÉ) | N124: SANTA FÉ | O124: - | P124: -2.908859328575918, -67.0556118262066 | Q124: -2.9088593 | R124: -67.055612 | S124: Terrestre + Fluvial | T124: COMUNIDADE INDÍGENA COPATANA, JUTAÍ - AM | U124: 69660000 | V124: https://www.google.com/maps/place/2%C2%B054'31.9%22S+67%C2%B003'20.2%22W/@-2.9088207,-67.0556877,65m/data=!3m1!1e3!4m4!3m3!8m2!3d-2.9088611!4d-67.0556111?entry=ttu&g_ep=EgoyMDI2MDkxNi4wIKXMDSoASAFQAw%3D%3D
A125: AM | B125: =IF(OR(A125="AC",A125="AM",A125="AP",A125="PA",A125="RO",A125="RR",A125="TO"),"Manaus/AM",IF(OR(A125="AL",A125="BA",A125="CE",A125="MA",A125="PB",A125="PE",A125="PI",A125="RN",A125="SE"),"Recife/PE",IF(OR(A125="MT",A125="MS",A125="GO",A125="DF"),"Campo Grande/MS",IF(OR(A125="SC",A125="PR",A125="RS",A125="MG",A125="ES",A125="SP",A125="RJ"),"Curitiba/PR","VERIFICAR UF")))) -> Manaus/AM | E125: =IFERROR(INDEX('ANEXO IV - Kits por Polo'!$F$2:$F$615,MATCH($M125&"|"&$K125&"|"&$A125&"|"&$J125,'ANEXO IV - Kits por Polo'!$I$2:$I$615,0)),0) -> 24 | F125: =IFERROR(INDEX('ANEXO IV - Kits por Polo'!$G$2:$G$615,MATCH($M125&"|"&$K125&"|"&$A125&"|"&$J125,'ANEXO IV - Kits por Polo'!$I$2:$I$615,0)),0) -> 238264 | G125: JAPURÁ | H125: =IFERROR(INDEX('ANEXO IV - Kits por Polo'!$H$2:$H$615,MATCH($M125&"|"&$K125&"|"&$A125&"|"&$J125,'ANEXO IV - Kits por Polo'!$I$2:$I$615,0)),0) -> 1341.6 | I125: =MAX(F125/1000,H125*0.3) -> 402.48 | J125: MÉDIO RIO SOLIMÕES E AFLUENTES | K125: POLO BASE | L125: TIPO I | M125: BUÁ-BUÁ | N125: BUÁ-BUÁ | O125: 7671660 | P125: -1.719826999702374, -66.88870793114111 | Q125: -1.719827 | R125: -66.888708 | S125: Terrestre + Fluvial | T125: ALDEIA BUÁ-BUÁ, S/N, ZONA RURAL, JAPURA - AM | U125: 69495000 | V125: https://www.google.com/maps/place/1%C2%B043'11.4%22S+66%C2%B053'19.4%22W/@-1.7199105,-66.888814,136m/data=!3m1!1e3!4m4!3m3!8m2!3d-1.719827!4d-66.8887079?entry=ttu&g_ep=EgoyMDI2MDgyNi4wIKXMDSoASAFQAw%3D%3D
... A136: AM | B136: =IF(OR(A136="AC",A136="AM",A136="AP",A136="PA",A136="RO",A136="RR",A136="TO"),"Manaus/AM",IF(OR(A136="AL",A136="BA",A136="CE",A136="MA",A136="PB",A136="PE",A136="PI",A136="RN",A136="SE"),"Recife/PE",IF(OR(A136="MT",A136="MS",A136="GO",A136="DF"),"Campo Grande/MS",IF(OR(A136="SC",A136="PR",A136="RS",A136="MG",A136="ES",A136="SP",A136="RJ"),"Curitiba/PR","VERIFICAR UF")))) -> Manaus/AM | E136: =IFERROR(INDEX('ANEXO IV - Kits por Polo'!$F$2:$F$615,MATCH($M136&"|"&$K136&"|"&$A136&"|"&$J136,'ANEXO IV - Kits por Polo'!$I$2:$I$615,0)),0) -> 35 | F136: =IFERROR(INDEX('ANEXO IV - Kits por Polo'!$G$2:$G$615,MATCH($M136&"|"&$K136&"|"&$A136&"|"&$J136,'ANEXO IV - Kits por Polo'!$I$2:$I$615,0)),0) -> 350437 | G136: FONTE BOA | H136: =IFERROR(INDEX('ANEXO IV - Kits por Polo'!$H$2:$H$615,MATCH($M136&"|"&$K136&"|"&$A136&"|"&$J136,'ANEXO IV - Kits por Polo'!$I$2:$I$615,0)),0) -> 1971.19 | I136: =MAX(F136/1000,H136*0.3) -> 591.357 | J136: MÉDIO RIO SOLIMÕES E AFLUENTES | K136: POLO BASE | L136: TIPO I | M136: MUCURA | N136: MUCURA | O136: 7669666 | P136: -2.520119103315302, -66.09255011980592 | Q136: -2.5201191 | R136: -66.09255 | S136: Terrestre + Fluvial | T136: RUA SAMUEL FLITZ, FONTE BOA - AM | U136: 69670000 | V136: https://www.google.com/maps/place/2%C2%B031'12.4%22S+66%C2%B005'33.2%22W/@-2.5201098,-66.0931993,259m/data=!3m2!1e3!4b1!4m4!3m3!8m2!3d-2.5201111!4d-66.0925556?entry=ttu&g_ep=EgoyMDI2MDkxNi4wIKXMDSoASAFQAw%3D%3D
A137: AM | B137: =IF(OR(A137="AC",A137="AM",A137="AP",A137="PA",A137="RO",A137="RR",A137="TO"),"Manaus/AM",IF(OR(A137="AL",A137="BA",A137="CE",A137="MA",A137="PB",A137="PE",A137="PI",A137="RN",A137="SE"),"Recife/PE",IF(OR(A137="MT",A137="MS",A137="GO",A137="DF"),"Campo Grande/MS",IF(OR(A137="SC",A137="PR",A137="RS",A137="MG",A137="ES",A137="SP",A137="RJ"),"Curitiba/PR","VERIFICAR UF")))) -> Manaus/AM | E137: =IFERROR(INDEX('ANEXO IV - Kits por Polo'!$F$2:$F$615,MATCH($M137&"|"&$K137&"|"&$A137&"|"&$J137,'ANEXO IV - Kits por Polo'!$I$2:$I$615,0)),0) -> 58 | F137: =IFERROR(INDEX('ANEXO IV - Kits por Polo'!$G$2:$G$615,MATCH($M137&"|"&$K137&"|"&$A137&"|"&$J137,'ANEXO IV - Kits por Polo'!$I$2:$I$615,0)),0) -> 516759 | G137: TEFÉ | H137: =IFERROR(INDEX('ANEXO IV - Kits por Polo'!$H$2:$H$615,MATCH($M137&"|"&$K137&"|"&$A137&"|"&$J137,'ANEXO IV - Kits por Polo'!$I$2:$I$615,0)),0) -> 2943.005 | I137: =MAX(F137/1000,H137*0.3) -> 882.9015 | J137: MÉDIO RIO SOLIMÕES E AFLUENTES | K137: DSEI | L137: SEDE | M137: TEFÉ | N137: DSEI MEDIO RIO SOLIMÕES E AFLUENTES | O137: 7098022 | P137: -3.3474587554419077, -64.70872195071658 | Q137: -3.3474588 | R137: -64.708722 | S137: Terrestre | T137: RUA MONTEIRO DE SOUZA, 287 - CENTRO | U137: 69470000 | V137: https://www.google.com/maps/place/3%C2%B020'50.9%22S+64%C2%B042'31.4%22W/@-3.3475205,-64.7089205,82m/data=!3m1!1e3!4m4!3m3!8m2!3d-3.3474588!4d-64.708722?entry=ttu&g_ep=EgoyMDI2MDgyNS4wIKXMDSoASAFQAw%3D%3D
A138: AM | B138: =IF(OR(A138="AC",A138="AM",A138="AP",A138="PA",A138="RO",A138="RR",A138="TO"),"Manaus/AM",IF(OR(A138="AL",A138="BA",A138="CE",A138="MA",A138="PB",A138="PE",A138="PI",A138="RN",A138="SE"),"Recife/PE",IF(OR(A138="MT",A138="MS",A138="GO",A138="DF"),"Campo Grande/MS",IF(OR(A138="SC",A138="PR",A138="RS",A138="MG",A138="ES",A138="SP",A138="RJ"),"Curitiba/PR","VERIFICAR UF")))) -> Manaus/AM | E138: =IFERROR(INDEX('ANEXO IV - Kits por Polo'!$F$2:$F$615,MATCH($M138&"|"&$K138&"|"&$A138&"|"&$J138,'ANEXO IV - Kits por Polo'!$I$2:$I$615,0)),0) -> 18 | F138: =IFERROR(INDEX('ANEXO IV - Kits por Polo'!$G$2:$G$615,MATCH($M138&"|"&$K138&"|"&$A138&"|"&$J138,'ANEXO IV - Kits por Polo'!$I$2:$I$615,0)),0) -> 125274 | G138: TEFÉ | H138: =IFERROR(INDEX('ANEXO IV - Kits por Polo'!$H$2:$H$615,MATCH($M138&"|"&$K138&"|"&$A138&"|"&$J138,'ANEXO IV - Kits por Polo'!$I$2:$I$615,0)),0) -> 741.78 | I138: =MAX(F138/1000,H138*0.3) -> 222.534 | J138: MÉDIO RIO SOLIMÕES E AFLUENTES | K138: CASAI | L138: CASAI | M138: TEFÉ | N138: CASA DE SAUDE DO INDIO TEFE | O138: 7287771 | P138: -3.3650269293111026, -64.71839672741572 | Q138: -3.3650269 | R138: -64.718397 | S138: Terrestre | T138: ESTR. DO AEROPORTO, 3975, TEFÉ - AM | U138: 69470000 | V138: https://www.google.com/maps/place/CASAI+TEF%C3%89/@-3.3650287,-64.7209782,17z/data=!3m1!4b1!4m6!3m5!1s0x921a2100004b0191:0xd39e77192c1b00bd!8m2!3d-3.3650341!4d-64.7184033!16s%2Fg%2F11w9y2lqp3?entry=ttu&g_ep=EgoyMDI2MDcxNC4wIKXMDSoASAFQAw%3D%3D
A139: AM | B139: =IF(OR(A139="AC",A139="AM",A139="AP",A139="PA",A139="RO",A139="RR",A139="TO"),"Manaus/AM",IF(OR(A139="AL",A139="BA",A139="CE",A139="MA",A139="PB",A139="PE",A139="PI",A139="RN",A139="SE"),"Recife/PE",IF(OR(A139="MT",A139="MS",A139="GO",A139="DF"),"Campo Grande/MS",IF(OR(A139="SC",A139="PR",A139="RS",A139="MG",A139="ES",A139="SP",A139="RJ"),"Curitiba/PR","VERIFICAR UF")))) -> Manaus/AM | E139: =IFERROR(INDEX('ANEXO IV - Kits por Polo'!$F$2:$F$615,MATCH($M139&"|"&$K139&"|"&$A139&"|"&$J139,'ANEXO IV - Kits por Polo'!$I$2:$I$615,0)),0) -> 19 | F139: =IFERROR(INDEX('ANEXO IV - Kits por Polo'!$G$2:$G$615,MATCH($M139&"|"&$K139&"|"&$A139&"|"&$J139,'ANEXO IV - Kits por Polo'!$I$2:$I$615,0)),0) -> 185658 | G139: UARINI | H139: =IFERROR(INDEX('ANEXO IV - Kits por Polo'!$H$2:$H$615,MATCH($M139&"|"&$K139&"|"&$A139&"|"&$J139,'ANEXO IV - Kits por Polo'!$I$2:$I$615,0)),0) -> 1047.41 | I139: =MAX(F139/1000,H139*0.3) -> 314.223 | J139: MÉDIO RIO SOLIMÕES E AFLUENTES | K139: POLO BASE | L139: TIPO I | M139: UARINI | N139: PORTO PRAIA | O139: 7356188 | P139: -2.896090238754999, -65.15552614622425 | Q139: -2.8960902 | R139: -65.155526 | S139: Terrestre + Fluvial | T139: COMUNIDADE PORTO PRAIA, ZONA RURAL, UARINI - AM | U139: 69530000 | V139: https://www.google.com/maps/place/2%C2%B053'45.9%22S+65%C2%B009'19.9%22W/@-2.8959508,-65.1555426,217m/data=!3m1!1e3!4m4!3m3!8m2!3d-2.8960902!4d-65.1555261?entry=ttu&g_ep=EgoyMDI2MDgyNS4wIKXMDSoASAFQAw%3D%3D
A140: AM | B140: =IF(OR(A140="AC",A140="AM",A140="AP",A140="PA",A140="RO",A140="RR",A140="TO"),"Manaus/AM",IF(OR(A140="AL",A140="BA",A140="CE",A140="MA",A140="PB",A140="PE",A140="PI",A140="RN",A140="SE"),"Recife/PE",IF(OR(A140="MT",A140="MS",A140="GO",A140="DF"),"Campo Grande/MS",IF(OR(A140="SC",A140="PR",A140="RS",A140="MG",A140="ES",A140="SP",A140="RJ"),"Curitiba/PR","VERIFICAR UF")))) -> Manaus/AM | E140: =IFERROR(INDEX('ANEXO IV - Kits por Polo'!$F$2:$F$615,MATCH($M140&"|"&$K140&"|"&$A140&"|"&$J140,'ANEXO IV - Kits por Polo'!$I$2:$I$615,0)),0) -> 22 | F140: =IFERROR(INDEX('ANEXO IV - Kits por Polo'!$G$2:$G$615,MATCH($M140&"|"&$K140&"|"&$A140&"|"&$J140,'ANEXO IV - Kits por Polo'!$I$2:$I$615,0)),0) -> 248089 | G140: BARREIRINHA | H140: =IFERROR(INDEX('ANEXO IV - Kits por Polo'!$H$2:$H$615,MATCH($M140&"|"&$K140&"|"&$A140&"|"&$J140,'ANEXO IV - Kits por Polo'!$I$2:$I$615,0)),0) -> 1376.7 | I140: =MAX(F140/1000,H140*0.3) -> 413.01 | J140: PARINTINS | K140: POLO BASE | L140: TIPO I | M140: ARATICUM | N140: ARATICUM | O140: 7406150 | P140: -3.303611111111111, -57.05116666666667 | Q140: -3.3036111 | R140: -57.051167 | S140: Fluvial | T140: ARIAÚ, BARREIRINHA - AM | U140: 69160000 | V140: https://www.google.com/maps?q=-3.303611111111111,-57.05116666666667
A141: AM | B141: =IF(OR(A141="AC",A141="AM",A141="AP",A141="PA",A141="RO",A141="RR",A141="TO"),"Manaus/AM",IF(OR(A141="AL",A141="BA",A141="CE",A141="MA",A141="PB",A141="PE",A141="PI",A141="RN",A141="SE"),"Recife/PE",IF(OR(A141="MT",A141="MS",A141="GO",A141="DF"),"Campo Grande/MS",IF(OR(A141="SC",A141="PR",A141="RS",A141="MG",A141="ES",A141="SP",A141="RJ"),"Curitiba/PR","VERIFICAR UF")))) -> Manaus/AM | E141: =IFERROR(INDEX('ANEXO IV - Kits por Polo'!$F$2:$F$615,MATCH($M141&"|"&$K141&"|"&$A141&"|"&$J141,'ANEXO IV - Kits por Polo'!$I$2:$I$615,0)),0) -> 14 | F141: =IFERROR(INDEX('ANEXO IV - Kits por Polo'!$G$2:$G$615,MATCH($M141&"|"&$K141&"|"&$A141&"|"&$J141,'ANEXO IV - Kits por Polo'!$I$2:$I$615,0)),0) -> 97436 | G141: MAUÉS | H141: =IFERROR(INDEX('ANEXO IV - Kits por Polo'!$H$2:$H$615,MATCH($M141&"|"&$K141&"|"&$A141&"|"&$J141,'ANEXO IV - Kits por Polo'!$I$2:$I$615,0)),0) -> 576.94 | I141: =MAX(F141/1000,H141*0.3) -> 173.082 | J141: PARINTINS | K141: CASAI | L141: CASAI | M141: CASAI MAUÉS | N141: CASAI MAUES | O141: 7393830 | P141: -3.3976482347274217, -57.70313731250396 | Q141: -3.3976482 | R141: -57.703137 | S141: Terrestre | T141: Estrada do Moraes, 2191, santa luzia- AM | U141: 69190090 | V141: https://maps.app.goo.gl/uAEryLnSbktSaNadA
A142: AM | B142: =IF(OR(A142="AC",A142="AM",A142="AP",A142="PA",A142="RO",A142="RR",A142="TO"),"Manaus/AM",IF(OR(A142="AL",A142="BA",A142="CE",A142="MA",A142="PB",A142="PE",A142="PI",A142="RN",A142="SE"),"Recife/PE",IF(OR(A142="MT",A142="MS",A142="GO",A142="DF"),"Campo Grande/MS",IF(OR(A142="SC",A142="PR",A142="RS",A142="MG",A142="ES",A142="SP",A142="RJ"),"Curitiba/PR","VERIFICAR UF")))) -> Manaus/AM | E142: =IFERROR(INDEX('ANEXO IV - Kits por Polo'!$F$2:$F$615,MATCH($M142&"|"&$K142&"|"&$A142&"|"&$J142,'ANEXO IV - Kits por Polo'!$I$2:$I$615,0)),0) -> 8 | F142: =IFERROR(INDEX('ANEXO IV - Kits por Polo'!$G$2:$G$615,MATCH($M142&"|"&$K142&"|"&$A142&"|"&$J142,'ANEXO IV - Kits por Polo'!$I$2:$I$615,0)),0) -> 79421 | G142: NHAMUNDÁ | H142: =IFERROR(INDEX('ANEXO IV - Kits por Polo'!$H$2:$H$615,MATCH($M142&"|"&$K142&"|"&$A142&"|"&$J142,'ANEXO IV - Kits por Polo'!$I$2:$I$615,0)),0) -> 447.2 | I142: =MAX(F142/1000,H142*0.3) -> 134.16 | J142: PARINTINS | K142: POLO BASE | L142: TIPO I | M142: KASSAWA | N142: KASSAWÁ | O142: 7360320 | P142: -1.1026238888888888, -58.03487611111111 | Q142: -1.1026239 | R142: -58.034876 | S142: Aéreo - Helicóptero | T142: ZONA RURAL NHAMUNDÁ - AM | U142: 69140000 | V142: https://www.google.com/maps?q=-1.1026238888888888,-58.03487611111111
A143: AM | B143: =IF(OR(A143="AC",A143="AM",A143="AP",A143="PA",A143="RO",A143="RR",A143="TO"),"Manaus/AM",IF(OR(A143="AL",A143="BA",A143="CE",A143="MA",A143="PB",A143="PE",A143="PI",A143="RN",A143="SE"),"Recife/PE",IF(OR(A143="MT",A143="MS",A143="GO",A143="DF"),"Campo Grande/MS",IF(OR(A143="SC",A143="PR",A143="RS",A143="MG",A143="ES",A143="SP",A143="RJ"),"Curitiba/PR","VERIFICAR UF")))) -> Manaus/AM | E143: =IFERROR(INDEX('ANEXO IV - Kits por Polo'!$F$2:$F$615,MATCH($M143&"|"&$K143&"|"&$A143&"|"&$J143,'ANEXO IV - Kits por Polo'!$I$2:$I$615,0)),0) -> 9 | F143: =IFERROR(INDEX('ANEXO IV - Kits por Polo'!$G$2:$G$615,MATCH($M143&"|"&$K143&"|"&$A143&"|"&$J143,'ANEXO IV - Kits por Polo'!$I$2:$I$615,0)),0) -> 62637 | G143: NHAMUNDÁ | H143: =IFERROR(INDEX('ANEXO IV - Kits por Polo'!$H$2:$H$615,MATCH($M143&"|"&$K143&"|"&$A143&"|"&$J143,'ANEXO IV - Kits por Polo'!$I$2:$I$615,0)),0) -> 370.89 | I143: =MAX(F143/1000,H143*0.3) -> 111.267 | J143: PARINTINS | K143: CASAI | L143: CASAI | M143: NHAMUNDÁ | N143: CASAI CASA DE APOIO A SAUDE INDIGENA | O143: 7360290 | P143: -2.1910656885835023, -56.71401345276658 | Q143: -2.1910657 | R143: -56.714013 | S143: Terrestre | T143: RUA PARINTINS BAIRRO CENTRO NHAMUNDA -AM | U143: 69140055 | V143: https://maps.app.goo.gl/XQfyFxMyG2AZy1iZ8
A144: AM | B144: =IF(OR(A144="AC",A144="AM",A144="AP",A144="PA",A144="RO",A144="RR",A144="TO"),"Manaus/AM",IF(OR(A144="AL",A144="BA",A144="CE",A144="MA",A144="PB",A144="PE",A144="PI",A144="RN",A144="SE"),"Recife/PE",IF(OR(A144="MT",A144="MS",A144="GO",A144="DF"),"Campo Grande/MS",IF(OR(A144="SC",A144="PR",A144="RS",A144="MG",A144="ES",A144="SP",A144="RJ"),"Curitiba/PR","VERIFICAR UF")))) -> Manaus/AM | E144: =IFERROR(INDEX('ANEXO IV - Kits por Polo'!$F$2:$F$615,MATCH($M144&"|"&$K144&"|"&$A144&"|"&$J144,'ANEXO IV - Kits por Polo'!$I$2:$I$615,0)),0) -> 26 | F144: =IFERROR(INDEX('ANEXO IV - Kits por Polo'!$G$2:$G$615,MATCH($M144&"|"&$K144&"|"&$A144&"|"&$J144,'ANEXO IV - Kits por Polo'!$I$2:$I$615,0)),0) -> 317480 | G144: MAUÉS | H144: =IFERROR(INDEX('ANEXO IV - Kits por Polo'!$H$2:$H$615,MATCH($M144&"|"&$K144&"|"&$A144&"|"&$J144,'ANEXO IV - Kits por Polo'!$I$2:$I$615,0)),0) -> 1747.2 | I144: =MAX(F144/1000,H144*0.3) -> 524.16 | J144: PARINTINS | K144: POLO BASE | L144: TIPO I | M144: NOVA ALDEIA | N144: NOVA ALDEIA | O144: 7651511 | P144: -3.696555555555556, -57.09397222222223 | Q144: -3.6965556 | R144: -57.093972 | S144: Fluvial | T144: ZONA RURAL, MAUÉS - AM | U144: 69190000 | V144: https://www.google.com/maps?q=-3.696555555555556,-57.09397222222223
A145: AM | B145: =IF(OR(A145="AC",A145="AM",A145="AP",A145="PA",A145="RO",A145="RR",A145="TO"),"Manaus/AM",IF(OR(A145="AL",A145="BA",A145="CE",A145="MA",A145="PB",A145="PE",A145="PI",A145="RN",A145="SE"),"Recife/PE",IF(OR(A145="MT",A145="MS",A145="GO",A145="DF"),"Campo Grande/MS",IF(OR(A145="SC",A145="PR",A145="RS",A145="MG",A145="ES",A145="SP",A145="RJ"),"Curitiba/PR","VERIFICAR UF")))) -> Manaus/AM | E145: =IFERROR(INDEX('ANEXO IV - Kits por Polo'!$F$2:$F$615,MATCH($M145&"|"&$K145&"|"&$A145&"|"&$J145,'ANEXO IV - Kits por Polo'!$I$2:$I$615,0)),0) -> 21 | F145: =IFERROR(INDEX('ANEXO IV - Kits por Polo'!$G$2:$G$615,MATCH($M145&"|"&$K145&"|"&$A145&"|"&$J145,'ANEXO IV - Kits por Polo'!$I$2:$I$615,0)),0) -> 235193 | G145: PARINTINS | H145: =IFERROR(INDEX('ANEXO IV - Kits por Polo'!$H$2:$H$615,MATCH($M145&"|"&$K145&"|"&$A145&"|"&$J145,'ANEXO IV - Kits por Polo'!$I$2:$I$615,0)),0) -> 1306.11 | I145: =MAX(F145/1000,H145*0.3) -> 391.833 | J145: PARINTINS | K145: POLO BASE | L145: TIPO I | M145: NOVA ALEGRIA | N145: SÃO FRANCISCO | O145: 7389663 | P145: -3.1507972222222222, -56.86401111111111 | Q145: -3.1507972 | R145: -56.864011 | S145: Fluvial | T145: ALDEIA NOVA ALEGRIA, PARINTINS, AM | U145: 69150000 | V145: https://www.google.com/maps?q=-3.1507972222222222,-56.86401111111111
A146: AM | B146: =IF(OR(A146="AC",A146="AM",A146="AP",A146="PA",A146="RO",A146="RR",A146="TO"),"Manaus/AM",IF(OR(A146="AL",A146="BA",A146="CE",A146="MA",A146="PB",A146="PE",A146="PI",A146="RN",A146="SE"),"Recife/PE",IF(OR(A146="MT",A146="MS",A146="GO",A146="DF"),"Campo Grande/MS",IF(OR(A146="SC",A146="PR",A146="RS",A146="MG",A146="ES",A146="SP",A146="RJ"),"Curitiba/PR","VERIFICAR UF")))) -> Manaus/AM | E146: =IFERROR(INDEX('ANEXO IV - Kits por Polo'!$F$2:$F$615,MATCH($M146&"|"&$K146&"|"&$A146&"|"&$J146,'ANEXO IV - Kits por Polo'!$I$2:$I$615,0)),0) -> 30 | F146: =IFERROR(INDEX('ANEXO IV - Kits por Polo'!$G$2:$G$615,MATCH($M146&"|"&$K146&"|"&$A146&"|"&$J146,'ANEXO IV - Kits por Polo'!$I$2:$I$615,0)),0) -> 351254 | G146: MAUÉS | H146: =IFERROR(INDEX('ANEXO IV - Kits por Polo'!$H$2:$H$615,MATCH($M146&"|"&$K146&"|"&$A146&"|"&$J146,'ANEXO IV - Kits por Polo'!$I$2:$I$615,0)),0) -> 1941.42 | I146: =MAX(F146/1000,H146*0.3) -> 582.426 | J146: PARINTINS | K146: POLO BASE | L146: TIPO I | M146: NOVA ESPERANÇA | N146: NOVA ESPERANÇA | O146: 7651708 | P146: -3.7493055555555554, -57.23562777777778 | Q146: -3.7493056 | R146: -57.235628 | S146: Fluvial | T146: ALDEIA NOVA ESPERANÇA, MAUÉS - AM | U146: 69190000 | V146: https://www.google.com/maps?q=-3.7493055555555554,-57.23562777777778
A147: AM | B147: =IF(OR(A147="AC",A147="AM",A147="AP",A147="PA",A147="RO",A147="RR",A147="TO"),"Manaus/AM",IF(OR(A147="AL",A147="BA",A147="CE",A147="MA",A147="PB",A147="PE",A147="PI",A147="RN",A147="SE"),"Recife/PE",IF(OR(A147="MT",A147="MS",A147="GO",A147="DF"),"Campo Grande/MS",IF(OR(A147="SC",A147="PR",A147="RS",A147="MG",A147="ES",A147="SP",A147="RJ"),"Curitiba/PR","VERIFICAR UF")))) -> Manaus/AM | E147: =IFERROR(INDEX('ANEXO IV - Kits por Polo'!$F$2:$F$615,MATCH($M147&"|"&$K147&"|"&$A147&"|"&$J147,'ANEXO IV - Kits por Polo'!$I$2:$I$615,0)),0) -> 76 | F147: =IFERROR(INDEX('ANEXO IV - Kits por Polo'!$G$2:$G$615,MATCH($M147&"|"&$K147&"|"&$A147&"|"&$J147,'ANEXO IV - Kits por Polo'!$I$2:$I$615,0)),0) -> 589539 | G147: PARINTINS | H147: =IFERROR(INDEX('ANEXO IV - Kits por Polo'!$H$2:$H$615,MATCH($M147&"|"&$K147&"|"&$A147&"|"&$J147,'ANEXO IV - Kits por Polo'!$I$2:$I$615,0)),0) -> 3430.96 | I147: =MAX(F147/1000,H147*0.3) -> 1029.288 | J147: PARINTINS | K147: DSEI | L147: SEDE | M147: PARINTINS | N147: DSEI PARINTINS | O147: 6957595 | P147: -2.6250638775623347, -56.735590728835724 | Q147: -2.6250639 | R147: -56.735591 | S147: Terrestre | T147: RUA SILVA CAMPOS, 1433, CENTRO | U147: 69151293 | V147: https://maps.app.goo.gl/jKUAawZiXLsZtBC38
A148: AM | B148: =IF(OR(A148="AC",A148="AM",A148="AP",A148="PA",A148="RO",A148="RR",A148="TO"),"Manaus/AM",IF(OR(A148="AL",A148="BA",A148="CE",A148="MA",A148="PB",A148="PE",A148="PI",A148="RN",A148="SE"),"Recife/PE",IF(OR(A148="MT",A148="MS",A148="GO",A148="DF"),"Campo Grande/MS",IF(OR(A148="SC",A148="PR",A148="RS",A148="MG",A148="ES",A148="SP",A148="RJ"),"Curitiba/PR","VERIFICAR UF")))) -> Manaus/AM | E148: =IFERROR(INDEX('ANEXO IV - Kits por Polo'!$F$2:$F$615,MATCH($M148&"|"&$K148&"|"&$A148&"|"&$J148,'ANEXO IV - Kits por Polo'!$I$2:$I$615,0)),0) -> 18 | F148: =IFERROR(INDEX('ANEXO IV - Kits por Polo'!$G$2:$G$615,MATCH($M148&"|"&$K148&"|"&$A148&"|"&$J148,'ANEXO IV - Kits por Polo'!$I$2:$I$615,0)),0) -> 125275 | G148: PARINTINS | H148: =IFERROR(INDEX('ANEXO IV - Kits por Polo'!$H$2:$H$615,MATCH($M148&"|"&$K148&"|"&$A148&"|"&$J148,'ANEXO IV - Kits por Polo'!$I$2:$I$615,0)),0) -> 741.78 | I148: =MAX(F148/1000,H148*0.3) -> 222.534 | J148: PARINTINS | K148: CASAI | L148: CASAI | M148: PARINTINS | N148: CASA DE SAUDE INDIGENA CASAI | O148: 7389671 | P148: -2.6374258796879895, -56.72775810859091 | Q148: -2.6374259 | R148: -56.727758 | S148: Terrestre | T148: ET da Olaria, 1960, Palmares-AM | U148: 69153180 | V148: https://maps.app.goo.gl/VSykfycLfawmaPK16
A149: AM | B149: =IF(OR(A149="AC",A149="AM",A149="AP",A149="PA",A149="RO",A149="RR",A149="TO"),"Manaus/AM",IF(OR(A149="AL",A149="BA",A149="CE",A149="MA",A149="PB",A149="PE",A149="PI",A149="RN",A149="SE"),"Recife/PE",IF(OR(A149="MT",A149="MS",A149="GO",A149="DF"),"Campo Grande/MS",IF(OR(A149="SC",A149="PR",A149="RS",A149="MG",A149="ES",A149="SP",A149="RJ"),"Curitiba/PR","VERIFICAR UF")))) -> Manaus/AM | E149: =IFERROR(INDEX('ANEXO IV - Kits por Polo'!$F$2:$F$615,MATCH($M149&"|"&$K149&"|"&$A149&"|"&$J149,'ANEXO IV - Kits por Polo'!$I$2:$I$615,0)),0) -> 29 | F149: =IFERROR(INDEX('ANEXO IV - Kits por Polo'!$G$2:$G$615,MATCH($M149&"|"&$K149&"|"&$A149&"|"&$J149,'ANEXO IV - Kits por Polo'!$I$2:$I$615,0)),0) -> 320551 | G149: BARREIRINHA | H149: =IFERROR(INDEX('ANEXO IV - Kits por Polo'!$H$2:$H$615,MATCH($M149&"|"&$K149&"|"&$A149&"|"&$J149,'ANEXO IV - Kits por Polo'!$I$2:$I$615,0)),0) -> 1782.69 | I149: =MAX(F149/1000,H149*0.3) -> 534.807 | J149: PARINTINS | K149: POLO BASE | L149: TIPO I | M149: PONTA ALEGRE | N149: PONTA ALEGRE | O149: 7575084 | P149: -3.283663312258964, -57.07013905843508 | Q149: -3.2836633 | R149: -57.070139 | S149: Fluvial | T149: ARIAÚ, BARREIRINHA - AM | U149: 69160000 | V149: https://www.google.com/maps/place/3%C2%B017'01.2%22S+57%C2%B004'12.5%22W/@-3.2836654,-57.0708648,678m/data=!3m2!1e3!4b1!4m4!3m3!8m2!3d-3.2836654!4d-57.070137?entry=ttu&g_ep=EgoyMDI2MDkwNi4wIKXMDSoASAFQAw%3D%3D
...

Sheet Glossário
A1: GLOSSÁRIO E CRITÉRIOS DE CÁLCULO DO ANEXO V
A2: Os quantitativos e valores apresentados na planilha são estimativas para planejamento, orçamento e comparação das propostas. O pagamento observará os serviços efetivamente autorizados, executados, comprovados e atestados, conforme o Termo de Referência.
A3: 1. Termos utilizados
A4: Termo | C4: Definição
A5: Ciclo de distribuição | C5: Período de referência de 6 meses utilizado para estimar os quantitativos dos serviços. A vigência inicial de 24 meses contempla quatro ciclos.
A6: Centro de Distribuição — CD | C6: Instalação utilizada para receber, armazenar, separar, montar kits e expedir materiais.
A7: Remessa | C7: Conjunto de volumes destinado ao mesmo ponto de entrega e identificado em uma mesma ordem, contado uma única vez, inclusive quando houver expedições parciais.
A8: Volume externo | C8: Espaço ocupado pela carga após o acondicionamento para transporte, incluindo embalagens e paletes utilizados.
A9: Peso bruto real | C9: Massa dos materiais, incluindo as embalagens e os paletes efetivamente transportados, expressa em quilogramas.
A10: Peso cubado | C10: Peso equivalente calculado a partir do volume externo da carga e do fator de cubagem aplicável.
A11: Peso taxado | C11: Maior valor entre o peso bruto real e o peso cubado da remessa. Constitui a quantidade de quilogramas considerada para cobrança nos serviços que adotam esse critério. Os dois pesos não são somados.
A12: Fator de cubagem rodoviário | C12: Relação de 300 kg por metro cúbico utilizada para converter volume externo em peso cubado.
A13: Posição-palete | C13: Espaço de armazenagem com base equivalente ao palete PBR de 1,00 m × 1,20 m, observadas a altura máxima, a capacidade de peso e as restrições de empilhamento.
A14: Posição-palete × dia | C14: Unidade que considera uma posição-palete efetivamente ocupada durante um dia.
A15: Rota regular | C15: Classificação utilizada na planilha para os destinos atendidos pelo serviço rodoviário regular, remunerado por quilograma de peso taxado, conforme o enquadramento do TR.
... A20: Margem de segurança | C20: Quantidade adicional estimada para contemplar demandas eventuais. Não constitui taxa, pagamento automático ou consumo mínimo garantido.
A22: 2. Conversões e cálculos básicos
A23: Cálculo | C23: Fórmula
A24: Gramas para quilogramas | C24: Peso em kg = peso em g ÷ 1.000
A25: Litros para metros cúbicos | C25: Volume em m³ = volume em L ÷ 1.000
A26: Peso cubado rodoviário | C26: Volume externo em m³ × 300; equivalente a volume em L × 0,3
A27: Peso cubado aéreo, quando aplicável | C27: Volume externo em m³ ÷ 0,006
A28: Posições-palete estimadas (item 1) | C28: Volume de um ciclo (1.017.960 L) ÷ (1,00 m × 1,20 m × altura máxima informada pela proponente × 1.000), arredondado para cima. O preço estimado por ciclo corresponde a essa quantidade × preço por posição-palete/dia × 180 dias.
A29: Peso taxado | C29: Maior valor entre peso bruto real e peso cubado, apurado por remessa
A30: Quantidade por UF para entrega rodoviária | C30: Soma dos pesos taxados estimados das remessas dos destinos enquadrados como rota regular naquela UF
A31: Preço estimado por ciclo | C31: Quantidade estimada por ciclo × preço unitário
A32: Preço estimado para 24 meses | C32: Preço estimado por ciclo × 4, considerada a mesma demanda nos quatro ciclos
A33: Valor global estimado | C33: Soma dos valores estimados de todos os serviços para os 24 meses
A35: 3. Cálculo por serviço
A36: Item | B36: Serviço | C36: Cálculo do valor estimado por ciclo
A37: 1 | B37: Armazenagem | C37: Soma das posições-palete estimadas como ocupadas em cada dia do ciclo × preço por posição-palete/dia.
A38: 2 | B38: Recebimento e endereçamento | C38: Quantidade de unidades físicas de materiais previstas para recebimento × preço por unidade.
A39: 3 | B39: Separação e expedição | C39: Quantidade de remessas previstas × preço por remessa. A quantidade de remessas não corresponde necessariamente à quantidade de kits.
A40: 4 | B40: Montagem de kits | C40: Quantidade de kits completos previstos × preço por kit.
A41: 5 | B41: Transferência entre CDs | C41: Quantidade de kg taxados estimada para cada rota × preço/kg da respectiva rota; os resultados são somados.
A42: 6 | B42: Distribuição rodoviária | C42: Soma dos kg taxados estimados por UF × preço/kg contratado para o percurso correspondente.
A43: 7 | B43: Entrega em destino de acesso especial | C43: Soma dos preços propostos por entrega na rota de cada destino classificado como rota especial. O preço inclui todo o percurso desde o CD, independentemente dos modais empregados.
A44: 8 | B44: Logística reversa | C44: Quantidade estimada de kg faturáveis × preço/kg. Considera-se o peso taxado rodoviário nos destinos de acesso terrestre e o peso bruto real nos demais, conforme o tipo de acesso do Anexo III.
A45: 9 | B45: Coleta | C45: Quantidade estimada de visitas de coleta a endereços × preço por visita, independentemente da quantidade de volumes coletados.
A46: 10 | B46: Remessa porta-a-porta rodoviária | C46: Soma das distâncias rodoviárias estimadas entre as origens e os destinos das remessas × preço por quilômetro.
A47: 11 | B47: Remessa porta-a-porta aérea, fluvial ou combinada | C47: Soma dos volumes externos estimados das remessas, em m³ × preço por metro cúbico.
A49: 4. Margens de segurança de 5%
A50: Para transferências entre CDs, a estimativa semestral corresponde a 5% da soma dos pesos taxados rodoviários estimados por localização. Essa quantidade é dividida igualmente entre as seis rotas previstas na planilha:
A51: Quantidade por rota = peso taxado rodoviário total do ciclo × 5% ÷ 6.
A52: Para logística reversa, a estimativa semestral corresponde a 5% da soma dos pesos faturáveis por localização, considerando peso taxado rodoviário nos destinos de acesso terrestre regular e peso bruto real nos destinos de acesso especial:
A53: Quantidade de logística reversa = (peso taxado rodoviário dos destinos de acesso terrestre + peso bruto real dos demais destinos, conforme o tipo de acesso do Anexo III) × 5%.
A54: Esses percentuais são premissas de planejamento para demandas eventuais de redistribuição e retorno de materiais. A remuneração será calculada sobre as quantidades efetivamente executadas, sem aplicação automática de 5% sobre o valor financeiro do contrato.
A56: 5. Observações de aplicação
A57: Os cálculos deverão utilizar unidades compatíveis: pesos em kg, volumes em m³ e distâncias em km. Os cálculos intermediários preservarão as casas decimais, observando-se o arredondamento final previsto no TR.
A58: A estimativa de armazenagem baseada na ocupação de todo o estoque durante 180 dias representa um cenário de ocupação constante. A medição contratual considerará a ocupação diária efetiva e os dias corridos de cada mês.
A59: Os preços unitários incluem os custos previstos no TR. É vedada a cobrança duplicada de atividades ou percursos já remunerados, inclusive de trechos integrantes da entrega em destino de acesso especial.

Sheet ANEXO IV - Kits por Polo
A1: REGIAO | B1: UF | C1: DSEI | D1: TIPO | E1: LOCAL DE ENTREGA | F1: QUANTIDADE DE KITS | G1: PESO TOTAL (kg) | H1: VOL. TOTAL (L) | I1: CHAVE (local|tipo|UF|DSEI)
A2: NORTE | B2: AC | C2: ALTO RIO JURUÁ | D2: POLO BASE | E2: CRUZEIRO DO SUL | F2: 37 | G2: 388100 | H2: 2171.13 | I2: =E2&"|"&D2&"|"&B2&"|"&C2 -> CRUZEIRO DO SUL|POLO BASE|AC|ALTO RIO JURUÁ
A3: NORTE | B3: AC | C3: ALTO RIO JURUÁ | D3: DSEI | E3: CRUZEIRO DO SUL | F3: 58 | G3: 528833 | H3: 3010.8 | I3: =E3&"|"&D3&"|"&B3&"|"&C3 -> CRUZEIRO DO SUL|DSEI|AC|ALTO RIO JURUÁ
A4: NORTE | B4: AC | C4: ALTO RIO JURUÁ | D4: POLO BASE | E4: FEIJÓ | F4: 87 | G4: 961652 | H4: 5348.07 | I4: =E4&"|"&D4&"|"&B4&"|"&C4 -> FEIJÓ|POLO BASE|AC|ALTO RIO JURUÁ
A5: NORTE | B5: AC | C5: ALTO RIO JURUÁ | D5: POLO BASE | E5: JORDÃO | F5: 42 | G5: 458515 | H5: 2553.46 | I5: =E5&"|"&D5&"|"&B5&"|"&C5 -> JORDÃO|POLO BASE|AC|ALTO RIO JURUÁ
A6: NORTE | B6: AC | C6: ALTO RIO JURUÁ | D6: POLO BASE | E6: MARECHAL THAUMATURGO | F6: 48 | G6: 535889 | H6: 2977 | I6: =E6&"|"&D6&"|"&B6&"|"&C6 -> MARECHAL THAUMATURGO|POLO BASE|AC|ALTO RIO JURUÁ
A7: NORTE | B7: AC | C7: ALTO RIO JURUÁ | D7: CASAI | E7: MÂNCIO LIMA | F7: 46 | G7: 432929 | H7: 2453.88 | I7: =E7&"|"&D7&"|"&B7&"|"&C7 -> MÂNCIO LIMA|CASAI|AC|ALTO RIO JURUÁ
A8: NORTE | B8: AC | C8: ALTO RIO JURUÁ | D8: POLO BASE | E8: MÂNCIO LIMA | F8: 13 | G8: 120156 | H8: 682.63 | I8: =E8&"|"&D8&"|"&B8&"|"&C8 -> MÂNCIO LIMA|POLO BASE|AC|ALTO RIO JURUÁ
A9: NORTE | B9: AC | C9: ALTO RIO JURUÁ | D9: POLO BASE | E9: PORTO WALTER | F9: 12 | G9: 119132 | H9: 670.8 | I9: =E9&"|"&D9&"|"&B9&"|"&C9 -> PORTO WALTER|POLO BASE|AC|ALTO RIO JURUÁ
A10: NORTE | B10: AC | C10: ALTO RIO JURUÁ | D10: POLO BASE | E10: TARAUACÁ | F10: 71 | G10: 802809 | H10: 4453.67 | I10: =E10&"|"&D10&"|"&B10&"|"&C10 -> TARAUACÁ|POLO BASE|AC|ALTO RIO JURUÁ
A11: NORTE | B11: AC | C11: ALTO RIO PURUS | D11: POLO BASE | E11: ASSIS BRASIL | F11: 54 | G11: 619199 | H11: 3429.92 | I11: =E11&"|"&D11&"|"&B11&"|"&C11 -> ASSIS BRASIL|POLO BASE|AC|ALTO RIO PURUS
A12: NORTE | B12: AC | C12: ALTO RIO PURUS | D12: POLO BASE | E12: MANOEL URBANO | F12: 24 | G12: 244200 | H12: 1370.98 | I12: =E12&"|"&D12&"|"&B12&"|"&C12 -> MANOEL URBANO|POLO BASE|AC|ALTO RIO PURUS
A13: NORTE | B13: AC | C13: ALTO RIO PURUS | D13: CASAI | E13: RIO BRANCO | F13: 25 | G13: 179928 | H13: 1059.63 | I13: =E13&"|"&D13&"|"&B13&"|"&C13 -> RIO BRANCO|CASAI|AC|ALTO RIO PURUS
... A557: SUL | B557: SC | C557: INTERIOR SUL | D557: POLO BASE | E557: JOSÉ BOITEUX | F557: 45 | G557: 414097 | H557: 2353.91 | I557: =E557&"|"&D557&"|"&B557&"|"&C557 -> JOSÉ BOITEUX|POLO BASE|SC|INTERIOR SUL
